Workbook

Sheet TOTAL
A1: ITEM | B1: ACTIVIDAD | C1: UN | D1: CANTIDAD | E1: VR. UNITARIO | F1: VR. TOTAL
A2: 1 | B2: PRELIMINARES
A3: 1.01 | B3: DEMOLICION DE ENCHAPE DE PISOS Y PAREDES | C3: m² | D3: ='MATERIALES COMPUEST'!D5+'TALLER ELECTRICOS '!D3+'SERVOS Y PINTURAS '!D3+'LAB INSPECC'!D3+'DEPOT T 53'!D3+MISCELANEOS!D3+'ECONOMATO '!D3+'MALLA PERIMETRAL '!D3+'BOG MPT6 '!D3+'ESCAM '!D3+'SANIDAD '!D3+VIVIENDAS!D3 -> 853.91 | E3: 43704.15 | F3: =D3*E3 -> 37319411
A4: 1.02 | B4: DEMOLICIÓN POYOS DUCHAS | C4: ml | D4: ='MATERIALES COMPUEST'!D6+'TALLER ELECTRICOS '!D4+'SERVOS Y PINTURAS '!D4+'LAB INSPECC'!D4+'DEPOT T 53'!D4+MISCELANEOS!D4+'ECONOMATO '!D4+'MALLA PERIMETRAL '!D4+'BOG MPT6 '!D4+'ESCAM '!D4+'SANIDAD '!D4+VIVIENDAS!D4 -> 4.6 | E4: 12300.17 | F4: =D4*E4 -> 56580.782
A5: 1.03 | B5: DESMONTE PUERTAS Y VENTANAS | C5: m² | D5: ='MATERIALES COMPUEST'!D7+'TALLER ELECTRICOS '!D5+'SERVOS Y PINTURAS '!D5+'LAB INSPECC'!D5+'DEPOT T 53'!D5+MISCELANEOS!D5+'ECONOMATO '!D5+'MALLA PERIMETRAL '!D5+'BOG MPT6 '!D5+'ESCAM '!D5+'SANIDAD '!D5+VIVIENDAS!D5 -> 13.78 | E5: 5770.56 | F5: =D5*E5 -> 79518.317
A6: 1.04 | B6: DEMOLICIÓN DE GUARDA ESCOBA. | C6: m | D6: ='MATERIALES COMPUEST'!D8+'TALLER ELECTRICOS '!D6+'SERVOS Y PINTURAS '!D6+'LAB INSPECC'!D6+'DEPOT T 53'!D6+MISCELANEOS!D6+'ECONOMATO '!D6+'MALLA PERIMETRAL '!D6+'BOG MPT6 '!D6+'ESCAM '!D6+'SANIDAD '!D6+VIVIENDAS!D6 -> 319.81 | E6: 3274.08 | F6: =D6*E6 -> 1047083.5
A7: 1.05 | B7: ESCARIFICADO DE PINTURA EN PAREDES | C7: m² | D7: ='MATERIALES COMPUEST'!D9+'TALLER ELECTRICOS '!D7+'SERVOS Y PINTURAS '!D7+'LAB INSPECC'!D7+'DEPOT T 53'!D7+MISCELANEOS!D7+'ECONOMATO '!D7+'MALLA PERIMETRAL '!D7+'BOG MPT6 '!D7+'ESCAM '!D7+'SANIDAD '!D7+VIVIENDAS!D7 -> 64 | E7: 3577.1 | F7: =D7*E7 -> 228934.4
A8: 1.06 | B8: DESMONTE DE CIELO RASO, INCLUYE DESMONTE DE ESTRUCTURA | C8: m² | D8: ='MATERIALES COMPUEST'!D10+'TALLER ELECTRICOS '!D8+'SERVOS Y PINTURAS '!D8+'LAB INSPECC'!D8+'DEPOT T 53'!D8+MISCELANEOS!D8+'ECONOMATO '!D8+'MALLA PERIMETRAL '!D8+'BOG MPT6 '!D8+'ESCAM '!D8+'SANIDAD '!D8+VIVIENDAS!D8 -> 653.53 | E8: 11910.09 | F8: =D8*E8 -> 7783601.1
A9: 1.07 | B9: DESMONTE Y REINSTALACION DE PUERTA METALICA TIPO HANGAR MARCOS, RIELES Y ANGULOS | C9: m² | D9: ='MATERIALES COMPUEST'!D11+'TALLER ELECTRICOS '!D9+'SERVOS Y PINTURAS '!D9+'LAB INSPECC'!D9+'DEPOT T 53'!D9+MISCELANEOS!D9+'ECONOMATO '!D9+'MALLA PERIMETRAL '!D9+'BOG MPT6 '!D9+'ESCAM '!D9+'SANIDAD '!D9+VIVIENDAS!D9 -> 41.41 | E9: 57761.86 | F9: =D9*E9 -> 2391918.6
A10: 1.08 | B10: ESCARIFICADO DE PAÑETE EN PAREDES | C10: m² | D10: ='MATERIALES COMPUEST'!D12+'TALLER ELECTRICOS '!D10+'SERVOS Y PINTURAS '!D10+'LAB INSPECC'!D10+'DEPOT T 53'!D10+MISCELANEOS!D10+'ECONOMATO '!D10+'MALLA PERIMETRAL '!D10+'BOG MPT6 '!D10+'ESCAM '!D10+'SANIDAD '!D10+VIVIENDAS!D10 -> 11.98 | E10: 5561.38 | F10: =D10*E10 -> 66625.332
A11: 1.09 | B11: DESMONTE DE ESTRUCTURA EN MADERA Y METALICA PARA CUBIERTA | C11: m² | D11: ='MATERIALES COMPUEST'!D13+'TALLER ELECTRICOS '!D11+'SERVOS Y PINTURAS '!D11+'LAB INSPECC'!D11+'DEPOT T 53'!D11+MISCELANEOS!D11+'ECONOMATO '!D11+'MALLA PERIMETRAL '!D11+'BOG MPT6 '!D11+'ESCAM '!D11+'SANIDAD '!D11+VIVIENDAS!D11 -> 500.22 | E11: 16984.01 | F11: =D11*E11 -> 8495741.5
A12: 1.1 | B12: DEMOLICIÓN DE CERRAMIENTO EXISTENTE EN MALLA ESLABONADA CON TUBERÍA DE ACERO GALVANIZADO DE +-2" Y ANTEPECHO DE ALTURA APROXIMADA DE 0.60MTS. INCLUYE EL RETIRO DEL MATERIAL DEMOLIDO. | C12: m² | D12: ='MATERIALES COMPUEST'!D14+'TALLER ELECTRICOS '!D12+'SERVOS Y PINTURAS '!D12+'LAB INSPECC'!D12+'DEPOT T 53'!D12+MISCELANEOS!D12+'ECONOMATO '!D12+'MALLA PERIMETRAL '!D12+'BOG MPT6 '!D12+'ESCAM '!D12+'SANIDAD '!D12+VIVIENDAS!D12 -> 128 | E12: 30132.38 | F12: =D12*E12 -> 3856944.6
A13: 1.11 | B13: DEMOLICIÓN MUROS 0.15M | C13: m² | D13: ='MATERIALES COMPUEST'!D15+'TALLER ELECTRICOS '!D13+'SERVOS Y PINTURAS '!D13+'LAB INSPECC'!D13+'DEPOT T 53'!D13+MISCELANEOS!D13+'ECONOMATO '!D13+'MALLA PERIMETRAL '!D13+'BOG MPT6 '!D13+'ESCAM '!D13+'SANIDAD '!D13+VIVIENDAS!D13 -> 31.9 | E13: 7079.05 | F13: =D13*E13 -> 225821.7
A14: 1.12 | B14: DEMOLICIÓN PLACAS MACIZAS 0.15M | C14: m² | D14: ='MATERIALES COMPUEST'!D16+'TALLER ELECTRICOS '!D14+'SERVOS Y PINTURAS '!D14+'LAB INSPECC'!D14+'DEPOT T 53'!D14+MISCELANEOS!D14+'ECONOMATO '!D14+'MALLA PERIMETRAL '!D14+'BOG MPT6 '!D14+'ESCAM '!D14+'SANIDAD '!D14+VIVIENDAS!D14 -> 34.48 | E14: 59816.37 | F14: =D14*E14 -> 2062468.4
... A17: 1.15 | B17: DESMONTE CANAL AGUAS LLUVIAS | C17: ml | D17: ='MATERIALES COMPUEST'!D19+'TALLER ELECTRICOS '!D17+'SERVOS Y PINTURAS '!D17+'LAB INSPECC'!D17+'DEPOT T 53'!D17+MISCELANEOS!D17+'ECONOMATO '!D17+'MALLA PERIMETRAL '!D17+'BOG MPT6 '!D17+'ESCAM '!D17+'SANIDAD '!D17+VIVIENDAS!D17 -> 62.5 | E17: 14991.53 | F17: =D17*E17 -> 936970.62
B18: Total PRELIMINARES | F18: =SUM(F3:F17) -> 74896722
A19: 2 | B19: MOVIMIENTO DE TIERRAS
A20: 2.01 | B20: RELLENO Y COMPACTACIÓN CON MATERIAL DE EXCAVACIÓN SELECCIONADO | C20: m³ | D20: ='MATERIALES COMPUEST'!D22+'TALLER ELECTRICOS '!D20+'SERVOS Y PINTURAS '!D20+'LAB INSPECC'!D20+'DEPOT T 53'!D20+MISCELANEOS!D20+'ECONOMATO '!D20+'MALLA PERIMETRAL '!D20+'BOG MPT6 '!D20+'ESCAM '!D20+'SANIDAD '!D20+VIVIENDAS!D20 -> 9.1 | E20: 18941.08 | F20: =D20*E20 -> 172363.83
A21: 2.02 | B21: TRANSPORTE DE MATERIAL/SOBRANTE U OTRO Y DISPOSICIÓN FINAL DE SOBRANTES A SITIO AUTORIZADO. | C21: m³ | D21: ='MATERIALES COMPUEST'!D23+'TALLER ELECTRICOS '!D21+'SERVOS Y PINTURAS '!D21+'LAB INSPECC'!D21+'DEPOT T 53'!D21+MISCELANEOS!D21+'ECONOMATO '!D21+'MALLA PERIMETRAL '!D21+'BOG MPT6 '!D21+'ESCAM '!D21+'SANIDAD '!D21+VIVIENDAS!D21 -> 147 | E21: 50091.05 | F21: =D21*E21 -> 7363384.4
A22: 2.03 | B22: EXCAVACION MANUAL EN TERRENO CONSISTENTE, NO INCLUYE CARGUE, RETIRO Y DISPOSICION FINAL DE EXCAVACION | C22: m³ | D22: ='MATERIALES COMPUEST'!D24+'TALLER ELECTRICOS '!D22+'SERVOS Y PINTURAS '!D22+'LAB INSPECC'!D22+'DEPOT T 53'!D22+MISCELANEOS!D22+'ECONOMATO '!D22+'MALLA PERIMETRAL '!D22+'BOG MPT6 '!D22+'ESCAM '!D22+'SANIDAD '!D22+VIVIENDAS!D22 -> 10 | E22: 19478.87 | F22: =D22*E22 -> 194788.7
A23: 2.04 | B23: EXCAVACIÓN MANUAL EN MATERIAL COMÚN. INCLUYE CARGUE, TRANSPORTE Y DISPOSICIÓN FINAL DE SOBRANTES A SITIO AUTORIZADO DE 0 - 2,00 MTS. | C23: m³ | D23: ='MATERIALES COMPUEST'!D25+'TALLER ELECTRICOS '!D23+'SERVOS Y PINTURAS '!D23+'LAB INSPECC'!D23+'DEPOT T 53'!D23+MISCELANEOS!D23+'ECONOMATO '!D23+'MALLA PERIMETRAL '!D23+'BOG MPT6 '!D23+'ESCAM '!D23+'SANIDAD '!D23+VIVIENDAS!D23 -> 2 | E23: 41556.66 | F23: =D23*E23 -> 83113.32
B24: Total MOVIMIENTO DE TIERRAS | F24: =SUM(F20:F23) -> 7813650.2
A25: 3 | B25: CIMENTACIÓN
A26: 3.01 | B26: SOLADO DE LIMPIEZA EN CONCRETO DE 2.000 PSI DE E=0.05 M SEGÚN PLANOS. INCLUYE MATERIALES, MANO DE OBRA, EQUIPOS Y HERRAMIENTAS NECESARIAS | C26: m² | D26: ='MATERIALES COMPUEST'!D28+'TALLER ELECTRICOS '!D26+'SERVOS Y PINTURAS '!D26+'LAB INSPECC'!D26+'DEPOT T 53'!D26+MISCELANEOS!D26+'ECONOMATO '!D26+'MALLA PERIMETRAL '!D26+'BOG MPT6 '!D26+'ESCAM '!D26+'SANIDAD '!D26+VIVIENDAS!D26 -> 2.62 | E26: 25198.68 | F26: =D26*E26 -> 66020.542
A27: 3.02 | B27: VIGAS DE CIMENTACION EN CONCRETO DE 3.000 PSI IMPERMEABILIZADO SEGÚN PLANOS. INCLUYE MANO DE OBRA, FORMALETAS, EQUIPOS Y HERRAMIENTAS NECESARIAS, NO INCLUYE ACERO DE REFUERZO. | C27: m³ | D27: ='MATERIALES COMPUEST'!D29+'TALLER ELECTRICOS '!D27+'SERVOS Y PINTURAS '!D27+'LAB INSPECC'!D27+'DEPOT T 53'!D27+MISCELANEOS!D27+'ECONOMATO '!D27+'MALLA PERIMETRAL '!D27+'BOG MPT6 '!D27+'ESCAM '!D27+'SANIDAD '!D27+VIVIENDAS!D27 -> 0.52 | E27: 746916.81 | F27: =D27*E27 -> 388396.74
A28: 3.03 | B28: PLACA DE CONTRAPISO EN CONCRETO DE 3.000 PSI IMPERMEABILIZADO, SEGÚN PLANOS. INCLUYE MANO DE OBRA, FORMALETAS, EQUIPOS Y HERRAMIENTAS NECESARIAS, E=0.15 M, NO INCLUYE ACERO DE REFUERZO | C28: m² | D28: ='MATERIALES COMPUEST'!D30+'TALLER ELECTRICOS '!D28+'SERVOS Y PINTURAS '!D28+'LAB INSPECC'!D28+'DEPOT T 53'!D28+MISCELANEOS!D28+'ECONOMATO '!D28+'MALLA PERIMETRAL '!D28+'BOG MPT6 '!D28+'ESCAM '!D28+'SANIDAD '!D28+VIVIENDAS!D28 -> 42.74 | E28: 158491.85 | F28: =D28*E28 -> 6773941.7
A29: 3.04 | B29: MALLA ELECTROSOLDADA FY 485 MPA -NTC 5806, INCLUYE ALAMBRE NEGRO TRASIEGO, MANEJO | C29: kg | D29: ='MATERIALES COMPUEST'!D31+'TALLER ELECTRICOS '!D29+'SERVOS Y PINTURAS '!D29+'LAB INSPECC'!D29+'DEPOT T 53'!D29+MISCELANEOS!D29+'ECONOMATO '!D29+'MALLA PERIMETRAL '!D29+'BOG MPT6 '!D29+'ESCAM '!D29+'SANIDAD '!D29+VIVIENDAS!D29 -> 291.34 | E29: 4821.48 | F29: =D29*E29 -> 1404690
B30: Total CIMENTACIÓN | F30: =SUM(F26:F29) -> 8633048.9
A31: 4 | B31: ESTRUCTURA
A32: 4.01 | B32: VIGAS AEREAS EN CONCRETO DE 3.000 PSI SEGÚN PLANOS. INCLUYE MANO DE OBRA, FORMALETAS, EQUIPOS Y HERRAMIENTAS NECESARIAS, NO INCLUYE ACERO DE REFUERZO | C32: m³ | D32: ='MATERIALES COMPUEST'!D34+'TALLER ELECTRICOS '!D32+'SERVOS Y PINTURAS '!D32+'LAB INSPECC'!D32+'DEPOT T 53'!D32+MISCELANEOS!D32+'ECONOMATO '!D32+'MALLA PERIMETRAL '!D32+'BOG MPT6 '!D32+'ESCAM '!D32+'SANIDAD '!D32+VIVIENDAS!D32 -> 0.52 | E32: 741920.57 | F32: =D32*E32 -> 385798.7
A33: 4.02 | B33: COLUMNA EN CONCRETO DE 3.000 PSI SEGÚN PLANOS. INCLUYE MANO DE OBRA, FORMALETAS, EQUIPOS Y HERRAMIENTAS NECESARIAS, NO INCLUYE ACERO DE REFUERZO | C33: m³ | D33: ='MATERIALES COMPUEST'!D35+'TALLER ELECTRICOS '!D33+'SERVOS Y PINTURAS '!D33+'LAB INSPECC'!D33+'DEPOT T 53'!D33+MISCELANEOS!D33+'ECONOMATO '!D33+'MALLA PERIMETRAL '!D33+'BOG MPT6 '!D33+'ESCAM '!D33+'SANIDAD '!D33+VIVIENDAS!D33 -> 0.38 | E33: 784064.81 | F33: =D33*E33 -> 297944.63
A34: 4.03 | B34: ACERO DE REFUERZO ESTRUCTURAL FY: 420 MPA GR 60 -NTC 2289 | C34: kg | D34: ='MATERIALES COMPUEST'!D36+'TALLER ELECTRICOS '!D34+'SERVOS Y PINTURAS '!D34+'LAB INSPECC'!D34+'DEPOT T 53'!D34+MISCELANEOS!D34+'ECONOMATO '!D34+'MALLA PERIMETRAL '!D34+'BOG MPT6 '!D34+'ESCAM '!D34+'SANIDAD '!D34+VIVIENDAS!D34 -> 436 | E34: 6549.36 | F34: =D34*E34 -> 2855521
A35: 4.04 | B35: RIEL METALICO PARA PUERTA METALICA TIPO HANGAR. INCLUYE CAMBIO DE RODAMIENTOS Y TODOS LOS ELEMENTOS ESTRUCTURALES PARA SU MONTAJE Y CORRECTO FUNCIONAMIENTO COMO TAMBIÉN PINTURA EN ANTICORROSIVO Y ESMALTE. | C35: kg | D35: ='MATERIALES COMPUEST'!D37+'TALLER ELECTRICOS '!D35+'SERVOS Y PINTURAS '!D35+'LAB INSPECC'!D35+'DEPOT T 53'!D35+MISCELANEOS!D35+'ECONOMATO '!D35+'MALLA PERIMETRAL '!D35+'BOG MPT6 '!D35+'ESCAM '!D35+'SANIDAD '!D35+VIVIENDAS!D35 -> 90 | E35: 25703.33 | F35: =D35*E35 -> 2313299.7
A36: 4.05 | B36: PERFILERIA ESTRUCTURAL EN ACERO A500 GR C. INCLUYE TODOS LOS ELEMENTOS ESTRUCTURALES PARA SU MONTAJE Y CORRECTO FUNCIONAMIENTO COMO TAMBIÉN PINTURA EN ANTICORROSIVO, ESMALTE, CONEXIONES, PLATINAS, ANCLAJES Y SOLDADURA. | C36: kg | D36: ='MATERIALES COMPUEST'!D38+'TALLER ELECTRICOS '!D36+'SERVOS Y PINTURAS '!D36+'LAB INSPECC'!D36+'DEPOT T 53'!D36+MISCELANEOS!D36+'ECONOMATO '!D36+'MALLA PERIMETRAL '!D36+'BOG MPT6 '!D36+'ESCAM '!D36+'SANIDAD '!D36+VIVIENDAS!D36 -> 4476.8283 | E36: 23685.69 | F36: =D36*E36 -> 1.0603677e+08
A37: 4.06 | B37: ESTRUCTURA METÁLICA EN ACERO ESTRUCTURAL, TALES COMO PERFILES, PLATINAS, CORREAS Y DEMÁS ELEMENTOS. INCLUYE MONTAJE, APLICACION DE SIKAPERMACOR SERIE 82 TIPO SIKA O SIMILAR A UN ESPESOR DE PELÍCULA SECA DE 10.0 A 12.0 MILS, ESMALTE URETANO SERIE 36 TIPO S | C37: kg | D37: ='MATERIALES COMPUEST'!D39+'TALLER ELECTRICOS '!D37+'SERVOS Y PINTURAS '!D37+'LAB INSPECC'!D37+'DEPOT T 53'!D37+MISCELANEOS!D37+'ECONOMATO '!D37+'MALLA PERIMETRAL '!D37+'BOG MPT6 '!D37+'ESCAM '!D37+'SANIDAD '!D37+VIVIENDAS!D37 -> 600 | E37: 20839.02 | F37: =D37*E37 -> 12503412
B38: Total ESTRUCTURA | F38: =SUM(F32:F37) -> 1.2439274e+08
A39: 5 | B39: INSTALACIONES HIDROSANITARIAS
A40: 5.01 | B40: CIMENTACION Y ATRAQUE DE TUBERIA | C40: m³ | D40: ='MATERIALES COMPUEST'!D42+'TALLER ELECTRICOS '!D40+'SERVOS Y PINTURAS '!D40+'LAB INSPECC'!D40+'DEPOT T 53'!D40+MISCELANEOS!D40+'ECONOMATO '!D40+'MALLA PERIMETRAL '!D40+'BOG MPT6 '!D40+'ESCAM '!D40+'SANIDAD '!D40+VIVIENDAS!D40 -> 1.68 | E40: 78626.05 | F40: =D40*E40 -> 132091.76
A41: 5.02 | B41: REGATA PARA INSTALACIÓN DE TUBERÍA DE Ø 1/2" A Ø 2" (INCLUYE RESANE) | C41: m | D41: ='MATERIALES COMPUEST'!D43+'TALLER ELECTRICOS '!D41+'SERVOS Y PINTURAS '!D41+'LAB INSPECC'!D41+'DEPOT T 53'!D41+MISCELANEOS!D41+'ECONOMATO '!D41+'MALLA PERIMETRAL '!D41+'BOG MPT6 '!D41+'ESCAM '!D41+'SANIDAD '!D41+VIVIENDAS!D41 -> 96.8 | E41: 5836.55 | F41: =D41*E41 -> 564978.04
A42: 5.03 | B42: CONEXIÓN A RED HIDRÁULICA EXISTENTE Ø 1/2" . | C42: un | D42: ='MATERIALES COMPUEST'!D44+'TALLER ELECTRICOS '!D42+'SERVOS Y PINTURAS '!D42+'LAB INSPECC'!D42+'DEPOT T 53'!D42+MISCELANEOS!D42+'ECONOMATO '!D42+'MALLA PERIMETRAL '!D42+'BOG MPT6 '!D42+'ESCAM '!D42+'SANIDAD '!D42+VIVIENDAS!D42 -> 2 | E42: 17241.7 | F42: =D42*E42 -> 34483.4
A43: 5.04 | B43: CAJA DE INSPECCIÓN 0,60 X 0,6M H=0 - 0,5M, INCLUYE TAPA EN CONCRETO | C43: un | D43: ='MATERIALES COMPUEST'!D45+'TALLER ELECTRICOS '!D43+'SERVOS Y PINTURAS '!D43+'LAB INSPECC'!D43+'DEPOT T 53'!D43+MISCELANEOS!D43+'ECONOMATO '!D43+'MALLA PERIMETRAL '!D43+'BOG MPT6 '!D43+'ESCAM '!D43+'SANIDAD '!D43+VIVIENDAS!D43 -> 2 | E43: 316401.66 | F43: =D43*E43 -> 632803.32
A44: 5.05 | B44: PERFORACIÓN Y RESANE DE CAJAS DE INSPECCIÓN PARA INSTALACIÓN DE DUCTERIA ADICIONAL. | C44: un | D44: ='MATERIALES COMPUEST'!D46+'TALLER ELECTRICOS '!D44+'SERVOS Y PINTURAS '!D44+'LAB INSPECC'!D44+'DEPOT T 53'!D44+MISCELANEOS!D44+'ECONOMATO '!D44+'MALLA PERIMETRAL '!D44+'BOG MPT6 '!D44+'ESCAM '!D44+'SANIDAD '!D44+VIVIENDAS!D44 -> 2 | E44: 237314.2 | F44: =D44*E44 -> 474628.4
A45: 5.1 | B45: TUBERIA SANITARIA
A46: 5,1,1 | B46: TUBERÍA PVC SANITARIA Ø 2", INCLUYE ACCESORIOS PARA SU CORRECTA INSTALACION | C46: ml | D46: ='MATERIALES COMPUEST'!D48+'TALLER ELECTRICOS '!D46+'SERVOS Y PINTURAS '!D46+'LAB INSPECC'!D46+'DEPOT T 53'!D46+MISCELANEOS!D46+'ECONOMATO '!D46+'MALLA PERIMETRAL '!D46+'BOG MPT6 '!D46+'ESCAM '!D46+'SANIDAD '!D46+VIVIENDAS!D46 -> 24.3 | E46: 33885.72 | F46: =D46*E46 -> 823423
A47: 5,1,2 | B47: TUBERÍA PVC SANITARIA Ø 4", INCLUYE ACCESORIOS PARA SU CORRECTA INSTALACION | C47: ml | D47: ='MATERIALES COMPUEST'!D49+'TALLER ELECTRICOS '!D47+'SERVOS Y PINTURAS '!D47+'LAB INSPECC'!D47+'DEPOT T 53'!D47+MISCELANEOS!D47+'ECONOMATO '!D47+'MALLA PERIMETRAL '!D47+'BOG MPT6 '!D47+'ESCAM '!D47+'SANIDAD '!D47+VIVIENDAS!D47 -> 38 | E47: 55298.86 | F47: =D47*E47 -> 2101356.7
A48: 5,1,3 | B48: TUBERÍA DE VENTILACIÓN Ø 2", INCLUYE ACCESORIOS PARA SU CORRECTA INSTALACION | C48: ml | D48: ='MATERIALES COMPUEST'!D50+'TALLER ELECTRICOS '!D48+'SERVOS Y PINTURAS '!D48+'LAB INSPECC'!D48+'DEPOT T 53'!D48+MISCELANEOS!D48+'ECONOMATO '!D48+'MALLA PERIMETRAL '!D48+'BOG MPT6 '!D48+'ESCAM '!D48+'SANIDAD '!D48+VIVIENDAS!D48 -> 16 | E48: 23764.13 | F48: =D48*E48 -> 380226.08
A49: 5,1,4 | B49: TUBERÍA PVC SANITARIA Ø 3", INCLUYE ACCESORIOS PARA SU CORRECTA INSTALACION | C49: ml | D49: ='MATERIALES COMPUEST'!D51+'TALLER ELECTRICOS '!D49+'SERVOS Y PINTURAS '!D49+'LAB INSPECC'!D49+'DEPOT T 53'!D49+MISCELANEOS!D49+'ECONOMATO '!D49+'MALLA PERIMETRAL '!D49+'BOG MPT6 '!D49+'ESCAM '!D49+'SANIDAD '!D49+VIVIENDAS!D49 -> 39 | E49: 30586.12 | F49: =D49*E49 -> 1192858.7
A50: 5,1,5 | B50: SALIDA SANITARIA LAVAMANOS 2 | C50: un | D50: ='MATERIALES COMPUEST'!D52+'TALLER ELECTRICOS '!D50+'SERVOS Y PINTURAS '!D50+'LAB INSPECC'!D50+'DEPOT T 53'!D50+MISCELANEOS!D50+'ECONOMATO '!D50+'MALLA PERIMETRAL '!D50+'BOG MPT6 '!D50+'ESCAM '!D50+'SANIDAD '!D50+VIVIENDAS!D50 -> 11 | E50: 79307.14 | F50: =D50*E50 -> 872378.54
A51: 5,1,6 | B51: SALIDA SANITARIA LAVAPLATOS 2 | C51: un | D51: ='MATERIALES COMPUEST'!D53+'TALLER ELECTRICOS '!D51+'SERVOS Y PINTURAS '!D51+'LAB INSPECC'!D51+'DEPOT T 53'!D51+MISCELANEOS!D51+'ECONOMATO '!D51+'MALLA PERIMETRAL '!D51+'BOG MPT6 '!D51+'ESCAM '!D51+'SANIDAD '!D51+VIVIENDAS!D51 -> 2 | E51: 53995.14 | F51: =D51*E51 -> 107990.28
A52: 5,1,7 | B52: SALIDA SANITARIA INODORO 4 | C52: un | D52: ='MATERIALES COMPUEST'!D54+'TALLER ELECTRICOS '!D52+'SERVOS Y PINTURAS '!D52+'LAB INSPECC'!D52+'DEPOT T 53'!D52+MISCELANEOS!D52+'ECONOMATO '!D52+'MALLA PERIMETRAL '!D52+'BOG MPT6 '!D52+'ESCAM '!D52+'SANIDAD '!D52+VIVIENDAS!D52 -> 6 | E52: 107600.48 | F52: =D52*E52 -> 645602.88
A53: 5,1,8 | B53: BAJANTE AGUAS LLUVIA 4 | C53: ml | D53: ='MATERIALES COMPUEST'!D55+'TALLER ELECTRICOS '!D53+'SERVOS Y PINTURAS '!D53+'LAB INSPECC'!D53+'DEPOT T 53'!D53+MISCELANEOS!D53+'ECONOMATO '!D53+'MALLA PERIMETRAL '!D53+'BOG MPT6 '!D53+'ESCAM '!D53+'SANIDAD '!D53+VIVIENDAS!D53 -> 55.96 | E53: 52255.73 | F53: =D53*E53 -> 2924230.7
A54: 5,1,9 | B54: SALIDA SANITARIA DUCHA 2 | C54: un | D54: ='MATERIALES COMPUEST'!D56+'TALLER ELECTRICOS '!D54+'SERVOS Y PINTURAS '!D54+'LAB INSPECC'!D54+'DEPOT T 53'!D54+MISCELANEOS!D54+'ECONOMATO '!D54+'MALLA PERIMETRAL '!D54+'BOG MPT6 '!D54+'ESCAM '!D54+'SANIDAD '!D54+VIVIENDAS!D54 -> 5 | E54: 72419.19 | F54: =D54*E54 -> 362095.95
A55: 5,1,10 | B55: SALIDA SANITARIA LAVADERO 2 | C55: un | D55: ='MATERIALES COMPUEST'!D57+'TALLER ELECTRICOS '!D55+'SERVOS Y PINTURAS '!D55+'LAB INSPECC'!D55+'DEPOT T 53'!D55+MISCELANEOS!D55+'ECONOMATO '!D55+'MALLA PERIMETRAL '!D55+'BOG MPT6 '!D55+'ESCAM '!D55+'SANIDAD '!D55+VIVIENDAS!D55 -> 2 | E55: 107431.98 | F55: =D55*E55 -> 214863.96
A56: 5,1,11 | B56: SALIDA SANITARIA LAVADORA 2 | C56: un | D56: ='MATERIALES COMPUEST'!D58+'TALLER ELECTRICOS '!D56+'SERVOS Y PINTURAS '!D56+'LAB INSPECC'!D56+'DEPOT T 53'!D56+MISCELANEOS!D56+'ECONOMATO '!D56+'MALLA PERIMETRAL '!D56+'BOG MPT6 '!D56+'ESCAM '!D56+'SANIDAD '!D56+VIVIENDAS!D56 -> 2 | E56: 90110.84 | F56: =D56*E56 -> 180221.68
A57: 5,1,12 | B57: SALIDA SANITARIA SIFÓN DE PISO 3 | C57: un | D57: ='MATERIALES COMPUEST'!D59+'TALLER ELECTRICOS '!D57+'SERVOS Y PINTURAS '!D57+'LAB INSPECC'!D57+'DEPOT T 53'!D57+MISCELANEOS!D57+'ECONOMATO '!D57+'MALLA PERIMETRAL '!D57+'BOG MPT6 '!D57+'ESCAM '!D57+'SANIDAD '!D57+VIVIENDAS!D57 -> 3 | E57: 93038.19 | F57: =D57*E57 -> 279114.57
A58: 5,1,13 | B58: SIFÓN Ø 3X2", INCLUYE ACCESORIOS PARA SU CORRECTA INSTALACION | C58: un | D58: ='MATERIALES COMPUEST'!D60+'TALLER ELECTRICOS '!D58+'SERVOS Y PINTURAS '!D58+'LAB INSPECC'!D58+'DEPOT T 53'!D58+MISCELANEOS!D58+'ECONOMATO '!D58+'MALLA PERIMETRAL '!D58+'BOG MPT6 '!D58+'ESCAM '!D58+'SANIDAD '!D58+VIVIENDAS!D58 -> 4 | E58: 47133.59 | F58: =D58*E58 -> 188534.36
A59: 5.2 | B59: TUBERIA HIDRAULICA
A60: 5,2,1 | B60: TUBERÍA PVC PRESIÓN RDE 13.5 Ø 1/2", INCLUYE ACCESORIOS PARA SU CORRECTA INSTALACIÓN. | C60: ml | D60: ='MATERIALES COMPUEST'!D62+'TALLER ELECTRICOS '!D60+'SERVOS Y PINTURAS '!D60+'LAB INSPECC'!D60+'DEPOT T 53'!D60+MISCELANEOS!D60+'ECONOMATO '!D60+'MALLA PERIMETRAL '!D60+'BOG MPT6 '!D60+'ESCAM '!D60+'SANIDAD '!D60+VIVIENDAS!D60 -> 61.5 | E60: 23538.44 | F60: =D60*E60 -> 1447614.1
A61: 5,2,2 | B61: TUBERÍA PVC PRESIÓN RDE 21 Ø 3/4", INCLUYE ACCESORIOS PARA SU CORRECTA INSTALACIÓN. | C61: ml | D61: ='MATERIALES COMPUEST'!D63+'TALLER ELECTRICOS '!D61+'SERVOS Y PINTURAS '!D61+'LAB INSPECC'!D61+'DEPOT T 53'!D61+MISCELANEOS!D61+'ECONOMATO '!D61+'MALLA PERIMETRAL '!D61+'BOG MPT6 '!D61+'ESCAM '!D61+'SANIDAD '!D61+VIVIENDAS!D61 -> 14.8 | E61: 36671.61 | F61: =D61*E61 -> 542739.83
A62: 5,2,3 | B62: PUNTO A.F. ORINAL O LAVAMANOS | C62: un | D62: ='MATERIALES COMPUEST'!D64+'TALLER ELECTRICOS '!D62+'SERVOS Y PINTURAS '!D62+'LAB INSPECC'!D62+'DEPOT T 53'!D62+MISCELANEOS!D62+'ECONOMATO '!D62+'MALLA PERIMETRAL '!D62+'BOG MPT6 '!D62+'ESCAM '!D62+'SANIDAD '!D62+VIVIENDAS!D62 -> 11 | E62: 23847.31 | F62: =D62*E62 -> 262320.41
A63: 5,2,4 | B63: PUNTO A.F. LAVAPLATOS | C63: un | D63: ='MATERIALES COMPUEST'!D65+'TALLER ELECTRICOS '!D63+'SERVOS Y PINTURAS '!D63+'LAB INSPECC'!D63+'DEPOT T 53'!D63+MISCELANEOS!D63+'ECONOMATO '!D63+'MALLA PERIMETRAL '!D63+'BOG MPT6 '!D63+'ESCAM '!D63+'SANIDAD '!D63+VIVIENDAS!D63 -> 2 | E63: 24111.48 | F63: =D63*E63 -> 48222.96
A64: 5,2,5 | B64: PUNTO A.F. INODORO | C64: un | D64: ='MATERIALES COMPUEST'!D66+'TALLER ELECTRICOS '!D64+'SERVOS Y PINTURAS '!D64+'LAB INSPECC'!D64+'DEPOT T 53'!D64+MISCELANEOS!D64+'ECONOMATO '!D64+'MALLA PERIMETRAL '!D64+'BOG MPT6 '!D64+'ESCAM '!D64+'SANIDAD '!D64+VIVIENDAS!D64 -> 6 | E64: 23066.48 | F64: =D64*E64 -> 138398.88
A65: 5,2,6 | B65: PUNTO DE AGUA FRIA Ø 1/2" , INCLUYE ACCESORIOS PARA SU CORRECTA INSTALACIÓN. | C65: un | D65: ='MATERIALES COMPUEST'!D67+'TALLER ELECTRICOS '!D65+'SERVOS Y PINTURAS '!D65+'LAB INSPECC'!D65+'DEPOT T 53'!D65+MISCELANEOS!D65+'ECONOMATO '!D65+'MALLA PERIMETRAL '!D65+'BOG MPT6 '!D65+'ESCAM '!D65+'SANIDAD '!D65+VIVIENDAS!D65 -> 13 | E65: 48315.47 | F65: =D65*E65 -> 628101.11
A66: 5,2,7 | B66: PUNTO A.F. LAVADERO | C66: un | D66: ='MATERIALES COMPUEST'!D68+'TALLER ELECTRICOS '!D66+'SERVOS Y PINTURAS '!D66+'LAB INSPECC'!D66+'DEPOT T 53'!D66+MISCELANEOS!D66+'ECONOMATO '!D66+'MALLA PERIMETRAL '!D66+'BOG MPT6 '!D66+'ESCAM '!D66+'SANIDAD '!D66+VIVIENDAS!D66 -> 2 | E66: 18037.49 | F66: =D66*E66 -> 36074.98
A67: 5,2,8 | B67: PUNTO A.F. DUCHA | C67: un | D67: ='MATERIALES COMPUEST'!D69+'TALLER ELECTRICOS '!D67+'SERVOS Y PINTURAS '!D67+'LAB INSPECC'!D67+'DEPOT T 53'!D67+MISCELANEOS!D67+'ECONOMATO '!D67+'MALLA PERIMETRAL '!D67+'BOG MPT6 '!D67+'ESCAM '!D67+'SANIDAD '!D67+VIVIENDAS!D67 -> 1 | E67: 275428.96 | F67: =D67*E67 -> 275428.96
A68: 5,2,9 | B68: TUBERÍA PVC PRESIÓN RDE 21 Ø 1", INCLUYE ACCESORIOS PARA SU CORRECTA INSTALACIÓN. | C68: ml | D68: ='MATERIALES COMPUEST'!D70+'TALLER ELECTRICOS '!D68+'SERVOS Y PINTURAS '!D68+'LAB INSPECC'!D68+'DEPOT T 53'!D68+MISCELANEOS!D68+'ECONOMATO '!D68+'MALLA PERIMETRAL '!D68+'BOG MPT6 '!D68+'ESCAM '!D68+'SANIDAD '!D68+VIVIENDAS!D68 -> 11.2 | E68: 19264.51 | F68: =D68*E68 -> 215762.51
A69: 5,2,10 | B69: PUNTO A.F. DE Ø 1" INCLUYE ACCESORIOS PARA SU CORRECTA INSTALACIÓN | C69: un | D69: ='MATERIALES COMPUEST'!D71+'TALLER ELECTRICOS '!D69+'SERVOS Y PINTURAS '!D69+'LAB INSPECC'!D69+'DEPOT T 53'!D69+MISCELANEOS!D69+'ECONOMATO '!D69+'MALLA PERIMETRAL '!D69+'BOG MPT6 '!D69+'ESCAM '!D69+'SANIDAD '!D69+VIVIENDAS!D69 -> 1 | E69: 60188.91 | F69: =D69*E69 -> 60188.91
A70: 5,2,11 | B70: CONEXIÓN A RED HIDRAULICA EXISTENTE | C70: un | D70: ='MATERIALES COMPUEST'!D72+'TALLER ELECTRICOS '!D70+'SERVOS Y PINTURAS '!D70+'LAB INSPECC'!D70+'DEPOT T 53'!D70+MISCELANEOS!D70+'ECONOMATO '!D70+'MALLA PERIMETRAL '!D70+'BOG MPT6 '!D70+'ESCAM '!D70+'SANIDAD '!D70+VIVIENDAS!D70 -> 1 | E70: 75485.22 | F70: =D70*E70 -> 75485.22
A71: 5.3 | B71: TUBERIA AGUA CALIENTE
A72: 5,3,1 | B72: TUBERÍA CPVC 1/2 | C72: m | D72: ='MATERIALES COMPUEST'!D74+'TALLER ELECTRICOS '!D72+'SERVOS Y PINTURAS '!D72+'LAB INSPECC'!D72+'DEPOT T 53'!D72+MISCELANEOS!D72+'ECONOMATO '!D72+'MALLA PERIMETRAL '!D72+'BOG MPT6 '!D72+'ESCAM '!D72+'SANIDAD '!D72+VIVIENDAS!D72 -> 30 | E72: 15091.74 | F72: =D72*E72 -> 452752.2
A73: 5,3,2 | B73: PUNTO A.C. DUCHA | C73: un | D73: ='MATERIALES COMPUEST'!D75+'TALLER ELECTRICOS '!D73+'SERVOS Y PINTURAS '!D73+'LAB INSPECC'!D73+'DEPOT T 53'!D73+MISCELANEOS!D73+'ECONOMATO '!D73+'MALLA PERIMETRAL '!D73+'BOG MPT6 '!D73+'ESCAM '!D73+'SANIDAD '!D73+VIVIENDAS!D73 -> 4 | E73: 19404.35 | F73: =D73*E73 -> 77617.4
A74: 5,3,3 | B74: PUNTO A.C. LAVADORA | C74: un | D74: ='MATERIALES COMPUEST'!D76+'TALLER ELECTRICOS '!D74+'SERVOS Y PINTURAS '!D74+'LAB INSPECC'!D74+'DEPOT T 53'!D74+MISCELANEOS!D74+'ECONOMATO '!D74+'MALLA PERIMETRAL '!D74+'BOG MPT6 '!D74+'ESCAM '!D74+'SANIDAD '!D74+VIVIENDAS!D74 -> 2 | E74: 36894.95 | F74: =D74*E74 -> 73789.9
A75: 5,3,4 | B75: PUNTO A.C. LAVAPLATOS | C75: un | D75: ='MATERIALES COMPUEST'!D77+'TALLER ELECTRICOS '!D75+'SERVOS Y PINTURAS '!D75+'LAB INSPECC'!D75+'DEPOT T 53'!D75+MISCELANEOS!D75+'ECONOMATO '!D75+'MALLA PERIMETRAL '!D75+'BOG MPT6 '!D75+'ESCAM '!D75+'SANIDAD '!D75+VIVIENDAS!D75 -> 2 | E75: 46228.16 | F75: =D75*E75 -> 92456.32
A76: 5,3,5 | B76: PUNTO A.C. CALENTADOR | C76: un | D76: ='MATERIALES COMPUEST'!D78+'TALLER ELECTRICOS '!D76+'SERVOS Y PINTURAS '!D76+'LAB INSPECC'!D76+'DEPOT T 53'!D76+MISCELANEOS!D76+'ECONOMATO '!D76+'MALLA PERIMETRAL '!D76+'BOG MPT6 '!D76+'ESCAM '!D76+'SANIDAD '!D76+VIVIENDAS!D76 -> 2 | E76: 66451.95 | F76: =D76*E76 -> 132903.9
A77: 5.4 | B77: REGISTROS Y ACCESORIOS
A78: 5,4,1 | B78: VÁLVULA DE REGISTRO 1/2 | C78: un | D78: ='MATERIALES COMPUEST'!D80+'TALLER ELECTRICOS '!D78+'SERVOS Y PINTURAS '!D78+'LAB INSPECC'!D78+'DEPOT T 53'!D78+MISCELANEOS!D78+'ECONOMATO '!D78+'MALLA PERIMETRAL '!D78+'BOG MPT6 '!D78+'ESCAM '!D78+'SANIDAD '!D78+VIVIENDAS!D78 -> 13 | E78: 81782.74 | F78: =D78*E78 -> 1063175.6
A79: 5,4,2 | B79: BUJE SOLDADO PVCP 3/4X1/2 | C79: un | D79: ='MATERIALES COMPUEST'!D81+'TALLER ELECTRICOS '!D79+'SERVOS Y PINTURAS '!D79+'LAB INSPECC'!D79+'DEPOT T 53'!D79+MISCELANEOS!D79+'ECONOMATO '!D79+'MALLA PERIMETRAL '!D79+'BOG MPT6 '!D79+'ESCAM '!D79+'SANIDAD '!D79+VIVIENDAS!D79 -> 8 | E79: 5055.28 | F79: =D79*E79 -> 40442.24
A80: 5,4,3 | B80: VÁLVULA DE CORTINA CON REGISTRO 1/2 | C80: un | D80: ='MATERIALES COMPUEST'!D82+'TALLER ELECTRICOS '!D80+'SERVOS Y PINTURAS '!D80+'LAB INSPECC'!D80+'DEPOT T 53'!D80+MISCELANEOS!D80+'ECONOMATO '!D80+'MALLA PERIMETRAL '!D80+'BOG MPT6 '!D80+'ESCAM '!D80+'SANIDAD '!D80+VIVIENDAS!D80 -> 4 | E80: 119732.74 | F80: =D80*E80 -> 478930.96
A81: 5,4,4 | B81: REGISTRO DE AGUA TIPO BOLA INCLUYE TAPA Y CAJA Ø 1" | C81: un | D81: ='MATERIALES COMPUEST'!D83+'TALLER ELECTRICOS '!D81+'SERVOS Y PINTURAS '!D81+'LAB INSPECC'!D81+'DEPOT T 53'!D81+MISCELANEOS!D81+'ECONOMATO '!D81+'MALLA PERIMETRAL '!D81+'BOG MPT6 '!D81+'ESCAM '!D81+'SANIDAD '!D81+VIVIENDAS!D81 -> 1 | E81: 88103.15 | F81: =D81*E81 -> 88103.15
A82: 5,4,5 | B82: VÁLVULA DE REGISTRO DE Ø 1" | C82: un | D82: ='MATERIALES COMPUEST'!D84+'TALLER ELECTRICOS '!D82+'SERVOS Y PINTURAS '!D82+'LAB INSPECC'!D82+'DEPOT T 53'!D82+MISCELANEOS!D82+'ECONOMATO '!D82+'MALLA PERIMETRAL '!D82+'BOG MPT6 '!D82+'ESCAM '!D82+'SANIDAD '!D82+VIVIENDAS!D82 -> 2 | E82: 44770.3 | F82: =D82*E82 -> 89540.6
B83: Total INSTALACIONES HIDROSANITARIAS | F83: =SUM(F40:F82) -> 18431932
A84: 6 | B84: INSTALACIONES ELECTRICAS
A85: 6.01 | B85: DESMONTE Y REINSTALACIÓN DE LUMINARIAS | C85: un | D85: ='MATERIALES COMPUEST'!D87+'TALLER ELECTRICOS '!D85+'SERVOS Y PINTURAS '!D85+'LAB INSPECC'!D85+'DEPOT T 53'!D85+MISCELANEOS!D85+'ECONOMATO '!D85+'MALLA PERIMETRAL '!D85+'BOG MPT6 '!D85+'ESCAM '!D85+'SANIDAD '!D85+VIVIENDAS!D85 -> 55 | E85: 11151.84 | F85: =D85*E85 -> 613351.2
A86: 6.02 | B86: CAJA 5800 CON TAPA CIEGA | C86: un | D86: ='MATERIALES COMPUEST'!D88+'TALLER ELECTRICOS '!D86+'SERVOS Y PINTURAS '!D86+'LAB INSPECC'!D86+'DEPOT T 53'!D86+MISCELANEOS!D86+'ECONOMATO '!D86+'MALLA PERIMETRAL '!D86+'BOG MPT6 '!D86+'ESCAM '!D86+'SANIDAD '!D86+VIVIENDAS!D86 -> 4 | E86: 25347.6 | F86: =D86*E86 -> 101390.4
A87: 6.03 | B87: TABLERO TRIFÁSICO 12 CIRCUITOS | C87: un | D87: ='MATERIALES COMPUEST'!D89+'TALLER ELECTRICOS '!D87+'SERVOS Y PINTURAS '!D87+'LAB INSPECC'!D87+'DEPOT T 53'!D87+MISCELANEOS!D87+'ECONOMATO '!D87+'MALLA PERIMETRAL '!D87+'BOG MPT6 '!D87+'ESCAM '!D87+'SANIDAD '!D87+VIVIENDAS!D87 -> 2 | E87: 302497.32 | F87: =D87*E87 -> 604994.64
A88: 6.04 | B88: SUMINISTRO INST. TAPA INTERRUPTOR DOBLE | C88: un | D88: ='MATERIALES COMPUEST'!D90+'TALLER ELECTRICOS '!D88+'SERVOS Y PINTURAS '!D88+'LAB INSPECC'!D88+'DEPOT T 53'!D88+MISCELANEOS!D88+'ECONOMATO '!D88+'MALLA PERIMETRAL '!D88+'BOG MPT6 '!D88+'ESCAM '!D88+'SANIDAD '!D88+VIVIENDAS!D88 -> 5 | E88: 21228.92 | F88: =D88*E88 -> 106144.6
A89: 6.1 | B89: ACOMETIDAS, CABLES Y TUBERIAS
A90: 6,1,1 | B90: ACOMETIDA EN CABLE 1N10 Cu AWG PE-HFFR-LS (FASES) + 1N10 Cu AWG PE-HFFR-LS (NEUTRO) + 1N12 Cu AWG (TIERRA), INCLUYE BORNAS DE CONEXIÓN, TERMINALES Y DEMÁS ACCESORIOS NECESARIOS PARA GARANTIZAR SU CORRECTA INSTALACIÓN Y PUESTA EN SERVICIO. | C90: m | D90: ='MATERIALES COMPUEST'!D92+'TALLER ELECTRICOS '!D90+'SERVOS Y PINTURAS '!D90+'LAB INSPECC'!D90+'DEPOT T 53'!D90+MISCELANEOS!D90+'ECONOMATO '!D90+'MALLA PERIMETRAL '!D90+'BOG MPT6 '!D90+'ESCAM '!D90+'SANIDAD '!D90+VIVIENDAS!D90 -> 12 | E90: 22845.17 | F90: =D90*E90 -> 274142.04
A91: 6,1,2 | B91: ACOMETIDA EN CABLE 3N8 Cu AWG PE-HFFR-LS (FASES) + 1N8 Cu AWG PE-HFFR-LS (NEUTRO) + 1N10 Cu AWG (TIERRA), INCLUYE BORNAS DE CONEXIÓN, TERMINALES Y DEMÁS ACCESORIOS NECESARIOS PARA GARANTIZAR SU CORRECTA INSTALACIÓN Y PUESTA EN SERVICIO. | C91: m | D91: ='MATERIALES COMPUEST'!D93+'TALLER ELECTRICOS '!D91+'SERVOS Y PINTURAS '!D91+'LAB INSPECC'!D91+'DEPOT T 53'!D91+MISCELANEOS!D91+'ECONOMATO '!D91+'MALLA PERIMETRAL '!D91+'BOG MPT6 '!D91+'ESCAM '!D91+'SANIDAD '!D91+VIVIENDAS!D91 -> 42 | E91: 47253.3 | F91: =D91*E91 -> 1984638.6
A92: 6,1,3 | B92: ACOMETIDA EN CABLE 3N10 Cu AWG PE-HFFR-LS (FASES) + 1N10 Cu AWG PE-HFFR-LS (NEUTRO) + 1N12 Cu AWG (TIERRA), INCLUYE BORNAS DE CONEXIÓN, TERMINALES Y DEMÁS ACCESORIOS NECESARIOS PARA GARANTIZAR SU CORRECTA INSTALACIÓN Y PUESTA EN SERVICIO. | C92: m | D92: ='MATERIALES COMPUEST'!D94+'TALLER ELECTRICOS '!D92+'SERVOS Y PINTURAS '!D92+'LAB INSPECC'!D92+'DEPOT T 53'!D92+MISCELANEOS!D92+'ECONOMATO '!D92+'MALLA PERIMETRAL '!D92+'BOG MPT6 '!D92+'ESCAM '!D92+'SANIDAD '!D92+VIVIENDAS!D92 -> 8 | E92: 34420 | F92: =D92*E92 -> 275360
A93: 6,1,4 | B93: ACOMETIDA EN CABLE 1N12 Cu AWG PE-HFFR-LS (FASES) + 1N12 Cu AWG PE-HFFR-LS (NEUTRO) + 1N12 Cu AWG (TIERRA), INCLUYE BORNAS DE CONEXIÓN, TERMINALES Y DEMÁS ACCESORIOS NECESARIOS PARA GARANTIZAR SU CORRECTA INSTALACIÓN Y PUESTA EN SERVICIO. | C93: m | D93: ='MATERIALES COMPUEST'!D95+'TALLER ELECTRICOS '!D93+'SERVOS Y PINTURAS '!D93+'LAB INSPECC'!D93+'DEPOT T 53'!D93+MISCELANEOS!D93+'ECONOMATO '!D93+'MALLA PERIMETRAL '!D93+'BOG MPT6 '!D93+'ESCAM '!D93+'SANIDAD '!D93+VIVIENDAS!D93 -> 205 | E93: 19065.39 | F93: =D93*E93 -> 3908404.9
A94: 6,1,5 | B94: ACOMETIDA EN CABLE 2N4/0 Cu AWG PE-HFFR-LS (FASES) + 1N4/0 Cu AWG PE-HFFR-LS (NEUTRO) + 1N4/0 Cu AWG (TIERRA), INCLUYE BORNAS DE CONEXIÓN, TERMINALES Y DEMÁS ACCESORIOS NECESARIOS PARA GARANTIZAR SU CORRECTA INSTALACIÓN Y PUESTA EN SERVICIO. | C94: m | D94: ='MATERIALES COMPUEST'!D96+'TALLER ELECTRICOS '!D94+'SERVOS Y PINTURAS '!D94+'LAB INSPECC'!D94+'DEPOT T 53'!D94+MISCELANEOS!D94+'ECONOMATO '!D94+'MALLA PERIMETRAL '!D94+'BOG MPT6 '!D94+'ESCAM '!D94+'SANIDAD '!D94+VIVIENDAS!D94 -> 40 | E94: 418620.34 | F94: =D94*E94 -> 16744814
A95: 6,1,6 | B95: ACOMETIDA EN CABLE 1N10 Cu AWG PE-HFFR-LS (FASES) + 1N10 Cu AWG PE-HFFR-LS (NEUTRO) + 1N10 Cu AWG (TIERRA), INCLUYE BORNAS DE CONEXIÓN, TERMINALES Y DEMÁS ACCESORIOS NECESARIOS PARA GARANTIZAR SU CORRECTA INSTALACIÓN Y PUESTA EN SERVICIO. | C95: m | D95: ='MATERIALES COMPUEST'!D97+'TALLER ELECTRICOS '!D95+'SERVOS Y PINTURAS '!D95+'LAB INSPECC'!D95+'DEPOT T 53'!D95+MISCELANEOS!D95+'ECONOMATO '!D95+'MALLA PERIMETRAL '!D95+'BOG MPT6 '!D95+'ESCAM '!D95+'SANIDAD '!D95+VIVIENDAS!D95 -> 75 | E95: 26015.62 | F95: =D95*E95 -> 1951171.5
A96: 6,1,7 | B96: PUESTA TIERRA MEDIANTE UNA (01) VARILLAS CW 5/8" COBRE- 99%, INCLUYE EXCAVACION, UN (01) PUNTO DE SOLDADURA EXOTÉRMICA, UNA (01) BOLSAS 25KG DE TRATAMIENTO FISICOQUIMICO DE TERRENO, CAJA DE INSPECCIÓN DE (0,30X0,30)M CON TAPA Y TODO LO NECESARIO PARA SU CORRECTA INSTALACIÓN | C96: un | D96: ='MATERIALES COMPUEST'!D98+'TALLER ELECTRICOS '!D96+'SERVOS Y PINTURAS '!D96+'LAB INSPECC'!D96+'DEPOT T 53'!D96+MISCELANEOS!D96+'ECONOMATO '!D96+'MALLA PERIMETRAL '!D96+'BOG MPT6 '!D96+'ESCAM '!D96+'SANIDAD '!D96+VIVIENDAS!D96 -> 1 | E96: 549748 | F96: =D96*E96 -> 549748
A97: 6,1,8 | B97: CABLE ENCAUCHETADO 3 X NO. 14 AWGXCU INCLUYE TUBERIA EMT ACCESORIOS PARA SU CORRECTA INSTALACIÓN Y PUESTA EN FUNCIONAMIENTO. | C97: m | D97: ='MATERIALES COMPUEST'!D99+'TALLER ELECTRICOS '!D97+'SERVOS Y PINTURAS '!D97+'LAB INSPECC'!D97+'DEPOT T 53'!D97+MISCELANEOS!D97+'ECONOMATO '!D97+'MALLA PERIMETRAL '!D97+'BOG MPT6 '!D97+'ESCAM '!D97+'SANIDAD '!D97+VIVIENDAS!D97 -> 45 | E97: 17120.95 | F97: =D97*E97 -> 770442.75
A98: 6,1,9 | B98: DUCTERÍA TIPO EMT DE 1 X Ø 3/4" INCLUYE UNIÓN, CURVAS, TERMINALES, CAJAS DE PASO Y TODOS LOS ELEMENTOS NECESARIOS PARA SU CORRECTA INSTALACIÓN Y PUESTA EN FUNCIONAMIENTO | C98: ml | D98: ='MATERIALES COMPUEST'!D100+'TALLER ELECTRICOS '!D98+'SERVOS Y PINTURAS '!D98+'LAB INSPECC'!D98+'DEPOT T 53'!D98+MISCELANEOS!D98+'ECONOMATO '!D98+'MALLA PERIMETRAL '!D98+'BOG MPT6 '!D98+'ESCAM '!D98+'SANIDAD '!D98+VIVIENDAS!D98 -> 100 | E98: 50106.59 | F98: =D98*E98 -> 5010659
A99: 6,1,10 | B99: TUBERÍA CONDUIT 3/4 | C99: m | D99: ='MATERIALES COMPUEST'!D101+'TALLER ELECTRICOS '!D99+'SERVOS Y PINTURAS '!D99+'LAB INSPECC'!D99+'DEPOT T 53'!D99+MISCELANEOS!D99+'ECONOMATO '!D99+'MALLA PERIMETRAL '!D100+'BOG MPT6 '!D99+'ESCAM '!D99+'SANIDAD '!D99+VIVIENDAS!D99 -> 96 | E99: 5933.28 | F99: =D99*E99 -> 569594.88
A100: 6,1,11 | B100: DUCTERÍA TIPO IMC DE 1 X Ø1" INCLUYE UNIÓN, CURVAS, TERMINALES, CAJAS DE PASO Y TODOS LOS ELEMENTOS NECESARIOS PARA SU CORRECTA INSTALACIÓN Y PUESTA EN FUNCIONAMIENTO | C100: ml | D100: ='MATERIALES COMPUEST'!D102+'TALLER ELECTRICOS '!D100+'SERVOS Y PINTURAS '!D100+'LAB INSPECC'!D100+'DEPOT T 53'!D100+MISCELANEOS!D100+'ECONOMATO '!D100+'MALLA PERIMETRAL '!D101+'BOG MPT6 '!D100+'ESCAM '!D100+'SANIDAD '!D100+VIVIENDAS!D100 -> 30 | E100: 29346.96 | F100: =D100*E100 -> 880408.8
A101: 6,1,12 | B101: DUCTERÍA TIPO IMC DE 1 X Ø1-1/2" NCLUYE UNIÓN, CURVAS, TERMINALES, CONDULETAS Y TODOS LOS ELEMENTOS NECESARIOS PARA SU CORRECTA INSTALACIÓN Y PUESTA EN FUNCIONAMIENTO | C101: ml | D101: ='MATERIALES COMPUEST'!D103+'TALLER ELECTRICOS '!D101+'SERVOS Y PINTURAS '!D101+'LAB INSPECC'!D101+'DEPOT T 53'!D101+MISCELANEOS!D101+'ECONOMATO '!D101+'MALLA PERIMETRAL '!D102+'BOG MPT6 '!D101+'ESCAM '!D101+'SANIDAD '!D101+VIVIENDAS!D101 -> 20 | E101: 32788.31 | F101: =D101*E101 -> 655766.2
A102: 6,1,13 | B102: DUCTERÍA TIPO IMC DE 1 X Ø2" INCLUYE UNIÓN, CURVAS, TERMINALES, CAJAS DE PASO Y TODOS LOS ELEMENTOS NECESARIOS PARA SU CORRECTA INSTALACIÓN Y PUESTA EN FUNCIONAMIENTO | C102: ml | D102: ='MATERIALES COMPUEST'!D104+'TALLER ELECTRICOS '!D102+'SERVOS Y PINTURAS '!D102+'LAB INSPECC'!D102+'DEPOT T 53'!D102+MISCELANEOS!D102+'ECONOMATO '!D102+'MALLA PERIMETRAL '!D103+'BOG MPT6 '!D102+'ESCAM '!D102+'SANIDAD '!D102+VIVIENDAS!D102 -> 28 | E102: 60263.38 | F102: =D102*E102 -> 1687374.6
...

Sheet MATERIALES COMPUEST
B1: FORMATO DE OFERTA ECONOMICA
A3: ITEM | B3: ACTIVIDAD | C3: UN | D3: CANTIDAD | E3: VR. UNITARIO | F3: VR. TOTAL
A4: 1 | B4: PRELIMINARES
A5: 1.01 | B5: DEMOLICION DE ENCHAPE DE PISOS Y PAREDES | C5: m² | E5: 43704.15 | F5: =D5*E5 -> 0
A6: 1.02 | B6: DEMOLICIÓN POYOS DUCHAS | C6: ml | E6: 12300.17 | F6: =D6*E6 -> 0
A7: 1.03 | B7: DESMONTE PUERTAS Y VENTANAS | C7: m² | E7: 5770.56 | F7: =D7*E7 -> 0
A8: 1.04 | B8: DEMOLICIÓN DE GUARDA ESCOBA. | C8: m | E8: 3274.08 | F8: =D8*E8 -> 0
A9: 1.05 | B9: ESCARIFICADO DE PINTURA EN PAREDES | C9: m² | E9: 3577.1 | F9: =D9*E9 -> 0
A10: 1.06 | B10: DESMONTE DE CIELO RASO, INCLUYE DESMONTE DE ESTRUCTURA | C10: m² | D10: 105.47 | F10: =D10*E10 -> 0
A11: 1.07 | B11: DESMONTE Y REINSTALACION DE PUERTA METALICA TIPO HANGAR MARCOS, RIELES Y ANGULOS | C11: m² | D11: 30 | F11: =D11*E11 -> 0
A12: 1.08 | B12: ESCARIFICADO DE PAÑETE EN PAREDES | C12: m² | E12: 5561.38 | F12: =D12*E12 -> 0
A13: 1.09 | B13: DESMONTE DE ESTRUCTURA EN MADERA Y METALICA PARA CUBIERTA | C13: m² | E13: 16984.01 | F13: =D13*E13 -> 0
A14: 1.1 | B14: DEMOLICIÓN DE CERRAMIENTO EXISTENTE EN MALLA ESLABONADA CON TUBERÍA DE ACERO GALVANIZADO DE +-2" Y ANTEPECHO DE ALTURA APROXIMADA DE 0.60MTS. INCLUYE EL RETIRO DEL MATERIAL DEMOLIDO. | C14: m² | E14: 30132.38 | F14: =D14*E14 -> 0
A15: 1.11 | B15: DEMOLICIÓN MUROS 0.15M | C15: m² | E15: 7079.05 | F15: =D15*E15 -> 0
A16: 1.12 | B16: DEMOLICIÓN PLACAS MACIZAS 0.15M | C16: m² | E16: 59816.37 | F16: =D16*E16 -> 0
A17: 1.13 | B17: DESMONTE APARATOS SANITARIOS | C17: un | E17: 5663.24 | F17: =D17*E17 -> 0
A18: 1.14 | B18: DESMONTE CUBIERTAS ASBESTO CEMENTO | C18: m² | E18: 9095.52 | F18: =D18*E18 -> 0
A19: 1.15 | B19: DESMONTE CANAL AGUAS LLUVIAS | C19: ml | E19: 14991.53 | F19: =D19*E19 -> 0
B20: Total PRELIMINARES | F20: =SUM(F5:F19) -> 0
A21: 2 | B21: MOVIMIENTO DE TIERRAS
A22: 2.01 | B22: RELLENO Y COMPACTACIÓN CON MATERIAL DE EXCAVACIÓN SELECCIONADO | C22: m³ | E22: 18941.08 | F22: =D22*E22 -> 0
A23: 2.02 | B23: TRANSPORTE DE MATERIAL/SOBRANTE U OTRO Y DISPOSICIÓN FINAL DE SOBRANTES A SITIO AUTORIZADO. | C23: m³ | D23: 6 | F23: =D23*E23 -> 0
A24: 2.03 | B24: EXCAVACION MANUAL EN TERRENO CONSISTENTE, NO INCLUYE CARGUE, RETIRO Y DISPOSICION FINAL DE EXCAVACION | C24: m³ | E24: 19478.87 | F24: =D24*E24 -> 0
A25: 2.04 | B25: EXCAVACIÓN MANUAL EN MATERIAL COMÚN. INCLUYE CARGUE, TRANSPORTE Y DISPOSICIÓN FINAL DE SOBRANTES A SITIO AUTORIZADO DE 0 - 2,00 MTS. | C25: m³ | E25: 41556.66 | F25: =D25*E25 -> 0
B26: Total MOVIMIENTO DE TIERRAS | F26: =SUM(F22:F25) -> 0
A27: 3 | B27: CIMENTACIÓN
A28: 3.01 | B28: SOLADO DE LIMPIEZA EN CONCRETO DE 2.000 PSI DE E=0.05 M SEGÚN PLANOS. INCLUYE MATERIALES, MANO DE OBRA, EQUIPOS Y HERRAMIENTAS NECESARIAS | C28: m² | E28: 25198.68 | F28: =D28*E28 -> 0
A29: 3.02 | B29: VIGAS DE CIMENTACION EN CONCRETO DE 3.000 PSI IMPERMEABILIZADO SEGÚN PLANOS. INCLUYE MANO DE OBRA, FORMALETAS, EQUIPOS Y HERRAMIENTAS NECESARIAS, NO INCLUYE ACERO DE REFUERZO. | C29: m³ | E29: 746916.81 | F29: =D29*E29 -> 0
A30: 3.03 | B30: PLACA DE CONTRAPISO EN CONCRETO DE 3.000 PSI IMPERMEABILIZADO, SEGÚN PLANOS. INCLUYE MANO DE OBRA, FORMALETAS, EQUIPOS Y HERRAMIENTAS NECESARIAS, E=0.15 M, NO INCLUYE ACERO DE REFUERZO | C30: m² | E30: 158491.85 | F30: =D30*E30 -> 0
A31: 3.04 | B31: MALLA ELECTROSOLDADA FY 485 MPA -NTC 5806, INCLUYE ALAMBRE NEGRO TRASIEGO, MANEJO | C31: kg | E31: 4821.48 | F31: =D31*E31 -> 0
B32: Total CIMENTACIÓN | F32: =SUM(F28:F31) -> 0
A33: 4 | B33: ESTRUCTURA
A34: 4.01 | B34: VIGAS AEREAS EN CONCRETO DE 3.000 PSI SEGÚN PLANOS. INCLUYE MANO DE OBRA, FORMALETAS, EQUIPOS Y HERRAMIENTAS NECESARIAS, NO INCLUYE ACERO DE REFUERZO | C34: m³ | E34: 741920.57 | F34: =D34*E34 -> 0
A35: 4.02 | B35: COLUMNA EN CONCRETO DE 3.000 PSI SEGÚN PLANOS. INCLUYE MANO DE OBRA, FORMALETAS, EQUIPOS Y HERRAMIENTAS NECESARIAS, NO INCLUYE ACERO DE REFUERZO | C35: m³ | E35: 784064.81 | F35: =D35*E35 -> 0
A36: 4.03 | B36: ACERO DE REFUERZO ESTRUCTURAL FY: 420 MPA GR 60 -NTC 2289 | C36: kg | E36: 6549.36 | F36: =D36*E36 -> 0
A37: 4.04 | B37: RIEL METALICO PARA PUERTA METALICA TIPO HANGAR. INCLUYE CAMBIO DE RODAMIENTOS Y TODOS LOS ELEMENTOS ESTRUCTURALES PARA SU MONTAJE Y CORRECTO FUNCIONAMIENTO COMO TAMBIÉN PINTURA EN ANTICORROSIVO Y ESMALTE. | C37: kg | D37: 90 | F37: =D37*E37 -> 0
A38: 4.05 | B38: PERFILERIA ESTRUCTURAL EN ACERO A500 GR C. INCLUYE TODOS LOS ELEMENTOS ESTRUCTURALES PARA SU MONTAJE Y CORRECTO FUNCIONAMIENTO COMO TAMBIÉN PINTURA EN ANTICORROSIVO, ESMALTE, CONEXIONES, PLATINAS, ANCLAJES Y SOLDADURA. | C38: kg | E38: 23685.69 | F38: =D38*E38 -> 0
A39: 4.06 | B39: ESTRUCTURA METÁLICA EN ACERO ESTRUCTURAL, TALES COMO PERFILES, PLATINAS, CORREAS Y DEMÁS ELEMENTOS. INCLUYE MONTAJE, APLICACION DE SIKAPERMACOR SERIE 82 TIPO SIKA O SIMILAR A UN ESPESOR DE PELÍCULA SECA DE 10.0 A 12.0 MILS, ESMALTE URETANO SERIE 36 TIPO S | C39: kg | E39: 20839.02 | F39: =D39*E39 -> 0
B40: Total ESTRUCTURA | F40: =SUM(F34:F39) -> 0
A41: 5 | B41: INSTALACIONES HIDROSANITARIAS
A42: 5.01 | B42: CIMENTACION Y ATRAQUE DE TUBERIA | C42: m³ | E42: 78626.05 | F42: =D42*E42 -> 0
A43: 5.02 | B43: REGATA PARA INSTALACIÓN DE TUBERÍA DE Ø 1/2" A Ø 2" (INCLUYE RESANE) | C43: m | E43: 5836.55 | F43: =D43*E43 -> 0
A44: 5.03 | B44: CONEXIÓN A RED HIDRÁULICA EXISTENTE Ø 1/2" . | C44: un | E44: 17241.7 | F44: =D44*E44 -> 0
A45: 5.04 | B45: CAJA DE INSPECCIÓN 0,60 X 0,6M H=0 - 0,5M, INCLUYE TAPA EN CONCRETO | C45: un | E45: 316401.66 | F45: =D45*E45 -> 0
A46: 5.05 | B46: PERFORACIÓN Y RESANE DE CAJAS DE INSPECCIÓN PARA INSTALACIÓN DE DUCTERIA ADICIONAL. | C46: un | E46: 237314.2 | F46: =D46*E46 -> 0
A47: 5.1 | B47: TUBERIA SANITARIA
A48: 5,1,1 | B48: TUBERÍA PVC SANITARIA Ø 2", INCLUYE ACCESORIOS PARA SU CORRECTA INSTALACION | C48: ml | E48: 33885.72 | F48: =D48*E48 -> 0
A49: 5,1,2 | B49: TUBERÍA PVC SANITARIA Ø 4", INCLUYE ACCESORIOS PARA SU CORRECTA INSTALACION | C49: ml | E49: 55298.86 | F49: =D49*E49 -> 0
A50: 5,1,3 | B50: TUBERÍA DE VENTILACIÓN Ø 2", INCLUYE ACCESORIOS PARA SU CORRECTA INSTALACION | C50: ml | E50: 23764.13 | F50: =D50*E50 -> 0
A51: 5,1,4 | B51: TUBERÍA PVC SANITARIA Ø 3", INCLUYE ACCESORIOS PARA SU CORRECTA INSTALACION | C51: ml | E51: 30586.12 | F51: =D51*E51 -> 0
A52: 5,1,5 | B52: SALIDA SANITARIA LAVAMANOS 2 | C52: un | E52: 79307.14 | F52: =D52*E52 -> 0
A53: 5,1,6 | B53: SALIDA SANITARIA LAVAPLATOS 2 | C53: un | E53: 53995.14 | F53: =D53*E53 -> 0
A54: 5,1,7 | B54: SALIDA SANITARIA INODORO 4 | C54: un | E54: 107600.48 | F54: =D54*E54 -> 0
A55: 5,1,8 | B55: BAJANTE AGUAS LLUVIA 4 | C55: ml | E55: 52255.73 | F55: =D55*E55 -> 0
A56: 5,1,9 | B56: SALIDA SANITARIA DUCHA 2 | C56: un | E56: 72419.19 | F56: =D56*E56 -> 0
A57: 5,1,10 | B57: SALIDA SANITARIA LAVADERO 2 | C57: un | E57: 107431.98 | F57: =D57*E57 -> 0
A58: 5,1,11 | B58: SALIDA SANITARIA LAVADORA 2 | C58: un | E58: 90110.84 | F58: =D58*E58 -> 0
A59: 5,1,12 | B59: SALIDA SANITARIA SIFÓN DE PISO 3 | C59: un | E59: 93038.19 | F59: =D59*E59 -> 0
A60: 5,1,13 | B60: SIFÓN Ø 3X2", INCLUYE ACCESORIOS PARA SU CORRECTA INSTALACION | C60: un | E60: 47133.59 | F60: =D60*E60 -> 0
A61: 5.2 | B61: TUBERIA HIDRAULICA
A62: 5,2,1 | B62: TUBERÍA PVC PRESIÓN RDE 13.5 Ø 1/2", INCLUYE ACCESORIOS PARA SU CORRECTA INSTALACIÓN. | C62: ml | E62: 23538.44 | F62: =D62*E62 -> 0
A63: 5,2,2 | B63: TUBERÍA PVC PRESIÓN RDE 21 Ø 3/4", INCLUYE ACCESORIOS PARA SU CORRECTA INSTALACIÓN. | C63: ml | E63: 36671.61 | F63: =D63*E63 -> 0
A64: 5,2,3 | B64: PUNTO A.F. ORINAL O LAVAMANOS | C64: un | E64: 23847.31 | F64: =D64*E64 -> 0
A65: 5,2,4 | B65: PUNTO A.F. LAVAPLATOS | C65: un | E65: 24111.48 | F65: =D65*E65 -> 0
A66: 5,2,5 | B66: PUNTO A.F. INODORO | C66: un | E66: 23066.48 | F66: =D66*E66 -> 0
A67: 5,2,6 | B67: PUNTO DE AGUA FRIA Ø 1/2" , INCLUYE ACCESORIOS PARA SU CORRECTA INSTALACIÓN. | C67: un | E67: 48315.47 | F67: =D67*E67 -> 0
A68: 5,2,7 | B68: PUNTO A.F. LAVADERO | C68: un | E68: 18037.49 | F68: =D68*E68 -> 0
A69: 5,2,8 | B69: PUNTO A.F. DUCHA | C69: un | E69: 275428.96 | F69: =D69*E69 -> 0
A70: 5,2,9 | B70: TUBERÍA PVC PRESIÓN RDE 21 Ø 1", INCLUYE ACCESORIOS PARA SU CORRECTA INSTALACIÓN. | C70: ml | E70: 19264.51 | F70: =D70*E70 -> 0
A71: 5,2,10 | B71: PUNTO A.F. DE Ø 1" INCLUYE ACCESORIOS PARA SU CORRECTA INSTALACIÓN | C71: un | E71: 60188.91 | F71: =D71*E71 -> 0
A72: 5,2,11 | B72: CONEXIÓN A RED HIDRAULIZA EXISTENTE | C72: un | E72: 75485.22 | F72: =D72*E72 -> 0
A73: 5.3 | B73: TUBERIA AGUA CALIENTE
A74: 5,3,1 | B74: TUBERÍA CPVC 1/2 | C74: m | E74: 15091.74 | F74: =D74*E74 -> 0
A75: 5,3,2 | B75: PUNTO A.C. DUCHA | C75: un | E75: 19404.35 | F75: =D75*E75 -> 0
A76: 5,3,3 | B76: PUNTO A.C. LAVADORA | C76: un | E76: 36894.95 | F76: =D76*E76 -> 0
A77: 5,3,4 | B77: PUNTO A.C. LAVAPLATOS | C77: un | E77: 46228.16 | F77: =D77*E77 -> 0
A78: 5,3,5 | B78: PUNTO A.C. CALENTADOR | C78: un | E78: 66451.95 | F78: =D78*E78 -> 0
A79: 5.4 | B79: REGISTROS Y ACCESORIOS
A80: 5,4,1 | B80: VÁLVULA DE REGISTRO 1/2 | C80: un | E80: 81782.74 | F80: =D80*E80 -> 0
A81: 5,4,2 | B81: BUJE SOLDADO PVCP 3/4X1/2 | C81: un | E81: 5055.28 | F81: =D81*E81 -> 0
A82: 5,4,3 | B82: VÁLVULA DE CORTINA CON REGISTRO 1/2 | C82: un | E82: 119732.74 | F82: =D82*E82 -> 0
A83: 5,4,4 | B83: REGISTRO DE AGUA TIPO BOLA INCLUYE TAPA Y CAJA Ø 1" | C83: un | E83: 88103.15 | F83: =D83*E83 -> 0
A84: 5,4,5 | B84: VÁLVULA DE REGISTRO DE Ø 1" | C84: un | E84: 44770.3 | F84: =D84*E84 -> 0
B85: Total INSTALACIONES HIDROSANITARIAS | F85: =SUM(F42:F84) -> 0
A86: 6 | B86: INSTALACIONES ELECTRICAS
A87: 6.01 | B87: DESMONTE Y REINSTALACIÓN DE LUMINARIAS | C87: un | E87: 11151.84 | F87: =D87*E87 -> 0
A88: 6.02 | B88: CAJA 5800 CON TAPA CIEGA | C88: un | E88: 25347.6 | F88: =D88*E88 -> 0
A89: 6.03 | B89: TABLERO TRIFÁSICO 12 CIRCUITOS | C89: un | E89: 302497.32 | F89: =D89*E89 -> 0
A90: 6.04 | B90: SUMINISTRO INST. TAPA INTERRUPTOR DOBLE | C90: un | E90: 21228.92 | F90: =D90*E90 -> 0
A91: 6.1 | B91: ACOMETIDAS, CABLES Y TUBERIAS
A92: 6,1,1 | B92: ACOMETIDA EN CABLE 1N10 Cu AWG PE-HFFR-LS (FASES) + 1N10 Cu AWG PE-HFFR-LS (NEUTRO) + 1N12 Cu AWG (TIERRA), INCLUYE BORNAS DE CONEXIÓN, TERMINALES Y DEMÁS ACCESORIOS NECESARIOS PARA GARANTIZAR SU CORRECTA INSTALACIÓN Y PUESTA EN SERVICIO. | C92: m | E92: 22845.17 | F92: =D92*E92 -> 0
A93: 6,1,2 | B93: ACOMETIDA EN CABLE 3N8 Cu AWG PE-HFFR-LS (FASES) + 1N8 Cu AWG PE-HFFR-LS (NEUTRO) + 1N10 Cu AWG (TIERRA), INCLUYE BORNAS DE CONEXIÓN, TERMINALES Y DEMÁS ACCESORIOS NECESARIOS PARA GARANTIZAR SU CORRECTA INSTALACIÓN Y PUESTA EN SERVICIO. | C93: m | E93: 47253.3 | F93: =D93*E93 -> 0
A94: 6,1,3 | B94: ACOMETIDA EN CABLE 3N10 Cu AWG PE-HFFR-LS (FASES) + 1N10 Cu AWG PE-HFFR-LS (NEUTRO) + 1N12 Cu AWG (TIERRA), INCLUYE BORNAS DE CONEXIÓN, TERMINALES Y DEMÁS ACCESORIOS NECESARIOS PARA GARANTIZAR SU CORRECTA INSTALACIÓN Y PUESTA EN SERVICIO. | C94: m | E94: 34420 | F94: =D94*E94 -> 0
A95: 6,1,4 | B95: ACOMETIDA EN CABLE 1N12 Cu AWG PE-HFFR-LS (FASES) + 1N12 Cu AWG PE-HFFR-LS (NEUTRO) + 1N12 Cu AWG (TIERRA), INCLUYE BORNAS DE CONEXIÓN, TERMINALES Y DEMÁS ACCESORIOS NECESARIOS PARA GARANTIZAR SU CORRECTA INSTALACIÓN Y PUESTA EN SERVICIO. | C95: m | E95: 19065.39 | F95: =D95*E95 -> 0
A96: 6,1,5 | B96: ACOMETIDA EN CABLE 2N4/0 Cu AWG PE-HFFR-LS (FASES) + 1N4/0 Cu AWG PE-HFFR-LS (NEUTRO) + 1N4/0 Cu AWG (TIERRA), INCLUYE BORNAS DE CONEXIÓN, TERMINALES Y DEMÁS ACCESORIOS NECESARIOS PARA GARANTIZAR SU CORRECTA INSTALACIÓN Y PUESTA EN SERVICIO. | C96: m | E96: 418620.34 | F96: =D96*E96 -> 0
A97: 6,1,6 | B97: ACOMETIDA EN CABLE 1N10 Cu AWG PE-HFFR-LS (FASES) + 1N10 Cu AWG PE-HFFR-LS (NEUTRO) + 1N10 Cu AWG (TIERRA), INCLUYE BORNAS DE CONEXIÓN, TERMINALES Y DEMÁS ACCESORIOS NECESARIOS PARA GARANTIZAR SU CORRECTA INSTALACIÓN Y PUESTA EN SERVICIO. | C97: m | E97: 26015.62 | F97: =D97*E97 -> 0
A98: 6,1,7 | B98: PUESTA TIERRA MEDIANTE UNA (01) VARILLAS CW 5/8" COBRE- 99%, INCLUYE EXCAVACION, UN (01) PUNTO DE SOLDADURA EXOTÉRMICA, UNA (01) BOLSAS 25KG DE TRATAMIENTO FISICOQUIMICO DE TERRENO, CAJA DE INSPECCIÓN DE (0,30X0,30)M CON TAPA Y TODO LO NECESARIO PARA SU CORRECTA INSTALACIÓN | C98: un | E98: 549748 | F98: =D98*E98 -> 0
A99: 6,1,8 | B99: CABLE ENCAUCHETADO 3 X NO. 14 AWGXCU INCLUYE TUBERIA EMT ACCESORIOS PARA SU CORRECTA INSTALACIÓN Y PUESTA EN FUNCIONAMIENTO. | C99: m | E99: 17120.95 | F99: =D99*E99 -> 0
A100: 6,1,9 | B100: DUCTERÍA TIPO EMT DE 1 X Ø 3/4" INCLUYE UNIÓN, CURVAS, TERMINALES, CAJAS DE PASO Y TODOS LOS ELEMENTOS NECESARIOS PARA SU CORRECTA INSTALACIÓN Y PUESTA EN FUNCIONAMIENTO | C100: ml | E100: 50106.59 | F100: =D100*E100 -> 0
A101: 6,1,10 | B101: TUBERÍA CONDUIT 3/4 | C101: m | E101: 5933.28 | F101: =D101*E101 -> 0
...

Sheet TALLER ELECTRICOS 
A1: ITEM | B1: ACTIVIDAD | C1: UN | D1: CANTIDAD | E1: VR. UNITARIO | F1: VR. TOTAL
A2: 1 | B2: PRELIMINARES
A3: 1.01 | B3: DEMOLICION DE ENCHAPE DE PISOS Y PAREDES | C3: m² | D3: 94.6 | F3: =D3*E3 -> 0
A4: 1.02 | B4: DEMOLICIÓN POYOS DUCHAS | C4: ml | D4: 2.3 | F4: =D4*E4 -> 0
A5: 1.03 | B5: DESMONTE PUERTAS Y VENTANAS | C5: m² | D5: 0.82 | F5: =D5*E5 -> 0
A6: 1.04 | B6: DEMOLICIÓN DE GUARDA ESCOBA. | C6: m | F6: =D6*E6 -> 0
A7: 1.05 | B7: ESCARIFICADO DE PINTURA EN PAREDES | C7: m² | F7: =D7*E7 -> 0
A8: 1.06 | B8: DESMONTE DE CIELO RASO, INCLUYE DESMONTE DE ESTRUCTURA | C8: m² | D8: 350 | F8: =D8*E8 -> 0
A9: 1.07 | B9: DESMONTE Y REINSTALACION DE PUERTA METALICA TIPO HANGAR MARCOS, RIELES Y ANGULOS | C9: m² | F9: =D9*E9 -> 0
A10: 1.08 | B10: ESCARIFICADO DE PAÑETE EN PAREDES | C10: m² | D10: 4 | F10: =D10*E10 -> 0
A11: 1.09 | B11: DESMONTE DE ESTRUCTURA EN MADERA Y METALICA PARA CUBIERTA | C11: m² | F11: =D11*E11 -> 0
A12: 1.1 | B12: DEMOLICIÓN DE CERRAMIENTO EXISTENTE EN MALLA ESLABONADA CON TUBERÍA DE ACERO GALVANIZADO DE +-2" Y ANTEPECHO DE ALTURA APROXIMADA DE 0.60MTS. INCLUYE EL RETIRO DEL MATERIAL DEMOLIDO. | C12: m² | F12: =D12*E12 -> 0
A13: 1.11 | B13: DEMOLICIÓN MUROS 0.15M | C13: m² | D13: 0.3 | F13: =D13*E13 -> 0
A14: 1.12 | B14: DEMOLICIÓN PLACAS MACIZAS 0.15M | C14: m² | D14: 8.8 | F14: =D14*E14 -> 0
A15: 1.13 | B15: DESMONTE APARATOS SANITARIOS | C15: un | D15: 7 | F15: =D15*E15 -> 0
A16: 1.14 | B16: DESMONTE CUBIERTAS ASBESTO CEMENTO | C16: m² | E16: 9095.52 | F16: =D16*E16 -> 0
A17: 1.15 | B17: DESMONTE CANAL AGUAS LLUVIAS | C17: ml | E17: 14991.53 | F17: =D17*E17 -> 0
B18: Total PRELIMINARES | F18: =SUM(F3:F17) -> 0
A19: 2 | B19: MOVIMIENTO DE TIERRAS
A20: 2.01 | B20: RELLENO Y COMPACTACIÓN CON MATERIAL DE EXCAVACIÓN SELECCIONADO | C20: m³ | D20: 3.5 | F20: =D20*E20 -> 0
A21: 2.02 | B21: TRANSPORTE DE MATERIAL/SOBRANTE U OTRO Y DISPOSICIÓN FINAL DE SOBRANTES A SITIO AUTORIZADO. | C21: m³ | D21: 18 | F21: =D21*E21 -> 0
A22: 2.03 | B22: EXCAVACION MANUAL EN TERRENO CONSISTENTE, NO INCLUYE CARGUE, RETIRO Y DISPOSICION FINAL DE EXCAVACION | C22: m³ | D22: 4.4 | F22: =D22*E22 -> 0
A23: 2.04 | B23: EXCAVACIÓN MANUAL EN MATERIAL COMÚN. INCLUYE CARGUE, TRANSPORTE Y DISPOSICIÓN FINAL DE SOBRANTES A SITIO AUTORIZADO DE 0 - 2,00 MTS. | C23: m³ | E23: 41556.66 | F23: =D23*E23 -> 0
B24: Total MOVIMIENTO DE TIERRAS | F24: =SUM(F20:F23) -> 0
A25: 3 | B25: CIMENTACIÓN
A26: 3.01 | B26: SOLADO DE LIMPIEZA EN CONCRETO DE 2.000 PSI DE E=0.05 M SEGÚN PLANOS. INCLUYE MATERIALES, MANO DE OBRA, EQUIPOS Y HERRAMIENTAS NECESARIAS | C26: m² | E26: 25198.68 | F26: =D26*E26 -> 0
A27: 3.02 | B27: VIGAS DE CIMENTACION EN CONCRETO DE 3.000 PSI IMPERMEABILIZADO SEGÚN PLANOS. INCLUYE MANO DE OBRA, FORMALETAS, EQUIPOS Y HERRAMIENTAS NECESARIAS, NO INCLUYE ACERO DE REFUERZO. | C27: m³ | E27: 746916.81 | F27: =D27*E27 -> 0
A28: 3.03 | B28: PLACA DE CONTRAPISO EN CONCRETO DE 3.000 PSI IMPERMEABILIZADO, SEGÚN PLANOS. INCLUYE MANO DE OBRA, FORMALETAS, EQUIPOS Y HERRAMIENTAS NECESARIAS, E=0.15 M, NO INCLUYE ACERO DE REFUERZO | C28: m² | D28: 8.8 | F28: =D28*E28 -> 0
A29: 3.04 | B29: MALLA ELECTROSOLDADA FY 485 MPA -NTC 5806, INCLUYE ALAMBRE NEGRO TRASIEGO, MANEJO | C29: kg | D29: 18.2 | F29: =D29*E29 -> 0
B30: Total CIMENTACIÓN | F30: =SUM(F26:F29) -> 0
A31: 4 | B31: ESTRUCTURA
A32: 4.01 | B32: VIGAS AEREAS EN CONCRETO DE 3.000 PSI SEGÚN PLANOS. INCLUYE MANO DE OBRA, FORMALETAS, EQUIPOS Y HERRAMIENTAS NECESARIAS, NO INCLUYE ACERO DE REFUERZO | C32: m³ | E32: 741920.57 | F32: =D32*E32 -> 0
A33: 4.02 | B33: COLUMNA EN CONCRETO DE 3.000 PSI SEGÚN PLANOS. INCLUYE MANO DE OBRA, FORMALETAS, EQUIPOS Y HERRAMIENTAS NECESARIAS, NO INCLUYE ACERO DE REFUERZO | C33: m³ | E33: 784064.81 | F33: =D33*E33 -> 0
A34: 4.03 | B34: ACERO DE REFUERZO ESTRUCTURAL FY: 420 MPA GR 60 -NTC 2289 | C34: kg | E34: 6549.36 | F34: =D34*E34 -> 0
A35: 4.04 | B35: RIEL METALICO PARA PUERTA METALICA TIPO HANGAR. INCLUYE CAMBIO DE RODAMIENTOS Y TODOS LOS ELEMENTOS ESTRUCTURALES PARA SU MONTAJE Y CORRECTO FUNCIONAMIENTO COMO TAMBIÉN PINTURA EN ANTICORROSIVO Y ESMALTE. | C35: kg | E35: 25703.33 | F35: =D35*E35 -> 0
A36: 4.05 | B36: PERFILERIA ESTRUCTURAL EN ACERO A500 GR C. INCLUYE TODOS LOS ELEMENTOS ESTRUCTURALES PARA SU MONTAJE Y CORRECTO FUNCIONAMIENTO COMO TAMBIÉN PINTURA EN ANTICORROSIVO, ESMALTE, CONEXIONES, PLATINAS, ANCLAJES Y SOLDADURA. | C36: kg | E36: 23685.69 | F36: =D36*E36 -> 0
A37: 4.06 | B37: ESTRUCTURA METÁLICA EN ACERO ESTRUCTURAL, TALES COMO PERFILES, PLATINAS, CORREAS Y DEMÁS ELEMENTOS. INCLUYE MONTAJE, APLICACION DE SIKAPERMACOR SERIE 82 TIPO SIKA O SIMILAR A UN ESPESOR DE PELÍCULA SECA DE 10.0 A 12.0 MILS, ESMALTE URETANO SERIE 36 TIPO S | C37: kg | E37: 20839.02 | F37: =D37*E37 -> 0
B38: Total ESTRUCTURA | F38: =SUM(F32:F37) -> 0
A39: 5 | B39: INSTALACIONES HIDROSANITARIAS
A40: 5.01 | B40: CIMENTACION Y ATRAQUE DE TUBERIA | C40: m³ | E40: 78626.05 | F40: =D40*E40 -> 0
A41: 5.02 | B41: REGATA PARA INSTALACIÓN DE TUBERÍA DE Ø 1/2" A Ø 2" (INCLUYE RESANE) | C41: m | D41: 14.8 | F41: =D41*E41 -> 0
A42: 5.03 | B42: CONEXIÓN A RED HIDRÁULICA EXISTENTE Ø 1/2" . | C42: un | F42: =D42*E42 -> 0
A43: 5.04 | B43: CAJA DE INSPECCIÓN 0,60 X 0,6M H=0 - 0,5M, INCLUYE TAPA EN CONCRETO | C43: un | F43: =D43*E43 -> 0
A44: 5.05 | B44: PERFORACIÓN Y RESANE DE CAJAS DE INSPECCIÓN PARA INSTALACIÓN DE DUCTERIA ADICIONAL. | C44: un | D44: 1 | F44: =D44*E44 -> 0
A45: 5.1 | B45: TUBERIA SANITARIA
A46: 5,1,1 | B46: TUBERÍA PVC SANITARIA Ø 2", INCLUYE ACCESORIOS PARA SU CORRECTA INSTALACION | C46: ml | D46: 10.3 | F46: =D46*E46 -> 0
A47: 5,1,2 | B47: TUBERÍA PVC SANITARIA Ø 4", INCLUYE ACCESORIOS PARA SU CORRECTA INSTALACION | C47: ml | D47: 8 | F47: =D47*E47 -> 0
A48: 5,1,3 | B48: TUBERÍA DE VENTILACIÓN Ø 2", INCLUYE ACCESORIOS PARA SU CORRECTA INSTALACION | C48: ml | F48: =D48*E48 -> 0
A49: 5,1,4 | B49: TUBERÍA PVC SANITARIA Ø 3", INCLUYE ACCESORIOS PARA SU CORRECTA INSTALACION | C49: ml | D49: 1 | F49: =D49*E49 -> 0
A50: 5,1,5 | B50: SALIDA SANITARIA LAVAMANOS 2 | C50: un | D50: 5 | F50: =D50*E50 -> 0
A51: 5,1,6 | B51: SALIDA SANITARIA LAVAPLATOS 2 | C51: un | F51: =D51*E51 -> 0
A52: 5,1,7 | B52: SALIDA SANITARIA INODORO 4 | C52: un | D52: 2 | F52: =D52*E52 -> 0
A53: 5,1,8 | B53: BAJANTE AGUAS LLUVIA 4 | C53: ml | F53: =D53*E53 -> 0
A54: 5,1,9 | B54: SALIDA SANITARIA DUCHA 2 | C54: un | D54: 1 | F54: =D54*E54 -> 0
A55: 5,1,10 | B55: SALIDA SANITARIA LAVADERO 2 | C55: un | F55: =D55*E55 -> 0
A56: 5,1,11 | B56: SALIDA SANITARIA LAVADORA 2 | C56: un | F56: =D56*E56 -> 0
A57: 5,1,12 | B57: SALIDA SANITARIA SIFÓN DE PISO 3 | C57: un | D57: 1 | F57: =D57*E57 -> 0
A58: 5,1,13 | B58: SIFÓN Ø 3X2", INCLUYE ACCESORIOS PARA SU CORRECTA INSTALACION | C58: un | F58: =D58*E58 -> 0
A59: 5.2 | B59: TUBERIA HIDRAULICA
A60: 5,2,1 | B60: TUBERÍA PVC PRESIÓN RDE 13.5 Ø 1/2", INCLUYE ACCESORIOS PARA SU CORRECTA INSTALACIÓN. | C60: ml | D60: 5 | F60: =D60*E60 -> 0
A61: 5,2,2 | B61: TUBERÍA PVC PRESIÓN RDE 21 Ø 3/4", INCLUYE ACCESORIOS PARA SU CORRECTA INSTALACIÓN. | C61: ml | D61: 14.8 | F61: =D61*E61 -> 0
A62: 5,2,3 | B62: PUNTO A.F. ORINAL O LAVAMANOS | C62: un | D62: 5 | F62: =D62*E62 -> 0
A63: 5,2,4 | B63: PUNTO A.F. LAVAPLATOS | C63: un | F63: =D63*E63 -> 0
A64: 5,2,5 | B64: PUNTO A.F. INODORO | C64: un | D64: 2 | F64: =D64*E64 -> 0
A65: 5,2,6 | B65: PUNTO DE AGUA FRIA Ø 1/2" , INCLUYE ACCESORIOS PARA SU CORRECTA INSTALACIÓN. | C65: un | F65: =D65*E65 -> 0
A66: 5,2,7 | B66: PUNTO A.F. LAVADERO | C66: un | F66: =D66*E66 -> 0
A67: 5,2,8 | B67: PUNTO A.F. DUCHA | C67: un | D67: 1 | F67: =D67*E67 -> 0
A68: 5,2,9 | B68: TUBERÍA PVC PRESIÓN RDE 21 Ø 1", INCLUYE ACCESORIOS PARA SU CORRECTA INSTALACIÓN. | C68: ml | F68: =D68*E68 -> 0
A69: 5,2,10 | B69: PUNTO A.F. DE Ø 1" INCLUYE ACCESORIOS PARA SU CORRECTA INSTALACIÓN | C69: un | F69: =D69*E69 -> 0
A70: 5,2,11 | B70: CONEXIÓN A RED HIDRAULIZA EXISTENTE | C70: un | F70: =D70*E70 -> 0
A71: 5.3 | B71: TUBERIA AGUA CALIENTE
A72: 5,3,1 | B72: TUBERÍA CPVC 1/2 | C72: m | F72: =D72*E72 -> 0
A73: 5,3,2 | B73: PUNTO A.C. DUCHA | C73: un | F73: =D73*E73 -> 0
A74: 5,3,3 | B74: PUNTO A.C. LAVADORA | C74: un | F74: =D74*E74 -> 0
A75: 5,3,4 | B75: PUNTO A.C. LAVAPLATOS | C75: un | F75: =D75*E75 -> 0
A76: 5,3,5 | B76: PUNTO A.C. CALENTADOR | C76: un | F76: =D76*E76 -> 0
A77: 5.4 | B77: REGISTROS Y ACCESORIOS
A78: 5,4,1 | B78: VÁLVULA DE REGISTRO 1/2 | C78: un | F78: =D78*E78 -> 0
A79: 5,4,2 | B79: BUJE SOLDADO PVCP 3/4X1/2 | C79: un | D79: 8 | F79: =D79*E79 -> 0
A80: 5,4,3 | B80: VÁLVULA DE CORTINA CON REGISTRO 1/2 | C80: un | F80: =D80*E80 -> 0
A81: 5,4,4 | B81: REGISTRO DE AGUA TIPO BOLA INCLUYE TAPA Y CAJA Ø 1" | C81: un | D81: 1 | F81: =D81*E81 -> 0
A82: 5,4,5 | B82: VÁLVULA DE REGISTRO DE Ø 1" | C82: un | E82: 44770.3 | F82: =D82*E82 -> 0
B83: Total INSTALACIONES HIDROSANITARIAS | F83: =SUM(F40:F82) -> 0
A84: 6 | B84: INSTALACIONES ELECTRICAS
A85: 6.01 | B85: DESMONTE Y REINSTALACIÓN DE LUMINARIAS | C85: un | D85: 55 | F85: =D85*E85 -> 0
A86: 6.02 | B86: CAJA 5800 CON TAPA CIEGA | C86: un | F86: =D86*E86 -> 0
A87: 6.03 | B87: TABLERO TRIFÁSICO 12 CIRCUITOS | C87: un | F87: =D87*E87 -> 0
A88: 6.04 | B88: SUMINISTRO INST. TAPA INTERRUPTOR DOBLE | C88: un | D88: 4 | F88: =D88*E88 -> 0
A89: 6.1 | B89: ACOMETIDAS, CABLES Y TUBERIAS
A90: 6,1,1 | B90: ACOMETIDA EN CABLE 1N10 Cu AWG PE-HFFR-LS (FASES) + 1N10 Cu AWG PE-HFFR-LS (NEUTRO) + 1N12 Cu AWG (TIERRA), INCLUYE BORNAS DE CONEXIÓN, TERMINALES Y DEMÁS ACCESORIOS NECESARIOS PARA GARANTIZAR SU CORRECTA INSTALACIÓN Y PUESTA EN SERVICIO. | C90: m | F90: =D90*E90 -> 0
A91: 6,1,2 | B91: ACOMETIDA EN CABLE 3N8 Cu AWG PE-HFFR-LS (FASES) + 1N8 Cu AWG PE-HFFR-LS (NEUTRO) + 1N10 Cu AWG (TIERRA), INCLUYE BORNAS DE CONEXIÓN, TERMINALES Y DEMÁS ACCESORIOS NECESARIOS PARA GARANTIZAR SU CORRECTA INSTALACIÓN Y PUESTA EN SERVICIO. | C91: m | F91: =D91*E91 -> 0
A92: 6,1,3 | B92: ACOMETIDA EN CABLE 3N10 Cu AWG PE-HFFR-LS (FASES) + 1N10 Cu AWG PE-HFFR-LS (NEUTRO) + 1N12 Cu AWG (TIERRA), INCLUYE BORNAS DE CONEXIÓN, TERMINALES Y DEMÁS ACCESORIOS NECESARIOS PARA GARANTIZAR SU CORRECTA INSTALACIÓN Y PUESTA EN SERVICIO. | C92: m | F92: =D92*E92 -> 0
A93: 6,1,4 | B93: ACOMETIDA EN CABLE 1N12 Cu AWG PE-HFFR-LS (FASES) + 1N12 Cu AWG PE-HFFR-LS (NEUTRO) + 1N12 Cu AWG (TIERRA), INCLUYE BORNAS DE CONEXIÓN, TERMINALES Y DEMÁS ACCESORIOS NECESARIOS PARA GARANTIZAR SU CORRECTA INSTALACIÓN Y PUESTA EN SERVICIO. | C93: m | F93: =D93*E93 -> 0
A94: 6,1,5 | B94: ACOMETIDA EN CABLE 2N4/0 Cu AWG PE-HFFR-LS (FASES) + 1N4/0 Cu AWG PE-HFFR-LS (NEUTRO) + 1N4/0 Cu AWG (TIERRA), INCLUYE BORNAS DE CONEXIÓN, TERMINALES Y DEMÁS ACCESORIOS NECESARIOS PARA GARANTIZAR SU CORRECTA INSTALACIÓN Y PUESTA EN SERVICIO. | C94: m | F94: =D94*E94 -> 0
A95: 6,1,6 | B95: ACOMETIDA EN CABLE 1N10 Cu AWG PE-HFFR-LS (FASES) + 1N10 Cu AWG PE-HFFR-LS (NEUTRO) + 1N10 Cu AWG (TIERRA), INCLUYE BORNAS DE CONEXIÓN, TERMINALES Y DEMÁS ACCESORIOS NECESARIOS PARA GARANTIZAR SU CORRECTA INSTALACIÓN Y PUESTA EN SERVICIO. | C95: m | D95: 45 | F95: =D95*E95 -> 0
A96: 6,1,7 | B96: PUESTA TIERRA MEDIANTE UNA (01) VARILLAS CW 5/8" COBRE- 99%, INCLUYE EXCAVACION, UN (01) PUNTO DE SOLDADURA EXOTÉRMICA, UNA (01) BOLSAS 25KG DE TRATAMIENTO FISICOQUIMICO DE TERRENO, CAJA DE INSPECCIÓN DE (0,30X0,30)M CON TAPA Y TODO LO NECESARIO PARA SU CORRECTA INSTALACIÓN | C96: un | F96: =D96*E96 -> 0
A97: 6,1,8 | B97: CABLE ENCAUCHETADO 3 X NO. 14 AWGXCU INCLUYE TUBERIA EMT ACCESORIOS PARA SU CORRECTA INSTALACIÓN Y PUESTA EN FUNCIONAMIENTO. | C97: m | F97: =D97*E97 -> 0
A98: 6,1,9 | B98: DUCTERÍA TIPO EMT DE 1 X Ø 3/4" INCLUYE UNIÓN, CURVAS, TERMINALES, CAJAS DE PASO Y TODOS LOS ELEMENTOS NECESARIOS PARA SU CORRECTA INSTALACIÓN Y PUESTA EN FUNCIONAMIENTO | C98: ml | D98: 45 | F98: =D98*E98 -> 0
A99: 6,1,10 | B99: TUBERÍA CONDUIT 3/4 | C99: m | E99: 5933.28 | F99: =D99*E99 -> 0
A100: 6,1,11 | B100: DUCTERÍA TIPO IMC DE 1 X Ø1" INCLUYE UNIÓN, CURVAS, TERMINALES, CAJAS DE PASO Y TODOS LOS ELEMENTOS NECESARIOS PARA SU CORRECTA INSTALACIÓN Y PUESTA EN FUNCIONAMIENTO | C100: ml | E100: 29346.96 | F100: =D100*E100 -> 0
...

Sheet SERVOS Y PINTURAS 
A1: ITEM | B1: ACTIVIDAD | C1: UN | D1: CANTIDAD | E1: VR. UNITARIO | F1: VR. TOTAL
A2: 1 | B2: PRELIMINARES
A3: 1.01 | B3: DEMOLICION DE ENCHAPE DE PISOS Y PAREDES | C3: m² | E3: 43704.15 | F3: =D3*E3 -> 0
A4: 1.02 | B4: DEMOLICIÓN POYOS DUCHAS | C4: ml | E4: 12300.17 | F4: =D4*E4 -> 0
A5: 1.03 | B5: DESMONTE PUERTAS Y VENTANAS | C5: m² | E5: 5770.56 | F5: =D5*E5 -> 0
A6: 1.04 | B6: DEMOLICIÓN DE GUARDA ESCOBA. | C6: m | E6: 3274.08 | F6: =D6*E6 -> 0
A7: 1.05 | B7: ESCARIFICADO DE PINTURA EN PAREDES | C7: m² | D7: 6 | F7: =D7*E7 -> 0
A8: 1.06 | B8: DESMONTE DE CIELO RASO, INCLUYE DESMONTE DE ESTRUCTURA | C8: m² | D8: 16.57 | F8: =D8*E8 -> 0
A9: 1.07 | B9: DESMONTE Y REINSTALACION DE PUERTA METALICA TIPO HANGAR MARCOS, RIELES Y ANGULOS | C9: m² | D9: 11.41 | F9: =D9*E9 -> 0
A10: 1.08 | B10: ESCARIFICADO DE PAÑETE EN PAREDES | C10: m² | F10: =D10*E10 -> 0
A11: 1.09 | B11: DESMONTE DE ESTRUCTURA EN MADERA Y METALICA PARA CUBIERTA | C11: m² | F11: =D11*E11 -> 0
A12: 1.1 | B12: DEMOLICIÓN DE CERRAMIENTO EXISTENTE EN MALLA ESLABONADA CON TUBERÍA DE ACERO GALVANIZADO DE +-2" Y ANTEPECHO DE ALTURA APROXIMADA DE 0.60MTS. INCLUYE EL RETIRO DEL MATERIAL DEMOLIDO. | C12: m² | F12: =D12*E12 -> 0
A13: 1.11 | B13: DEMOLICIÓN MUROS 0.15M | C13: m² | F13: =D13*E13 -> 0
A14: 1.12 | B14: DEMOLICIÓN PLACAS MACIZAS 0.15M | C14: m² | F14: =D14*E14 -> 0
A15: 1.13 | B15: DESMONTE APARATOS SANITARIOS | C15: un | F15: =D15*E15 -> 0
A16: 1.14 | B16: DESMONTE CUBIERTAS ASBESTO CEMENTO | C16: m² | D16: 321.84 | F16: =D16*E16 -> 0 | H16: 8494.86 | I16: =+D16*H16 -> 2733985.7 | J16: =+F16-I16 -> -2733985.7
A17: 1.15 | B17: DESMONTE CANAL AGUAS LLUVIAS | C17: ml | E17: 14991.53 | F17: =D17*E17 -> 0
B18: Total PRELIMINARES | F18: =SUM(F3:F17) -> 0
A19: 2 | B19: MOVIMIENTO DE TIERRAS
A20: 2.01 | B20: RELLENO Y COMPACTACIÓN CON MATERIAL DE EXCAVACIÓN SELECCIONADO | C20: m³ | E20: 18941.08 | F20: =D20*E20 -> 0
A21: 2.02 | B21: TRANSPORTE DE MATERIAL/SOBRANTE U OTRO Y DISPOSICIÓN FINAL DE SOBRANTES A SITIO AUTORIZADO. | C21: m³ | D21: 18 | F21: =D21*E21 -> 0
A22: 2.03 | B22: EXCAVACION MANUAL EN TERRENO CONSISTENTE, NO INCLUYE CARGUE, RETIRO Y DISPOSICION FINAL DE EXCAVACION | C22: m³ | E22: 19478.87 | F22: =D22*E22 -> 0
A23: 2.04 | B23: EXCAVACIÓN MANUAL EN MATERIAL COMÚN. INCLUYE CARGUE, TRANSPORTE Y DISPOSICIÓN FINAL DE SOBRANTES A SITIO AUTORIZADO DE 0 - 2,00 MTS. | C23: m³ | E23: 41556.66 | F23: =D23*E23 -> 0
B24: Total MOVIMIENTO DE TIERRAS | F24: =SUM(F20:F23) -> 0
A25: 3 | B25: CIMENTACIÓN
A26: 3.01 | B26: SOLADO DE LIMPIEZA EN CONCRETO DE 2.000 PSI DE E=0.05 M SEGÚN PLANOS. INCLUYE MATERIALES, MANO DE OBRA, EQUIPOS Y HERRAMIENTAS NECESARIAS | C26: m² | E26: 25198.68 | F26: =D26*E26 -> 0
A27: 3.02 | B27: VIGAS DE CIMENTACION EN CONCRETO DE 3.000 PSI IMPERMEABILIZADO SEGÚN PLANOS. INCLUYE MANO DE OBRA, FORMALETAS, EQUIPOS Y HERRAMIENTAS NECESARIAS, NO INCLUYE ACERO DE REFUERZO. | C27: m³ | E27: 746916.81 | F27: =D27*E27 -> 0
A28: 3.03 | B28: PLACA DE CONTRAPISO EN CONCRETO DE 3.000 PSI IMPERMEABILIZADO, SEGÚN PLANOS. INCLUYE MANO DE OBRA, FORMALETAS, EQUIPOS Y HERRAMIENTAS NECESARIAS, E=0.15 M, NO INCLUYE ACERO DE REFUERZO | C28: m² | E28: 158491.85 | F28: =D28*E28 -> 0
A29: 3.04 | B29: MALLA ELECTROSOLDADA FY 485 MPA -NTC 5806, INCLUYE ALAMBRE NEGRO TRASIEGO, MANEJO | C29: kg | E29: 4821.48 | F29: =D29*E29 -> 0
B30: Total CIMENTACIÓN | F30: =SUM(F26:F29) -> 0
A31: 4 | B31: ESTRUCTURA
A32: 4.01 | B32: VIGAS AEREAS EN CONCRETO DE 3.000 PSI SEGÚN PLANOS. INCLUYE MANO DE OBRA, FORMALETAS, EQUIPOS Y HERRAMIENTAS NECESARIAS, NO INCLUYE ACERO DE REFUERZO | C32: m³ | E32: 741920.57 | F32: =D32*E32 -> 0
A33: 4.02 | B33: COLUMNA EN CONCRETO DE 3.000 PSI SEGÚN PLANOS. INCLUYE MANO DE OBRA, FORMALETAS, EQUIPOS Y HERRAMIENTAS NECESARIAS, NO INCLUYE ACERO DE REFUERZO | C33: m³ | E33: 784064.81 | F33: =D33*E33 -> 0
A34: 4.03 | B34: ACERO DE REFUERZO ESTRUCTURAL FY: 420 MPA GR 60 -NTC 2289 | C34: kg | E34: 6549.36 | F34: =D34*E34 -> 0
A35: 4.04 | B35: RIEL METALICO PARA PUERTA METALICA TIPO HANGAR. INCLUYE CAMBIO DE RODAMIENTOS Y TODOS LOS ELEMENTOS ESTRUCTURALES PARA SU MONTAJE Y CORRECTO FUNCIONAMIENTO COMO TAMBIÉN PINTURA EN ANTICORROSIVO Y ESMALTE. | C35: kg | E35: 25703.33 | F35: =D35*E35 -> 0
A36: 4.05 | B36: PERFILERIA ESTRUCTURAL EN ACERO A500 GR C. INCLUYE TODOS LOS ELEMENTOS ESTRUCTURALES PARA SU MONTAJE Y CORRECTO FUNCIONAMIENTO COMO TAMBIÉN PINTURA EN ANTICORROSIVO, ESMALTE, CONEXIONES, PLATINAS, ANCLAJES Y SOLDADURA. | C36: kg | D36: 700 | F36: =D36*E36 -> 0
A37: 4.06 | B37: ESTRUCTURA METÁLICA EN ACERO ESTRUCTURAL, TALES COMO PERFILES, PLATINAS, CORREAS Y DEMÁS ELEMENTOS. INCLUYE MONTAJE, APLICACION DE SIKAPERMACOR SERIE 82 TIPO SIKA O SIMILAR A UN ESPESOR DE PELÍCULA SECA DE 10.0 A 12.0 MILS, ESMALTE URETANO SERIE 36 TIPO S | C37: kg | E37: 20839.02 | F37: =D37*E37 -> 0
B38: Total ESTRUCTURA | F38: =SUM(F32:F37) -> 0
A39: 5 | B39: INSTALACIONES HIDROSANITARIAS
A40: 5.01 | B40: CIMENTACION Y ATRAQUE DE TUBERIA | C40: m³ | E40: 78626.05 | F40: =D40*E40 -> 0
A41: 5.02 | B41: REGATA PARA INSTALACIÓN DE TUBERÍA DE Ø 1/2" A Ø 2" (INCLUYE RESANE) | C41: m | E41: 5836.55 | F41: =D41*E41 -> 0
A42: 5.03 | B42: CONEXIÓN A RED HIDRÁULICA EXISTENTE Ø 1/2" . | C42: un | E42: 17241.7 | F42: =D42*E42 -> 0
A43: 5.04 | B43: CAJA DE INSPECCIÓN 0,60 X 0,6M H=0 - 0,5M, INCLUYE TAPA EN CONCRETO | C43: un | E43: 316401.66 | F43: =D43*E43 -> 0
A44: 5.05 | B44: PERFORACIÓN Y RESANE DE CAJAS DE INSPECCIÓN PARA INSTALACIÓN DE DUCTERIA ADICIONAL. | C44: un | E44: 237314.2 | F44: =D44*E44 -> 0
A45: 5.1 | B45: TUBERIA SANITARIA
A46: 5,1,1 | B46: TUBERÍA PVC SANITARIA Ø 2", INCLUYE ACCESORIOS PARA SU CORRECTA INSTALACION | C46: ml | E46: 33885.72 | F46: =D46*E46 -> 0
A47: 5,1,2 | B47: TUBERÍA PVC SANITARIA Ø 4", INCLUYE ACCESORIOS PARA SU CORRECTA INSTALACION | C47: ml | E47: 55298.86 | F47: =D47*E47 -> 0
A48: 5,1,3 | B48: TUBERÍA DE VENTILACIÓN Ø 2", INCLUYE ACCESORIOS PARA SU CORRECTA INSTALACION | C48: ml | E48: 23764.13 | F48: =D48*E48 -> 0
A49: 5,1,4 | B49: TUBERÍA PVC SANITARIA Ø 3", INCLUYE ACCESORIOS PARA SU CORRECTA INSTALACION | C49: ml | E49: 30586.12 | F49: =D49*E49 -> 0
A50: 5,1,5 | B50: SALIDA SANITARIA LAVAMANOS 2 | C50: un | E50: 79307.14 | F50: =D50*E50 -> 0
A51: 5,1,6 | B51: SALIDA SANITARIA LAVAPLATOS 2 | C51: un | E51: 53995.14 | F51: =D51*E51 -> 0
A52: 5,1,7 | B52: SALIDA SANITARIA INODORO 4 | C52: un | E52: 107600.48 | F52: =D52*E52 -> 0
A53: 5,1,8 | B53: BAJANTE AGUAS LLUVIA 4 | C53: ml | E53: 52255.73 | F53: =D53*E53 -> 0
A54: 5,1,9 | B54: SALIDA SANITARIA DUCHA 2 | C54: un | E54: 72419.19 | F54: =D54*E54 -> 0
A55: 5,1,10 | B55: SALIDA SANITARIA LAVADERO 2 | C55: un | E55: 107431.98 | F55: =D55*E55 -> 0
A56: 5,1,11 | B56: SALIDA SANITARIA LAVADORA 2 | C56: un | E56: 90110.84 | F56: =D56*E56 -> 0
A57: 5,1,12 | B57: SALIDA SANITARIA SIFÓN DE PISO 3 | C57: un | E57: 93038.19 | F57: =D57*E57 -> 0
A58: 5,1,13 | B58: SIFÓN Ø 3X2", INCLUYE ACCESORIOS PARA SU CORRECTA INSTALACION | C58: un | E58: 47133.59 | F58: =D58*E58 -> 0
A59: 5.2 | B59: TUBERIA HIDRAULICA
A60: 5,2,1 | B60: TUBERÍA PVC PRESIÓN RDE 13.5 Ø 1/2", INCLUYE ACCESORIOS PARA SU CORRECTA INSTALACIÓN. | C60: ml | E60: 23538.44 | F60: =D60*E60 -> 0
A61: 5,2,2 | B61: TUBERÍA PVC PRESIÓN RDE 21 Ø 3/4", INCLUYE ACCESORIOS PARA SU CORRECTA INSTALACIÓN. | C61: ml | E61: 36671.61 | F61: =D61*E61 -> 0
A62: 5,2,3 | B62: PUNTO A.F. ORINAL O LAVAMANOS | C62: un | E62: 23847.31 | F62: =D62*E62 -> 0
A63: 5,2,4 | B63: PUNTO A.F. LAVAPLATOS | C63: un | E63: 24111.48 | F63: =D63*E63 -> 0
A64: 5,2,5 | B64: PUNTO A.F. INODORO | C64: un | E64: 23066.48 | F64: =D64*E64 -> 0
A65: 5,2,6 | B65: PUNTO DE AGUA FRIA Ø 1/2" , INCLUYE ACCESORIOS PARA SU CORRECTA INSTALACIÓN. | C65: un | E65: 48315.47 | F65: =D65*E65 -> 0
A66: 5,2,7 | B66: PUNTO A.F. LAVADERO | C66: un | E66: 18037.49 | F66: =D66*E66 -> 0
A67: 5,2,8 | B67: PUNTO A.F. DUCHA | C67: un | E67: 275428.96 | F67: =D67*E67 -> 0
A68: 5,2,9 | B68: TUBERÍA PVC PRESIÓN RDE 21 Ø 1", INCLUYE ACCESORIOS PARA SU CORRECTA INSTALACIÓN. | C68: ml | E68: 19264.51 | F68: =D68*E68 -> 0
A69: 5,2,10 | B69: PUNTO A.F. DE Ø 1" INCLUYE ACCESORIOS PARA SU CORRECTA INSTALACIÓN | C69: un | E69: 60188.91 | F69: =D69*E69 -> 0
A70: 5,2,11 | B70: CONEXIÓN A RED HIDRAULIZA EXISTENTE | C70: un | E70: 75485.22 | F70: =D70*E70 -> 0
A71: 5.3 | B71: TUBERIA AGUA CALIENTE
A72: 5,3,1 | B72: TUBERÍA CPVC 1/2 | C72: m | E72: 15091.74 | F72: =D72*E72 -> 0
A73: 5,3,2 | B73: PUNTO A.C. DUCHA | C73: un | E73: 19404.35 | F73: =D73*E73 -> 0
A74: 5,3,3 | B74: PUNTO A.C. LAVADORA | C74: un | E74: 36894.95 | F74: =D74*E74 -> 0
A75: 5,3,4 | B75: PUNTO A.C. LAVAPLATOS | C75: un | E75: 46228.16 | F75: =D75*E75 -> 0
A76: 5,3,5 | B76: PUNTO A.C. CALENTADOR | C76: un | E76: 66451.95 | F76: =D76*E76 -> 0
A77: 5.4 | B77: REGISTROS Y ACCESORIOS
A78: 5,4,1 | B78: VÁLVULA DE REGISTRO 1/2 | C78: un | E78: 81782.74 | F78: =D78*E78 -> 0
A79: 5,4,2 | B79: BUJE SOLDADO PVCP 3/4X1/2 | C79: un | E79: 5055.28 | F79: =D79*E79 -> 0
A80: 5,4,3 | B80: VÁLVULA DE CORTINA CON REGISTRO 1/2 | C80: un | E80: 119732.74 | F80: =D80*E80 -> 0
A81: 5,4,4 | B81: REGISTRO DE AGUA TIPO BOLA INCLUYE TAPA Y CAJA Ø 1" | C81: un | E81: 88103.15 | F81: =D81*E81 -> 0
A82: 5,4,5 | B82: VÁLVULA DE REGISTRO DE Ø 1" | C82: un | E82: 44770.3 | F82: =D82*E82 -> 0
B83: Total INSTALACIONES HIDROSANITARIAS | F83: =SUM(F40:F82) -> 0
A84: 6 | B84: INSTALACIONES ELECTRICAS
A85: 6.01 | B85: DESMONTE Y REINSTALACIÓN DE LUMINARIAS | C85: un | E85: 11151.84 | F85: =D85*E85 -> 0
A86: 6.02 | B86: CAJA 5800 CON TAPA CIEGA | C86: un | E86: 25347.6 | F86: =D86*E86 -> 0
A87: 6.03 | B87: TABLERO TRIFÁSICO 12 CIRCUITOS | C87: un | E87: 302497.32 | F87: =D87*E87 -> 0
A88: 6.04 | B88: SUMINISTRO INST. TAPA INTERRUPTOR DOBLE | C88: un | E88: 21228.92 | F88: =D88*E88 -> 0
A89: 6.1 | B89: ACOMETIDAS, CABLES Y TUBERIAS
A90: 6,1,1 | B90: ACOMETIDA EN CABLE 1N10 Cu AWG PE-HFFR-LS (FASES) + 1N10 Cu AWG PE-HFFR-LS (NEUTRO) + 1N12 Cu AWG (TIERRA), INCLUYE BORNAS DE CONEXIÓN, TERMINALES Y DEMÁS ACCESORIOS NECESARIOS PARA GARANTIZAR SU CORRECTA INSTALACIÓN Y PUESTA EN SERVICIO. | C90: m | E90: 22845.17 | F90: =D90*E90 -> 0
A91: 6,1,2 | B91: ACOMETIDA EN CABLE 3N8 Cu AWG PE-HFFR-LS (FASES) + 1N8 Cu AWG PE-HFFR-LS (NEUTRO) + 1N10 Cu AWG (TIERRA), INCLUYE BORNAS DE CONEXIÓN, TERMINALES Y DEMÁS ACCESORIOS NECESARIOS PARA GARANTIZAR SU CORRECTA INSTALACIÓN Y PUESTA EN SERVICIO. | C91: m | E91: 47253.3 | F91: =D91*E91 -> 0
A92: 6,1,3 | B92: ACOMETIDA EN CABLE 3N10 Cu AWG PE-HFFR-LS (FASES) + 1N10 Cu AWG PE-HFFR-LS (NEUTRO) + 1N12 Cu AWG (TIERRA), INCLUYE BORNAS DE CONEXIÓN, TERMINALES Y DEMÁS ACCESORIOS NECESARIOS PARA GARANTIZAR SU CORRECTA INSTALACIÓN Y PUESTA EN SERVICIO. | C92: m | E92: 34420 | F92: =D92*E92 -> 0
A93: 6,1,4 | B93: ACOMETIDA EN CABLE 1N12 Cu AWG PE-HFFR-LS (FASES) + 1N12 Cu AWG PE-HFFR-LS (NEUTRO) + 1N12 Cu AWG (TIERRA), INCLUYE BORNAS DE CONEXIÓN, TERMINALES Y DEMÁS ACCESORIOS NECESARIOS PARA GARANTIZAR SU CORRECTA INSTALACIÓN Y PUESTA EN SERVICIO. | C93: m | E93: 19065.39 | F93: =D93*E93 -> 0
A94: 6,1,5 | B94: ACOMETIDA EN CABLE 2N4/0 Cu AWG PE-HFFR-LS (FASES) + 1N4/0 Cu AWG PE-HFFR-LS (NEUTRO) + 1N4/0 Cu AWG (TIERRA), INCLUYE BORNAS DE CONEXIÓN, TERMINALES Y DEMÁS ACCESORIOS NECESARIOS PARA GARANTIZAR SU CORRECTA INSTALACIÓN Y PUESTA EN SERVICIO. | C94: m | E94: 418620.34 | F94: =D94*E94 -> 0
A95: 6,1,6 | B95: ACOMETIDA EN CABLE 1N10 Cu AWG PE-HFFR-LS (FASES) + 1N10 Cu AWG PE-HFFR-LS (NEUTRO) + 1N10 Cu AWG (TIERRA), INCLUYE BORNAS DE CONEXIÓN, TERMINALES Y DEMÁS ACCESORIOS NECESARIOS PARA GARANTIZAR SU CORRECTA INSTALACIÓN Y PUESTA EN SERVICIO. | C95: m | E95: 26015.62 | F95: =D95*E95 -> 0
A96: 6,1,7 | B96: PUESTA TIERRA MEDIANTE UNA (01) VARILLAS CW 5/8" COBRE- 99%, INCLUYE EXCAVACION, UN (01) PUNTO DE SOLDADURA EXOTÉRMICA, UNA (01) BOLSAS 25KG DE TRATAMIENTO FISICOQUIMICO DE TERRENO, CAJA DE INSPECCIÓN DE (0,30X0,30)M CON TAPA Y TODO LO NECESARIO PARA SU CORRECTA INSTALACIÓN | C96: un | E96: 549748 | F96: =D96*E96 -> 0
A97: 6,1,8 | B97: CABLE ENCAUCHETADO 3 X NO. 14 AWGXCU INCLUYE TUBERIA EMT ACCESORIOS PARA SU CORRECTA INSTALACIÓN Y PUESTA EN FUNCIONAMIENTO. | C97: m | E97: 17120.95 | F97: =D97*E97 -> 0
A98: 6,1,9 | B98: DUCTERÍA TIPO EMT DE 1 X Ø 3/4" INCLUYE UNIÓN, CURVAS, TERMINALES, CAJAS DE PASO Y TODOS LOS ELEMENTOS NECESARIOS PARA SU CORRECTA INSTALACIÓN Y PUESTA EN FUNCIONAMIENTO | C98: ml | E98: 50106.59 | F98: =D98*E98 -> 0
A99: 6,1,10 | B99: TUBERÍA CONDUIT 3/4 | C99: m | E99: 5933.28 | F99: =D99*E99 -> 0
A100: 6,1,11 | B100: DUCTERÍA TIPO IMC DE 1 X Ø1" INCLUYE UNIÓN, CURVAS, TERMINALES, CAJAS DE PASO Y TODOS LOS ELEMENTOS NECESARIOS PARA SU CORRECTA INSTALACIÓN Y PUESTA EN FUNCIONAMIENTO | C100: ml | E100: 29346.96 | F100: =D100*E100 -> 0
...

Sheet LAB INSPECC
A1: ITEM | B1: ACTIVIDAD | C1: UN | D1: CANTIDAD | E1: VR. UNITARIO | F1: VR. TOTAL
A2: 1 | B2: PRELIMINARES
A3: 1.01 | B3: DEMOLICION DE ENCHAPE DE PISOS Y PAREDES | C3: m² | D3: 91.2 | F3: =D3*E3 -> 0
A4: 1.02 | B4: DEMOLICIÓN POYOS DUCHAS | C4: ml | F4: =D4*E4 -> 0
A5: 1.03 | B5: DESMONTE PUERTAS Y VENTANAS | C5: m² | F5: =D5*E5 -> 0
A6: 1.04 | B6: DEMOLICIÓN DE GUARDA ESCOBA. | C6: m | D6: 134.91 | F6: =D6*E6 -> 0
A7: 1.05 | B7: ESCARIFICADO DE PINTURA EN PAREDES | C7: m² | F7: =D7*E7 -> 0
A8: 1.06 | B8: DESMONTE DE CIELO RASO, INCLUYE DESMONTE DE ESTRUCTURA | C8: m² | F8: =D8*E8 -> 0
A9: 1.07 | B9: DESMONTE Y REINSTALACION DE PUERTA METALICA TIPO HANGAR MARCOS, RIELES Y ANGULOS | C9: m² | F9: =D9*E9 -> 0
A10: 1.08 | B10: ESCARIFICADO DE PAÑETE EN PAREDES | C10: m² | D10: 5.48 | F10: =D10*E10 -> 0
A11: 1.09 | B11: DESMONTE DE ESTRUCTURA EN MADERA Y METALICA PARA CUBIERTA | C11: m² | E11: 16984.01 | F11: =D11*E11 -> 0
A12: 1.1 | B12: DEMOLICIÓN DE CERRAMIENTO EXISTENTE EN MALLA ESLABONADA CON TUBERÍA DE ACERO GALVANIZADO DE +-2" Y ANTEPECHO DE ALTURA APROXIMADA DE 0.60MTS. INCLUYE EL RETIRO DEL MATERIAL DEMOLIDO. | C12: m² | E12: 30132.38 | F12: =D12*E12 -> 0
A13: 1.11 | B13: DEMOLICIÓN MUROS 0.15M | C13: m² | E13: 7079.05 | F13: =D13*E13 -> 0
A14: 1.12 | B14: DEMOLICIÓN PLACAS MACIZAS 0.15M | C14: m² | E14: 59816.37 | F14: =D14*E14 -> 0
A15: 1.13 | B15: DESMONTE APARATOS SANITARIOS | C15: un | E15: 5663.24 | F15: =D15*E15 -> 0
A16: 1.14 | B16: DESMONTE CUBIERTAS ASBESTO CEMENTO | C16: m² | E16: 9095.52 | F16: =D16*E16 -> 0
A17: 1.15 | B17: DESMONTE CANAL AGUAS LLUVIAS | C17: ml | E17: 14991.53 | F17: =D17*E17 -> 0
B18: Total PRELIMINARES | F18: =SUM(F3:F17) -> 0
A19: 2 | B19: MOVIMIENTO DE TIERRAS
A20: 2.01 | B20: RELLENO Y COMPACTACIÓN CON MATERIAL DE EXCAVACIÓN SELECCIONADO | C20: m³ | E20: 18941.08 | F20: =D20*E20 -> 0
A21: 2.02 | B21: TRANSPORTE DE MATERIAL/SOBRANTE U OTRO Y DISPOSICIÓN FINAL DE SOBRANTES A SITIO AUTORIZADO. | C21: m³ | D21: 6 | F21: =D21*E21 -> 0
A22: 2.03 | B22: EXCAVACION MANUAL EN TERRENO CONSISTENTE, NO INCLUYE CARGUE, RETIRO Y DISPOSICION FINAL DE EXCAVACION | C22: m³ | E22: 19478.87 | F22: =D22*E22 -> 0
A23: 2.04 | B23: EXCAVACIÓN MANUAL EN MATERIAL COMÚN. INCLUYE CARGUE, TRANSPORTE Y DISPOSICIÓN FINAL DE SOBRANTES A SITIO AUTORIZADO DE 0 - 2,00 MTS. | C23: m³ | E23: 41556.66 | F23: =D23*E23 -> 0
B24: Total MOVIMIENTO DE TIERRAS | F24: =SUM(F20:F23) -> 0
A25: 3 | B25: CIMENTACIÓN
A26: 3.01 | B26: SOLADO DE LIMPIEZA EN CONCRETO DE 2.000 PSI DE E=0.05 M SEGÚN PLANOS. INCLUYE MATERIALES, MANO DE OBRA, EQUIPOS Y HERRAMIENTAS NECESARIAS | C26: m² | E26: 25198.68 | F26: =D26*E26 -> 0
A27: 3.02 | B27: VIGAS DE CIMENTACION EN CONCRETO DE 3.000 PSI IMPERMEABILIZADO SEGÚN PLANOS. INCLUYE MANO DE OBRA, FORMALETAS, EQUIPOS Y HERRAMIENTAS NECESARIAS, NO INCLUYE ACERO DE REFUERZO. | C27: m³ | E27: 746916.81 | F27: =D27*E27 -> 0
A28: 3.03 | B28: PLACA DE CONTRAPISO EN CONCRETO DE 3.000 PSI IMPERMEABILIZADO, SEGÚN PLANOS. INCLUYE MANO DE OBRA, FORMALETAS, EQUIPOS Y HERRAMIENTAS NECESARIAS, E=0.15 M, NO INCLUYE ACERO DE REFUERZO | C28: m² | E28: 158491.85 | F28: =D28*E28 -> 0
A29: 3.04 | B29: MALLA ELECTROSOLDADA FY 485 MPA -NTC 5806, INCLUYE ALAMBRE NEGRO TRASIEGO, MANEJO | C29: kg | E29: 4821.48 | F29: =D29*E29 -> 0
B30: Total CIMENTACIÓN | F30: =SUM(F26:F29) -> 0
A31: 4 | B31: ESTRUCTURA
A32: 4.01 | B32: VIGAS AEREAS EN CONCRETO DE 3.000 PSI SEGÚN PLANOS. INCLUYE MANO DE OBRA, FORMALETAS, EQUIPOS Y HERRAMIENTAS NECESARIAS, NO INCLUYE ACERO DE REFUERZO | C32: m³ | E32: 741920.57 | F32: =D32*E32 -> 0
A33: 4.02 | B33: COLUMNA EN CONCRETO DE 3.000 PSI SEGÚN PLANOS. INCLUYE MANO DE OBRA, FORMALETAS, EQUIPOS Y HERRAMIENTAS NECESARIAS, NO INCLUYE ACERO DE REFUERZO | C33: m³ | E33: 784064.81 | F33: =D33*E33 -> 0
A34: 4.03 | B34: ACERO DE REFUERZO ESTRUCTURAL FY: 420 MPA GR 60 -NTC 2289 | C34: kg | E34: 6549.36 | F34: =D34*E34 -> 0
A35: 4.04 | B35: RIEL METALICO PARA PUERTA METALICA TIPO HANGAR. INCLUYE CAMBIO DE RODAMIENTOS Y TODOS LOS ELEMENTOS ESTRUCTURALES PARA SU MONTAJE Y CORRECTO FUNCIONAMIENTO COMO TAMBIÉN PINTURA EN ANTICORROSIVO Y ESMALTE. | C35: kg | E35: 25703.33 | F35: =D35*E35 -> 0
A36: 4.05 | B36: PERFILERIA ESTRUCTURAL EN ACERO A500 GR C. INCLUYE TODOS LOS ELEMENTOS ESTRUCTURALES PARA SU MONTAJE Y CORRECTO FUNCIONAMIENTO COMO TAMBIÉN PINTURA EN ANTICORROSIVO, ESMALTE, CONEXIONES, PLATINAS, ANCLAJES Y SOLDADURA. | C36: kg | E36: 23685.69 | F36: =D36*E36 -> 0
A37: 4.06 | B37: ESTRUCTURA METÁLICA EN ACERO ESTRUCTURAL, TALES COMO PERFILES, PLATINAS, CORREAS Y DEMÁS ELEMENTOS. INCLUYE MONTAJE, APLICACION DE SIKAPERMACOR SERIE 82 TIPO SIKA O SIMILAR A UN ESPESOR DE PELÍCULA SECA DE 10.0 A 12.0 MILS, ESMALTE URETANO SERIE 36 TIPO S | C37: kg | E37: 20839.02 | F37: =D37*E37 -> 0
B38: Total ESTRUCTURA | F38: =SUM(F32:F37) -> 0
A39: 5 | B39: INSTALACIONES HIDROSANITARIAS
A40: 5.01 | B40: CIMENTACION Y ATRAQUE DE TUBERIA | C40: m³ | E40: 78626.05 | F40: =D40*E40 -> 0
A41: 5.02 | B41: REGATA PARA INSTALACIÓN DE TUBERÍA DE Ø 1/2" A Ø 2" (INCLUYE RESANE) | C41: m | E41: 5836.55 | F41: =D41*E41 -> 0
A42: 5.03 | B42: CONEXIÓN A RED HIDRÁULICA EXISTENTE Ø 1/2" . | C42: un | E42: 17241.7 | F42: =D42*E42 -> 0
A43: 5.04 | B43: CAJA DE INSPECCIÓN 0,60 X 0,6M H=0 - 0,5M, INCLUYE TAPA EN CONCRETO | C43: un | E43: 316401.66 | F43: =D43*E43 -> 0
A44: 5.05 | B44: PERFORACIÓN Y RESANE DE CAJAS DE INSPECCIÓN PARA INSTALACIÓN DE DUCTERIA ADICIONAL. | C44: un | E44: 237314.2 | F44: =D44*E44 -> 0
A45: 5.1 | B45: TUBERIA SANITARIA
A46: 5,1,1 | B46: TUBERÍA PVC SANITARIA Ø 2", INCLUYE ACCESORIOS PARA SU CORRECTA INSTALACION | C46: ml | E46: 33885.72 | F46: =D46*E46 -> 0
A47: 5,1,2 | B47: TUBERÍA PVC SANITARIA Ø 4", INCLUYE ACCESORIOS PARA SU CORRECTA INSTALACION | C47: ml | E47: 55298.86 | F47: =D47*E47 -> 0
A48: 5,1,3 | B48: TUBERÍA DE VENTILACIÓN Ø 2", INCLUYE ACCESORIOS PARA SU CORRECTA INSTALACION | C48: ml | E48: 23764.13 | F48: =D48*E48 -> 0
A49: 5,1,4 | B49: TUBERÍA PVC SANITARIA Ø 3", INCLUYE ACCESORIOS PARA SU CORRECTA INSTALACION | C49: ml | E49: 30586.12 | F49: =D49*E49 -> 0
A50: 5,1,5 | B50: SALIDA SANITARIA LAVAMANOS 2 | C50: un | E50: 79307.14 | F50: =D50*E50 -> 0
A51: 5,1,6 | B51: SALIDA SANITARIA LAVAPLATOS 2 | C51: un | E51: 53995.14 | F51: =D51*E51 -> 0
A52: 5,1,7 | B52: SALIDA SANITARIA INODORO 4 | C52: un | E52: 107600.48 | F52: =D52*E52 -> 0
A53: 5,1,8 | B53: BAJANTE AGUAS LLUVIA 4 | C53: ml | E53: 52255.73 | F53: =D53*E53 -> 0
A54: 5,1,9 | B54: SALIDA SANITARIA DUCHA 2 | C54: un | E54: 72419.19 | F54: =D54*E54 -> 0
A55: 5,1,10 | B55: SALIDA SANITARIA LAVADERO 2 | C55: un | E55: 107431.98 | F55: =D55*E55 -> 0
A56: 5,1,11 | B56: SALIDA SANITARIA LAVADORA 2 | C56: un | E56: 90110.84 | F56: =D56*E56 -> 0
A57: 5,1,12 | B57: SALIDA SANITARIA SIFÓN DE PISO 3 | C57: un | E57: 93038.19 | F57: =D57*E57 -> 0
A58: 5,1,13 | B58: SIFÓN Ø 3X2", INCLUYE ACCESORIOS PARA SU CORRECTA INSTALACION | C58: un | E58: 47133.59 | F58: =D58*E58 -> 0
A59: 5.2 | B59: TUBERIA HIDRAULICA
A60: 5,2,1 | B60: TUBERÍA PVC PRESIÓN RDE 13.5 Ø 1/2", INCLUYE ACCESORIOS PARA SU CORRECTA INSTALACIÓN. | C60: ml | E60: 23538.44 | F60: =D60*E60 -> 0
A61: 5,2,2 | B61: TUBERÍA PVC PRESIÓN RDE 21 Ø 3/4", INCLUYE ACCESORIOS PARA SU CORRECTA INSTALACIÓN. | C61: ml | E61: 36671.61 | F61: =D61*E61 -> 0
A62: 5,2,3 | B62: PUNTO A.F. ORINAL O LAVAMANOS | C62: un | E62: 23847.31 | F62: =D62*E62 -> 0
A63: 5,2,4 | B63: PUNTO A.F. LAVAPLATOS | C63: un | E63: 24111.48 | F63: =D63*E63 -> 0
A64: 5,2,5 | B64: PUNTO A.F. INODORO | C64: un | E64: 23066.48 | F64: =D64*E64 -> 0
A65: 5,2,6 | B65: PUNTO DE AGUA FRIA Ø 1/2" , INCLUYE ACCESORIOS PARA SU CORRECTA INSTALACIÓN. | C65: un | E65: 48315.47 | F65: =D65*E65 -> 0
A66: 5,2,7 | B66: PUNTO A.F. LAVADERO | C66: un | E66: 18037.49 | F66: =D66*E66 -> 0
A67: 5,2,8 | B67: PUNTO A.F. DUCHA | C67: un | E67: 275428.96 | F67: =D67*E67 -> 0
A68: 5,2,9 | B68: TUBERÍA PVC PRESIÓN RDE 21 Ø 1", INCLUYE ACCESORIOS PARA SU CORRECTA INSTALACIÓN. | C68: ml | E68: 19264.51 | F68: =D68*E68 -> 0
A69: 5,2,10 | B69: PUNTO A.F. DE Ø 1" INCLUYE ACCESORIOS PARA SU CORRECTA INSTALACIÓN | C69: un | E69: 60188.91 | F69: =D69*E69 -> 0
A70: 5,2,11 | B70: CONEXIÓN A RED HIDRAULIZA EXISTENTE | C70: un | E70: 75485.22 | F70: =D70*E70 -> 0
A71: 5.3 | B71: TUBERIA AGUA CALIENTE
A72: 5,3,1 | B72: TUBERÍA CPVC 1/2 | C72: m | E72: 15091.74 | F72: =D72*E72 -> 0
A73: 5,3,2 | B73: PUNTO A.C. DUCHA | C73: un | E73: 19404.35 | F73: =D73*E73 -> 0
A74: 5,3,3 | B74: PUNTO A.C. LAVADORA | C74: un | E74: 36894.95 | F74: =D74*E74 -> 0
A75: 5,3,4 | B75: PUNTO A.C. LAVAPLATOS | C75: un | E75: 46228.16 | F75: =D75*E75 -> 0
A76: 5,3,5 | B76: PUNTO A.C. CALENTADOR | C76: un | E76: 66451.95 | F76: =D76*E76 -> 0
A77: 5.4 | B77: REGISTROS Y ACCESORIOS
A78: 5,4,1 | B78: VÁLVULA DE REGISTRO 1/2 | C78: un | E78: 81782.74 | F78: =D78*E78 -> 0
A79: 5,4,2 | B79: BUJE SOLDADO PVCP 3/4X1/2 | C79: un | E79: 5055.28 | F79: =D79*E79 -> 0
A80: 5,4,3 | B80: VÁLVULA DE CORTINA CON REGISTRO 1/2 | C80: un | E80: 119732.74 | F80: =D80*E80 -> 0
A81: 5,4,4 | B81: REGISTRO DE AGUA TIPO BOLA INCLUYE TAPA Y CAJA Ø 1" | C81: un | E81: 88103.15 | F81: =D81*E81 -> 0
A82: 5,4,5 | B82: VÁLVULA DE REGISTRO DE Ø 1" | C82: un | E82: 44770.3 | F82: =D82*E82 -> 0
B83: Total INSTALACIONES HIDROSANITARIAS | F83: =SUM(F40:F82) -> 0
A84: 6 | B84: INSTALACIONES ELECTRICAS
A85: 6.01 | B85: DESMONTE Y REINSTALACIÓN DE LUMINARIAS | C85: un | E85: 11151.84 | F85: =D85*E85 -> 0
A86: 6.02 | B86: CAJA 5800 CON TAPA CIEGA | C86: un | E86: 25347.6 | F86: =D86*E86 -> 0
A87: 6.03 | B87: TABLERO TRIFÁSICO 12 CIRCUITOS | C87: un | E87: 302497.32 | F87: =D87*E87 -> 0
A88: 6.04 | B88: SUMINISTRO INST. TAPA INTERRUPTOR DOBLE | C88: un | D88: 1 | F88: =D88*E88 -> 0
A89: 6.1 | B89: ACOMETIDAS, CABLES Y TUBERIAS
A90: 6,1,1 | B90: ACOMETIDA EN CABLE 1N10 Cu AWG PE-HFFR-LS (FASES) + 1N10 Cu AWG PE-HFFR-LS (NEUTRO) + 1N12 Cu AWG (TIERRA), INCLUYE BORNAS DE CONEXIÓN, TERMINALES Y DEMÁS ACCESORIOS NECESARIOS PARA GARANTIZAR SU CORRECTA INSTALACIÓN Y PUESTA EN SERVICIO. | C90: m | E90: 22845.17 | F90: =D90*E90 -> 0
A91: 6,1,2 | B91: ACOMETIDA EN CABLE 3N8 Cu AWG PE-HFFR-LS (FASES) + 1N8 Cu AWG PE-HFFR-LS (NEUTRO) + 1N10 Cu AWG (TIERRA), INCLUYE BORNAS DE CONEXIÓN, TERMINALES Y DEMÁS ACCESORIOS NECESARIOS PARA GARANTIZAR SU CORRECTA INSTALACIÓN Y PUESTA EN SERVICIO. | C91: m | E91: 47253.3 | F91: =D91*E91 -> 0
A92: 6,1,3 | B92: ACOMETIDA EN CABLE 3N10 Cu AWG PE-HFFR-LS (FASES) + 1N10 Cu AWG PE-HFFR-LS (NEUTRO) + 1N12 Cu AWG (TIERRA), INCLUYE BORNAS DE CONEXIÓN, TERMINALES Y DEMÁS ACCESORIOS NECESARIOS PARA GARANTIZAR SU CORRECTA INSTALACIÓN Y PUESTA EN SERVICIO. | C92: m | D92: 8 | F92: =D92*E92 -> 0
A93: 6,1,4 | B93: ACOMETIDA EN CABLE 1N12 Cu AWG PE-HFFR-LS (FASES) + 1N12 Cu AWG PE-HFFR-LS (NEUTRO) + 1N12 Cu AWG (TIERRA), INCLUYE BORNAS DE CONEXIÓN, TERMINALES Y DEMÁS ACCESORIOS NECESARIOS PARA GARANTIZAR SU CORRECTA INSTALACIÓN Y PUESTA EN SERVICIO. | C93: m | D93: 55 | F93: =D93*E93 -> 0
A94: 6,1,5 | B94: ACOMETIDA EN CABLE 2N4/0 Cu AWG PE-HFFR-LS (FASES) + 1N4/0 Cu AWG PE-HFFR-LS (NEUTRO) + 1N4/0 Cu AWG (TIERRA), INCLUYE BORNAS DE CONEXIÓN, TERMINALES Y DEMÁS ACCESORIOS NECESARIOS PARA GARANTIZAR SU CORRECTA INSTALACIÓN Y PUESTA EN SERVICIO. | C94: m | F94: =D94*E94 -> 0
A95: 6,1,6 | B95: ACOMETIDA EN CABLE 1N10 Cu AWG PE-HFFR-LS (FASES) + 1N10 Cu AWG PE-HFFR-LS (NEUTRO) + 1N10 Cu AWG (TIERRA), INCLUYE BORNAS DE CONEXIÓN, TERMINALES Y DEMÁS ACCESORIOS NECESARIOS PARA GARANTIZAR SU CORRECTA INSTALACIÓN Y PUESTA EN SERVICIO. | C95: m | F95: =D95*E95 -> 0
A96: 6,1,7 | B96: PUESTA TIERRA MEDIANTE UNA (01) VARILLAS CW 5/8" COBRE- 99%, INCLUYE EXCAVACION, UN (01) PUNTO DE SOLDADURA EXOTÉRMICA, UNA (01) BOLSAS 25KG DE TRATAMIENTO FISICOQUIMICO DE TERRENO, CAJA DE INSPECCIÓN DE (0,30X0,30)M CON TAPA Y TODO LO NECESARIO PARA SU CORRECTA INSTALACIÓN | C96: un | D96: 1 | F96: =D96*E96 -> 0
A97: 6,1,8 | B97: CABLE ENCAUCHETADO 3 X NO. 14 AWGXCU INCLUYE TUBERIA EMT ACCESORIOS PARA SU CORRECTA INSTALACIÓN Y PUESTA EN FUNCIONAMIENTO. | C97: m | F97: =D97*E97 -> 0
A98: 6,1,9 | B98: DUCTERÍA TIPO EMT DE 1 X Ø 3/4" INCLUYE UNIÓN, CURVAS, TERMINALES, CAJAS DE PASO Y TODOS LOS ELEMENTOS NECESARIOS PARA SU CORRECTA INSTALACIÓN Y PUESTA EN FUNCIONAMIENTO | C98: ml | D98: 45 | F98: =D98*E98 -> 0
A99: 6,1,10 | B99: TUBERÍA CONDUIT 3/4 | C99: m | E99: 5933.28 | F99: =D99*E99 -> 0
A100: 6,1,11 | B100: DUCTERÍA TIPO IMC DE 1 X Ø1" INCLUYE UNIÓN, CURVAS, TERMINALES, CAJAS DE PASO Y TODOS LOS ELEMENTOS NECESARIOS PARA SU CORRECTA INSTALACIÓN Y PUESTA EN FUNCIONAMIENTO | C100: ml | E100: 29346.96 | F100: =D100*E100 -> 0
...

Sheet DEPOT T 53
A1: ITEM | B1: ACTIVIDAD | C1: UN | D1: CANTIDAD | E1: VR. UNITARIO | F1: VR. TOTAL
A2: 1 | B2: PRELIMINARES
A3: 1.01 | B3: DEMOLICION DE ENCHAPE DE PISOS Y PAREDES | C3: m² | E3: 43704.15 | F3: =D3*E3 -> 0
A4: 1.02 | B4: DEMOLICIÓN POYOS DUCHAS | C4: ml | E4: 12300.17 | F4: =D4*E4 -> 0
A5: 1.03 | B5: DESMONTE PUERTAS Y VENTANAS | C5: m² | D5: 8 | F5: =D5*E5 -> 0
A6: 1.04 | B6: DEMOLICIÓN DE GUARDA ESCOBA. | C6: m | F6: =D6*E6 -> 0
A7: 1.05 | B7: ESCARIFICADO DE PINTURA EN PAREDES | C7: m² | F7: =D7*E7 -> 0
A8: 1.06 | B8: DESMONTE DE CIELO RASO, INCLUYE DESMONTE DE ESTRUCTURA | C8: m² | F8: =D8*E8 -> 0
A9: 1.07 | B9: DESMONTE Y REINSTALACION DE PUERTA METALICA TIPO HANGAR MARCOS, RIELES Y ANGULOS | C9: m² | F9: =D9*E9 -> 0
A10: 1.08 | B10: ESCARIFICADO DE PAÑETE EN PAREDES | C10: m² | F10: =D10*E10 -> 0
A11: 1.09 | B11: DESMONTE DE ESTRUCTURA EN MADERA Y METALICA PARA CUBIERTA | C11: m² | F11: =D11*E11 -> 0
A12: 1.1 | B12: DEMOLICIÓN DE CERRAMIENTO EXISTENTE EN MALLA ESLABONADA CON TUBERÍA DE ACERO GALVANIZADO DE +-2" Y ANTEPECHO DE ALTURA APROXIMADA DE 0.60MTS. INCLUYE EL RETIRO DEL MATERIAL DEMOLIDO. | C12: m² | D12: 8 | F12: =D12*E12 -> 0
A13: 1.11 | B13: DEMOLICIÓN MUROS 0.15M | C13: m² | D13: 3 | F13: =D13*E13 -> 0
A14: 1.12 | B14: DEMOLICIÓN PLACAS MACIZAS 0.15M | C14: m² | F14: =D14*E14 -> 0
A15: 1.13 | B15: DESMONTE APARATOS SANITARIOS | C15: un | F15: =D15*E15 -> 0
A16: 1.14 | B16: DESMONTE CUBIERTAS ASBESTO CEMENTO | C16: m² | D16: 102 | F16: =D16*E16 -> 0
A17: 1.15 | B17: DESMONTE CANAL AGUAS LLUVIAS | C17: ml | D17: 62.5 | F17: =D17*E17 -> 0
B18: Total PRELIMINARES | F18: =SUM(F3:F17) -> 0
A19: 2 | B19: MOVIMIENTO DE TIERRAS
A20: 2.01 | B20: RELLENO Y COMPACTACIÓN CON MATERIAL DE EXCAVACIÓN SELECCIONADO | C20: m³ | E20: 18941.08 | F20: =D20*E20 -> 0
A21: 2.02 | B21: TRANSPORTE DE MATERIAL/SOBRANTE U OTRO Y DISPOSICIÓN FINAL DE SOBRANTES A SITIO AUTORIZADO. | C21: m³ | E21: 50091.05 | F21: =D21*E21 -> 0
A22: 2.03 | B22: EXCAVACION MANUAL EN TERRENO CONSISTENTE, NO INCLUYE CARGUE, RETIRO Y DISPOSICION FINAL DE EXCAVACION | C22: m³ | E22: 19478.87 | F22: =D22*E22 -> 0
A23: 2.04 | B23: EXCAVACIÓN MANUAL EN MATERIAL COMÚN. INCLUYE CARGUE, TRANSPORTE Y DISPOSICIÓN FINAL DE SOBRANTES A SITIO AUTORIZADO DE 0 - 2,00 MTS. | C23: m³ | E23: 41556.66 | F23: =D23*E23 -> 0
B24: Total MOVIMIENTO DE TIERRAS | F24: =SUM(F20:F23) -> 0
A25: 3 | B25: CIMENTACIÓN
A26: 3.01 | B26: SOLADO DE LIMPIEZA EN CONCRETO DE 2.000 PSI DE E=0.05 M SEGÚN PLANOS. INCLUYE MATERIALES, MANO DE OBRA, EQUIPOS Y HERRAMIENTAS NECESARIAS | C26: m² | E26: 25198.68 | F26: =D26*E26 -> 0
A27: 3.02 | B27: VIGAS DE CIMENTACION EN CONCRETO DE 3.000 PSI IMPERMEABILIZADO SEGÚN PLANOS. INCLUYE MANO DE OBRA, FORMALETAS, EQUIPOS Y HERRAMIENTAS NECESARIAS, NO INCLUYE ACERO DE REFUERZO. | C27: m³ | E27: 746916.81 | F27: =D27*E27 -> 0
A28: 3.03 | B28: PLACA DE CONTRAPISO EN CONCRETO DE 3.000 PSI IMPERMEABILIZADO, SEGÚN PLANOS. INCLUYE MANO DE OBRA, FORMALETAS, EQUIPOS Y HERRAMIENTAS NECESARIAS, E=0.15 M, NO INCLUYE ACERO DE REFUERZO | C28: m² | E28: 158491.85 | F28: =D28*E28 -> 0
A29: 3.04 | B29: MALLA ELECTROSOLDADA FY 485 MPA -NTC 5806, INCLUYE ALAMBRE NEGRO TRASIEGO, MANEJO | C29: kg | E29: 4821.48 | F29: =D29*E29 -> 0
B30: Total CIMENTACIÓN | F30: =SUM(F26:F29) -> 0
A31: 4 | B31: ESTRUCTURA
A32: 4.01 | B32: VIGAS AEREAS EN CONCRETO DE 3.000 PSI SEGÚN PLANOS. INCLUYE MANO DE OBRA, FORMALETAS, EQUIPOS Y HERRAMIENTAS NECESARIAS, NO INCLUYE ACERO DE REFUERZO | C32: m³ | E32: 741920.57 | F32: =D32*E32 -> 0
A33: 4.02 | B33: COLUMNA EN CONCRETO DE 3.000 PSI SEGÚN PLANOS. INCLUYE MANO DE OBRA, FORMALETAS, EQUIPOS Y HERRAMIENTAS NECESARIAS, NO INCLUYE ACERO DE REFUERZO | C33: m³ | E33: 784064.81 | F33: =D33*E33 -> 0
A34: 4.03 | B34: ACERO DE REFUERZO ESTRUCTURAL FY: 420 MPA GR 60 -NTC 2289 | C34: kg | E34: 6549.36 | F34: =D34*E34 -> 0
A35: 4.04 | B35: RIEL METALICO PARA PUERTA METALICA TIPO HANGAR. INCLUYE CAMBIO DE RODAMIENTOS Y TODOS LOS ELEMENTOS ESTRUCTURALES PARA SU MONTAJE Y CORRECTO FUNCIONAMIENTO COMO TAMBIÉN PINTURA EN ANTICORROSIVO Y ESMALTE. | C35: kg | E35: 25703.33 | F35: =D35*E35 -> 0
A36: 4.05 | B36: PERFILERIA ESTRUCTURAL EN ACERO A500 GR C. INCLUYE TODOS LOS ELEMENTOS ESTRUCTURALES PARA SU MONTAJE Y CORRECTO FUNCIONAMIENTO COMO TAMBIÉN PINTURA EN ANTICORROSIVO, ESMALTE, CONEXIONES, PLATINAS, ANCLAJES Y SOLDADURA. | C36: kg | D36: 150 | F36: =D36*E36 -> 0
A37: 4.06 | B37: ESTRUCTURA METÁLICA EN ACERO ESTRUCTURAL, TALES COMO PERFILES, PLATINAS, CORREAS Y DEMÁS ELEMENTOS. INCLUYE MONTAJE, APLICACION DE SIKAPERMACOR SERIE 82 TIPO SIKA O SIMILAR A UN ESPESOR DE PELÍCULA SECA DE 10.0 A 12.0 MILS, ESMALTE URETANO SERIE 36 TIPO S | C37: kg | D37: 600 | F37: =D37*E37 -> 0
B38: Total ESTRUCTURA | F38: =SUM(F32:F37) -> 0
A39: 5 | B39: INSTALACIONES HIDROSANITARIAS
A40: 5.01 | B40: CIMENTACION Y ATRAQUE DE TUBERIA | C40: m³ | E40: 78626.05 | F40: =D40*E40 -> 0
A41: 5.02 | B41: REGATA PARA INSTALACIÓN DE TUBERÍA DE Ø 1/2" A Ø 2" (INCLUYE RESANE) | C41: m | E41: 5836.55 | F41: =D41*E41 -> 0
A42: 5.03 | B42: CONEXIÓN A RED HIDRÁULICA EXISTENTE Ø 1/2" . | C42: un | E42: 17241.7 | F42: =D42*E42 -> 0
A43: 5.04 | B43: CAJA DE INSPECCIÓN 0,60 X 0,6M H=0 - 0,5M, INCLUYE TAPA EN CONCRETO | C43: un | E43: 316401.66 | F43: =D43*E43 -> 0
A44: 5.05 | B44: PERFORACIÓN Y RESANE DE CAJAS DE INSPECCIÓN PARA INSTALACIÓN DE DUCTERIA ADICIONAL. | C44: un | D44: 1 | F44: =D44*E44 -> 0
A45: 5.1 | B45: TUBERIA SANITARIA
A46: 5,1,1 | B46: TUBERÍA PVC SANITARIA Ø 2", INCLUYE ACCESORIOS PARA SU CORRECTA INSTALACION | C46: ml | E46: 33885.72 | F46: =D46*E46 -> 0
A47: 5,1,2 | B47: TUBERÍA PVC SANITARIA Ø 4", INCLUYE ACCESORIOS PARA SU CORRECTA INSTALACION | C47: ml | E47: 55298.86 | F47: =D47*E47 -> 0
A48: 5,1,3 | B48: TUBERÍA DE VENTILACIÓN Ø 2", INCLUYE ACCESORIOS PARA SU CORRECTA INSTALACION | C48: ml | E48: 23764.13 | F48: =D48*E48 -> 0
A49: 5,1,4 | B49: TUBERÍA PVC SANITARIA Ø 3", INCLUYE ACCESORIOS PARA SU CORRECTA INSTALACION | C49: ml | D49: 18 | F49: =D49*E49 -> 0
A50: 5,1,5 | B50: SALIDA SANITARIA LAVAMANOS 2 | C50: un | F50: =D50*E50 -> 0
A51: 5,1,6 | B51: SALIDA SANITARIA LAVAPLATOS 2 | C51: un | F51: =D51*E51 -> 0
A52: 5,1,7 | B52: SALIDA SANITARIA INODORO 4 | C52: un | F52: =D52*E52 -> 0
A53: 5,1,8 | B53: BAJANTE AGUAS LLUVIA 4 | C53: ml | F53: =D53*E53 -> 0
A54: 5,1,9 | B54: SALIDA SANITARIA DUCHA 2 | C54: un | F54: =D54*E54 -> 0
A55: 5,1,10 | B55: SALIDA SANITARIA LAVADERO 2 | C55: un | F55: =D55*E55 -> 0
A56: 5,1,11 | B56: SALIDA SANITARIA LAVADORA 2 | C56: un | F56: =D56*E56 -> 0
A57: 5,1,12 | B57: SALIDA SANITARIA SIFÓN DE PISO 3 | C57: un | D57: 2 | F57: =D57*E57 -> 0
A58: 5,1,13 | B58: SIFÓN Ø 3X2", INCLUYE ACCESORIOS PARA SU CORRECTA INSTALACION | C58: un | E58: 47133.59 | F58: =D58*E58 -> 0
A59: 5.2 | B59: TUBERIA HIDRAULICA
A60: 5,2,1 | B60: TUBERÍA PVC PRESIÓN RDE 13.5 Ø 1/2", INCLUYE ACCESORIOS PARA SU CORRECTA INSTALACIÓN. | C60: ml | D60: 16.5 | F60: =D60*E60 -> 0
A61: 5,2,2 | B61: TUBERÍA PVC PRESIÓN RDE 21 Ø 3/4", INCLUYE ACCESORIOS PARA SU CORRECTA INSTALACIÓN. | C61: ml | F61: =D61*E61 -> 0
A62: 5,2,3 | B62: PUNTO A.F. ORINAL O LAVAMANOS | C62: un | F62: =D62*E62 -> 0
A63: 5,2,4 | B63: PUNTO A.F. LAVAPLATOS | C63: un | F63: =D63*E63 -> 0
A64: 5,2,5 | B64: PUNTO A.F. INODORO | C64: un | F64: =D64*E64 -> 0
A65: 5,2,6 | B65: PUNTO DE AGUA FRIA Ø 1/2" , INCLUYE ACCESORIOS PARA SU CORRECTA INSTALACIÓN. | C65: un | D65: 5 | F65: =D65*E65 -> 0
A66: 5,2,7 | B66: PUNTO A.F. LAVADERO | C66: un | F66: =D66*E66 -> 0
A67: 5,2,8 | B67: PUNTO A.F. DUCHA | C67: un | F67: =D67*E67 -> 0
A68: 5,2,9 | B68: TUBERÍA PVC PRESIÓN RDE 21 Ø 1", INCLUYE ACCESORIOS PARA SU CORRECTA INSTALACIÓN. | C68: ml | D68: 11.2 | F68: =D68*E68 -> 0
A69: 5,2,10 | B69: PUNTO A.F. DE Ø 1" INCLUYE ACCESORIOS PARA SU CORRECTA INSTALACIÓN | C69: un | D69: 1 | F69: =D69*E69 -> 0
A70: 5,2,11 | B70: CONEXIÓN A RED HIDRAULIZA EXISTENTE | C70: un | D70: 1 | F70: =D70*E70 -> 0
A71: 5.3 | B71: TUBERIA AGUA CALIENTE
A72: 5,3,1 | B72: TUBERÍA CPVC 1/2 | C72: m | E72: 15091.74 | F72: =D72*E72 -> 0
A73: 5,3,2 | B73: PUNTO A.C. DUCHA | C73: un | E73: 19404.35 | F73: =D73*E73 -> 0
A74: 5,3,3 | B74: PUNTO A.C. LAVADORA | C74: un | E74: 36894.95 | F74: =D74*E74 -> 0
A75: 5,3,4 | B75: PUNTO A.C. LAVAPLATOS | C75: un | E75: 46228.16 | F75: =D75*E75 -> 0
A76: 5,3,5 | B76: PUNTO A.C. CALENTADOR | C76: un | E76: 66451.95 | F76: =D76*E76 -> 0
A77: 5.4 | B77: REGISTROS Y ACCESORIOS
A78: 5,4,1 | B78: VÁLVULA DE REGISTRO 1/2 | C78: un | D78: 5 | F78: =D78*E78 -> 0
A79: 5,4,2 | B79: BUJE SOLDADO PVCP 3/4X1/2 | C79: un | F79: =D79*E79 -> 0
A80: 5,4,3 | B80: VÁLVULA DE CORTINA CON REGISTRO 1/2 | C80: un | F80: =D80*E80 -> 0
A81: 5,4,4 | B81: REGISTRO DE AGUA TIPO BOLA INCLUYE TAPA Y CAJA Ø 1" | C81: un | F81: =D81*E81 -> 0
A82: 5,4,5 | B82: VÁLVULA DE REGISTRO DE Ø 1" | C82: un | D82: 2 | F82: =D82*E82 -> 0
B83: Total INSTALACIONES HIDROSANITARIAS | F83: =SUM(F40:F82) -> 0
A84: 6 | B84: INSTALACIONES ELECTRICAS
A85: 6.01 | B85: DESMONTE Y REINSTALACIÓN DE LUMINARIAS | C85: un | E85: 11151.84 | F85: =D85*E85 -> 0
A86: 6.02 | B86: CAJA 5800 CON TAPA CIEGA | C86: un | E86: 25347.6 | F86: =D86*E86 -> 0
A87: 6.03 | B87: TABLERO TRIFÁSICO 12 CIRCUITOS | C87: un | E87: 302497.32 | F87: =D87*E87 -> 0
A88: 6.04 | B88: SUMINISTRO INST. TAPA INTERRUPTOR DOBLE | C88: un | E88: 21228.92 | F88: =D88*E88 -> 0
A89: 6.1 | B89: ACOMETIDAS, CABLES Y TUBERIAS
A90: 6,1,1 | B90: ACOMETIDA EN CABLE 1N10 Cu AWG PE-HFFR-LS (FASES) + 1N10 Cu AWG PE-HFFR-LS (NEUTRO) + 1N12 Cu AWG (TIERRA), INCLUYE BORNAS DE CONEXIÓN, TERMINALES Y DEMÁS ACCESORIOS NECESARIOS PARA GARANTIZAR SU CORRECTA INSTALACIÓN Y PUESTA EN SERVICIO. | C90: m | E90: 22845.17 | F90: =D90*E90 -> 0
A91: 6,1,2 | B91: ACOMETIDA EN CABLE 3N8 Cu AWG PE-HFFR-LS (FASES) + 1N8 Cu AWG PE-HFFR-LS (NEUTRO) + 1N10 Cu AWG (TIERRA), INCLUYE BORNAS DE CONEXIÓN, TERMINALES Y DEMÁS ACCESORIOS NECESARIOS PARA GARANTIZAR SU CORRECTA INSTALACIÓN Y PUESTA EN SERVICIO. | C91: m | D91: 30 | F91: =D91*E91 -> 0
A92: 6,1,3 | B92: ACOMETIDA EN CABLE 3N10 Cu AWG PE-HFFR-LS (FASES) + 1N10 Cu AWG PE-HFFR-LS (NEUTRO) + 1N12 Cu AWG (TIERRA), INCLUYE BORNAS DE CONEXIÓN, TERMINALES Y DEMÁS ACCESORIOS NECESARIOS PARA GARANTIZAR SU CORRECTA INSTALACIÓN Y PUESTA EN SERVICIO. | C92: m | F92: =D92*E92 -> 0
A93: 6,1,4 | B93: ACOMETIDA EN CABLE 1N12 Cu AWG PE-HFFR-LS (FASES) + 1N12 Cu AWG PE-HFFR-LS (NEUTRO) + 1N12 Cu AWG (TIERRA), INCLUYE BORNAS DE CONEXIÓN, TERMINALES Y DEMÁS ACCESORIOS NECESARIOS PARA GARANTIZAR SU CORRECTA INSTALACIÓN Y PUESTA EN SERVICIO. | C93: m | D93: 50 | F93: =D93*E93 -> 0
A94: 6,1,5 | B94: ACOMETIDA EN CABLE 2N4/0 Cu AWG PE-HFFR-LS (FASES) + 1N4/0 Cu AWG PE-HFFR-LS (NEUTRO) + 1N4/0 Cu AWG (TIERRA), INCLUYE BORNAS DE CONEXIÓN, TERMINALES Y DEMÁS ACCESORIOS NECESARIOS PARA GARANTIZAR SU CORRECTA INSTALACIÓN Y PUESTA EN SERVICIO. | C94: m | F94: =D94*E94 -> 0
A95: 6,1,6 | B95: ACOMETIDA EN CABLE 1N10 Cu AWG PE-HFFR-LS (FASES) + 1N10 Cu AWG PE-HFFR-LS (NEUTRO) + 1N10 Cu AWG (TIERRA), INCLUYE BORNAS DE CONEXIÓN, TERMINALES Y DEMÁS ACCESORIOS NECESARIOS PARA GARANTIZAR SU CORRECTA INSTALACIÓN Y PUESTA EN SERVICIO. | C95: m | D95: 30 | F95: =D95*E95 -> 0
A96: 6,1,7 | B96: PUESTA TIERRA MEDIANTE UNA (01) VARILLAS CW 5/8" COBRE- 99%, INCLUYE EXCAVACION, UN (01) PUNTO DE SOLDADURA EXOTÉRMICA, UNA (01) BOLSAS 25KG DE TRATAMIENTO FISICOQUIMICO DE TERRENO, CAJA DE INSPECCIÓN DE (0,30X0,30)M CON TAPA Y TODO LO NECESARIO PARA SU CORRECTA INSTALACIÓN | C96: un | F96: =D96*E96 -> 0
A97: 6,1,8 | B97: CABLE ENCAUCHETADO 3 X NO. 14 AWGXCU INCLUYE TUBERIA EMT ACCESORIOS PARA SU CORRECTA INSTALACIÓN Y PUESTA EN FUNCIONAMIENTO. | C97: m | F97: =D97*E97 -> 0
A98: 6,1,9 | B98: DUCTERÍA TIPO EMT DE 1 X Ø 3/4" INCLUYE UNIÓN, CURVAS, TERMINALES, CAJAS DE PASO Y TODOS LOS ELEMENTOS NECESARIOS PARA SU CORRECTA INSTALACIÓN Y PUESTA EN FUNCIONAMIENTO | C98: ml | D98: 10 | F98: =D98*E98 -> 0
A99: 6,1,10 | B99: TUBERÍA CONDUIT 3/4 | C99: m | F99: =D99*E99 -> 0
A100: 6,1,11 | B100: DUCTERÍA TIPO IMC DE 1 X Ø1" INCLUYE UNIÓN, CURVAS, TERMINALES, CAJAS DE PASO Y TODOS LOS ELEMENTOS NECESARIOS PARA SU CORRECTA INSTALACIÓN Y PUESTA EN FUNCIONAMIENTO | C100: ml | D100: 30 | F100: =D100*E100 -> 0
...

Sheet MISCELANEOS
A1: ITEM | B1: ACTIVIDAD | C1: UN | D1: CANTIDAD | E1: VR. UNITARIO | F1: VR. TOTAL
A2: 1 | B2: PRELIMINARES
A3: 1.01 | B3: DEMOLICION DE ENCHAPE DE PISOS Y PAREDES | C3: m² | D3: 59.5 | F3: =D3*E3 -> 0
A4: 1.02 | B4: DEMOLICIÓN POYOS DUCHAS | C4: ml | F4: =D4*E4 -> 0
A5: 1.03 | B5: DESMONTE PUERTAS Y VENTANAS | C5: m² | F5: =D5*E5 -> 0
A6: 1.04 | B6: DEMOLICIÓN DE GUARDA ESCOBA. | C6: m | F6: =D6*E6 -> 0
A7: 1.05 | B7: ESCARIFICADO DE PINTURA EN PAREDES | C7: m² | F7: =D7*E7 -> 0
A8: 1.06 | B8: DESMONTE DE CIELO RASO, INCLUYE DESMONTE DE ESTRUCTURA | C8: m² | D8: 147.7 | F8: =D8*E8 -> 0
A9: 1.07 | B9: DESMONTE Y REINSTALACION DE PUERTA METALICA TIPO HANGAR MARCOS, RIELES Y ANGULOS | C9: m² | F9: =D9*E9 -> 0
A10: 1.08 | B10: ESCARIFICADO DE PAÑETE EN PAREDES | C10: m² | F10: =D10*E10 -> 0
A11: 1.09 | B11: DESMONTE DE ESTRUCTURA EN MADERA Y METALICA PARA CUBIERTA | C11: m² | D11: 498.2 | F11: =D11*E11 -> 0
A12: 1.1 | B12: DEMOLICIÓN DE CERRAMIENTO EXISTENTE EN MALLA ESLABONADA CON TUBERÍA DE ACERO GALVANIZADO DE +-2" Y ANTEPECHO DE ALTURA APROXIMADA DE 0.60MTS. INCLUYE EL RETIRO DEL MATERIAL DEMOLIDO. | C12: m² | F12: =D12*E12 -> 0
A13: 1.11 | B13: DEMOLICIÓN MUROS 0.15M | C13: m² | F13: =D13*E13 -> 0
A14: 1.12 | B14: DEMOLICIÓN PLACAS MACIZAS 0.15M | C14: m² | F14: =D14*E14 -> 0
A15: 1.13 | B15: DESMONTE APARATOS SANITARIOS | C15: un | F15: =D15*E15 -> 0
A16: 1.14 | B16: DESMONTE CUBIERTAS ASBESTO CEMENTO | C16: m² | D16: 498.2 | F16: =D16*E16 -> 0
A17: 1.15 | B17: DESMONTE CANAL AGUAS LLUVIAS | C17: ml | E17: 14991.53 | F17: =D17*E17 -> 0
B18: Total PRELIMINARES | F18: =SUM(F3:F17) -> 0
A19: 2 | B19: MOVIMIENTO DE TIERRAS
A20: 2.01 | B20: RELLENO Y COMPACTACIÓN CON MATERIAL DE EXCAVACIÓN SELECCIONADO | C20: m³ | E20: 18941.08 | F20: =D20*E20 -> 0
A21: 2.02 | B21: TRANSPORTE DE MATERIAL/SOBRANTE U OTRO Y DISPOSICIÓN FINAL DE SOBRANTES A SITIO AUTORIZADO. | C21: m³ | D21: 42 | F21: =D21*E21 -> 0
A22: 2.03 | B22: EXCAVACION MANUAL EN TERRENO CONSISTENTE, NO INCLUYE CARGUE, RETIRO Y DISPOSICION FINAL DE EXCAVACION | C22: m³ | E22: 19478.87 | F22: =D22*E22 -> 0
A23: 2.04 | B23: EXCAVACIÓN MANUAL EN MATERIAL COMÚN. INCLUYE CARGUE, TRANSPORTE Y DISPOSICIÓN FINAL DE SOBRANTES A SITIO AUTORIZADO DE 0 - 2,00 MTS. | C23: m³ | E23: 41556.66 | F23: =D23*E23 -> 0
B24: Total MOVIMIENTO DE TIERRAS | F24: =SUM(F20:F23) -> 0
A25: 3 | B25: CIMENTACIÓN
A26: 3.01 | B26: SOLADO DE LIMPIEZA EN CONCRETO DE 2.000 PSI DE E=0.05 M SEGÚN PLANOS. INCLUYE MATERIALES, MANO DE OBRA, EQUIPOS Y HERRAMIENTAS NECESARIAS | C26: m² | E26: 25198.68 | F26: =D26*E26 -> 0
A27: 3.02 | B27: VIGAS DE CIMENTACION EN CONCRETO DE 3.000 PSI IMPERMEABILIZADO SEGÚN PLANOS. INCLUYE MANO DE OBRA, FORMALETAS, EQUIPOS Y HERRAMIENTAS NECESARIAS, NO INCLUYE ACERO DE REFUERZO. | C27: m³ | E27: 746916.81 | F27: =D27*E27 -> 0
A28: 3.03 | B28: PLACA DE CONTRAPISO EN CONCRETO DE 3.000 PSI IMPERMEABILIZADO, SEGÚN PLANOS. INCLUYE MANO DE OBRA, FORMALETAS, EQUIPOS Y HERRAMIENTAS NECESARIAS, E=0.15 M, NO INCLUYE ACERO DE REFUERZO | C28: m² | E28: 158491.85 | F28: =D28*E28 -> 0
A29: 3.04 | B29: MALLA ELECTROSOLDADA FY 485 MPA -NTC 5806, INCLUYE ALAMBRE NEGRO TRASIEGO, MANEJO | C29: kg | E29: 4821.48 | F29: =D29*E29 -> 0
B30: Total CIMENTACIÓN | F30: =SUM(F26:F29) -> 0
A31: 4 | B31: ESTRUCTURA
A32: 4.01 | B32: VIGAS AEREAS EN CONCRETO DE 3.000 PSI SEGÚN PLANOS. INCLUYE MANO DE OBRA, FORMALETAS, EQUIPOS Y HERRAMIENTAS NECESARIAS, NO INCLUYE ACERO DE REFUERZO | C32: m³ | E32: 741920.57 | F32: =D32*E32 -> 0
A33: 4.02 | B33: COLUMNA EN CONCRETO DE 3.000 PSI SEGÚN PLANOS. INCLUYE MANO DE OBRA, FORMALETAS, EQUIPOS Y HERRAMIENTAS NECESARIAS, NO INCLUYE ACERO DE REFUERZO | C33: m³ | E33: 784064.81 | F33: =D33*E33 -> 0
A34: 4.03 | B34: ACERO DE REFUERZO ESTRUCTURAL FY: 420 MPA GR 60 -NTC 2289 | C34: kg | E34: 6549.36 | F34: =D34*E34 -> 0
A35: 4.04 | B35: RIEL METALICO PARA PUERTA METALICA TIPO HANGAR. INCLUYE CAMBIO DE RODAMIENTOS Y TODOS LOS ELEMENTOS ESTRUCTURALES PARA SU MONTAJE Y CORRECTO FUNCIONAMIENTO COMO TAMBIÉN PINTURA EN ANTICORROSIVO Y ESMALTE. | C35: kg | E35: 25703.33 | F35: =D35*E35 -> 0
A36: 4.05 | B36: PERFILERIA ESTRUCTURAL EN ACERO A500 GR C. INCLUYE TODOS LOS ELEMENTOS ESTRUCTURALES PARA SU MONTAJE Y CORRECTO FUNCIONAMIENTO COMO TAMBIÉN PINTURA EN ANTICORROSIVO, ESMALTE, CONEXIONES, PLATINAS, ANCLAJES Y SOLDADURA. | C36: kg | D36: 3341 | F36: =D36*E36 -> 0
A37: 4.06 | B37: ESTRUCTURA METÁLICA EN ACERO ESTRUCTURAL, TALES COMO PERFILES, PLATINAS, CORREAS Y DEMÁS ELEMENTOS. INCLUYE MONTAJE, APLICACION DE SIKAPERMACOR SERIE 82 TIPO SIKA O SIMILAR A UN ESPESOR DE PELÍCULA SECA DE 10.0 A 12.0 MILS, ESMALTE URETANO SERIE 36 TIPO S | C37: kg | E37: 20839.02 | F37: =D37*E37 -> 0
B38: Total ESTRUCTURA | F38: =SUM(F32:F37) -> 0
A39: 5 | B39: INSTALACIONES HIDROSANITARIAS
A40: 5.01 | B40: CIMENTACION Y ATRAQUE DE TUBERIA | C40: m³ | E40: 78626.05 | F40: =D40*E40 -> 0
A41: 5.02 | B41: REGATA PARA INSTALACIÓN DE TUBERÍA DE Ø 1/2" A Ø 2" (INCLUYE RESANE) | C41: m | D41: 30 | F41: =D41*E41 -> 0
A42: 5.03 | B42: CONEXIÓN A RED HIDRÁULICA EXISTENTE Ø 1/2" . | C42: un | E42: 17241.7 | F42: =D42*E42 -> 0
A43: 5.04 | B43: CAJA DE INSPECCIÓN 0,60 X 0,6M H=0 - 0,5M, INCLUYE TAPA EN CONCRETO | C43: un | E43: 316401.66 | F43: =D43*E43 -> 0
A44: 5.05 | B44: PERFORACIÓN Y RESANE DE CAJAS DE INSPECCIÓN PARA INSTALACIÓN DE DUCTERIA ADICIONAL. | C44: un | E44: 237314.2 | F44: =D44*E44 -> 0
A45: 5.1 | B45: TUBERIA SANITARIA
A46: 5,1,1 | B46: TUBERÍA PVC SANITARIA Ø 2", INCLUYE ACCESORIOS PARA SU CORRECTA INSTALACION | C46: ml | E46: 33885.72 | F46: =D46*E46 -> 0
A47: 5,1,2 | B47: TUBERÍA PVC SANITARIA Ø 4", INCLUYE ACCESORIOS PARA SU CORRECTA INSTALACION | C47: ml | E47: 55298.86 | F47: =D47*E47 -> 0
A48: 5,1,3 | B48: TUBERÍA DE VENTILACIÓN Ø 2", INCLUYE ACCESORIOS PARA SU CORRECTA INSTALACION | C48: ml | E48: 23764.13 | F48: =D48*E48 -> 0
A49: 5,1,4 | B49: TUBERÍA PVC SANITARIA Ø 3", INCLUYE ACCESORIOS PARA SU CORRECTA INSTALACION | C49: ml | E49: 30586.12 | F49: =D49*E49 -> 0
A50: 5,1,5 | B50: SALIDA SANITARIA LAVAMANOS 2 | C50: un | E50: 79307.14 | F50: =D50*E50 -> 0
A51: 5,1,6 | B51: SALIDA SANITARIA LAVAPLATOS 2 | C51: un | E51: 53995.14 | F51: =D51*E51 -> 0
A52: 5,1,7 | B52: SALIDA SANITARIA INODORO 4 | C52: un | E52: 107600.48 | F52: =D52*E52 -> 0
A53: 5,1,8 | B53: BAJANTE AGUAS LLUVIA 4 | C53: ml | D53: 32.28 | F53: =D53*E53 -> 0
A54: 5,1,9 | B54: SALIDA SANITARIA DUCHA 2 | C54: un | E54: 72419.19 | F54: =D54*E54 -> 0
A55: 5,1,10 | B55: SALIDA SANITARIA LAVADERO 2 | C55: un | E55: 107431.98 | F55: =D55*E55 -> 0
A56: 5,1,11 | B56: SALIDA SANITARIA LAVADORA 2 | C56: un | E56: 90110.84 | F56: =D56*E56 -> 0
A57: 5,1,12 | B57: SALIDA SANITARIA SIFÓN DE PISO 3 | C57: un | E57: 93038.19 | F57: =D57*E57 -> 0
A58: 5,1,13 | B58: SIFÓN Ø 3X2", INCLUYE ACCESORIOS PARA SU CORRECTA INSTALACION | C58: un | E58: 47133.59 | F58: =D58*E58 -> 0
A59: 5.2 | B59: TUBERIA HIDRAULICA
A60: 5,2,1 | B60: TUBERÍA PVC PRESIÓN RDE 13.5 Ø 1/2", INCLUYE ACCESORIOS PARA SU CORRECTA INSTALACIÓN. | C60: ml | E60: 23538.44 | F60: =D60*E60 -> 0
A61: 5,2,2 | B61: TUBERÍA PVC PRESIÓN RDE 21 Ø 3/4", INCLUYE ACCESORIOS PARA SU CORRECTA INSTALACIÓN. | C61: ml | E61: 36671.61 | F61: =D61*E61 -> 0
A62: 5,2,3 | B62: PUNTO A.F. ORINAL O LAVAMANOS | C62: un | E62: 23847.31 | F62: =D62*E62 -> 0
A63: 5,2,4 | B63: PUNTO A.F. LAVAPLATOS | C63: un | E63: 24111.48 | F63: =D63*E63 -> 0
A64: 5,2,5 | B64: PUNTO A.F. INODORO | C64: un | E64: 23066.48 | F64: =D64*E64 -> 0
A65: 5,2,6 | B65: PUNTO DE AGUA FRIA Ø 1/2" , INCLUYE ACCESORIOS PARA SU CORRECTA INSTALACIÓN. | C65: un | E65: 48315.47 | F65: =D65*E65 -> 0
A66: 5,2,7 | B66: PUNTO A.F. LAVADERO | C66: un | E66: 18037.49 | F66: =D66*E66 -> 0
A67: 5,2,8 | B67: PUNTO A.F. DUCHA | C67: un | E67: 275428.96 | F67: =D67*E67 -> 0
A68: 5,2,9 | B68: TUBERÍA PVC PRESIÓN RDE 21 Ø 1", INCLUYE ACCESORIOS PARA SU CORRECTA INSTALACIÓN. | C68: ml | E68: 19264.51 | F68: =D68*E68 -> 0
A69: 5,2,10 | B69: PUNTO A.F. DE Ø 1" INCLUYE ACCESORIOS PARA SU CORRECTA INSTALACIÓN | C69: un | E69: 60188.91 | F69: =D69*E69 -> 0
A70: 5,2,11 | B70: CONEXIÓN A RED HIDRAULIZA EXISTENTE | C70: un | E70: 75485.22 | F70: =D70*E70 -> 0
A71: 5.3 | B71: TUBERIA AGUA CALIENTE
A72: 5,3,1 | B72: TUBERÍA CPVC 1/2 | C72: m | E72: 15091.74 | F72: =D72*E72 -> 0
A73: 5,3,2 | B73: PUNTO A.C. DUCHA | C73: un | E73: 19404.35 | F73: =D73*E73 -> 0
A74: 5,3,3 | B74: PUNTO A.C. LAVADORA | C74: un | E74: 36894.95 | F74: =D74*E74 -> 0
A75: 5,3,4 | B75: PUNTO A.C. LAVAPLATOS | C75: un | E75: 46228.16 | F75: =D75*E75 -> 0
A76: 5,3,5 | B76: PUNTO A.C. CALENTADOR | C76: un | E76: 66451.95 | F76: =D76*E76 -> 0
A77: 5.4 | B77: REGISTROS Y ACCESORIOS
A78: 5,4,1 | B78: VÁLVULA DE REGISTRO 1/2 | C78: un | E78: 81782.74 | F78: =D78*E78 -> 0
A79: 5,4,2 | B79: BUJE SOLDADO PVCP 3/4X1/2 | C79: un | E79: 5055.28 | F79: =D79*E79 -> 0
A80: 5,4,3 | B80: VÁLVULA DE CORTINA CON REGISTRO 1/2 | C80: un | E80: 119732.74 | F80: =D80*E80 -> 0
A81: 5,4,4 | B81: REGISTRO DE AGUA TIPO BOLA INCLUYE TAPA Y CAJA Ø 1" | C81: un | E81: 88103.15 | F81: =D81*E81 -> 0
A82: 5,4,5 | B82: VÁLVULA DE REGISTRO DE Ø 1" | C82: un | E82: 44770.3 | F82: =D82*E82 -> 0
B83: Total INSTALACIONES HIDROSANITARIAS | F83: =SUM(F40:F82) -> 0
A84: 6 | B84: INSTALACIONES ELECTRICAS
A85: 6.01 | B85: DESMONTE Y REINSTALACIÓN DE LUMINARIAS | C85: un | E85: 11151.84 | F85: =D85*E85 -> 0
A86: 6.02 | B86: CAJA 5800 CON TAPA CIEGA | C86: un | E86: 25347.6 | F86: =D86*E86 -> 0
A87: 6.03 | B87: TABLERO TRIFÁSICO 12 CIRCUITOS | C87: un | E87: 302497.32 | F87: =D87*E87 -> 0
A88: 6.04 | B88: SUMINISTRO INST. TAPA INTERRUPTOR DOBLE | C88: un | E88: 21228.92 | F88: =D88*E88 -> 0
A89: 6.1 | B89: ACOMETIDAS, CABLES Y TUBERIAS
A90: 6,1,1 | B90: ACOMETIDA EN CABLE 1N10 Cu AWG PE-HFFR-LS (FASES) + 1N10 Cu AWG PE-HFFR-LS (NEUTRO) + 1N12 Cu AWG (TIERRA), INCLUYE BORNAS DE CONEXIÓN, TERMINALES Y DEMÁS ACCESORIOS NECESARIOS PARA GARANTIZAR SU CORRECTA INSTALACIÓN Y PUESTA EN SERVICIO. | C90: m | E90: 22845.17 | F90: =D90*E90 -> 0
A91: 6,1,2 | B91: ACOMETIDA EN CABLE 3N8 Cu AWG PE-HFFR-LS (FASES) + 1N8 Cu AWG PE-HFFR-LS (NEUTRO) + 1N10 Cu AWG (TIERRA), INCLUYE BORNAS DE CONEXIÓN, TERMINALES Y DEMÁS ACCESORIOS NECESARIOS PARA GARANTIZAR SU CORRECTA INSTALACIÓN Y PUESTA EN SERVICIO. | C91: m | E91: 47253.3 | F91: =D91*E91 -> 0
A92: 6,1,3 | B92: ACOMETIDA EN CABLE 3N10 Cu AWG PE-HFFR-LS (FASES) + 1N10 Cu AWG PE-HFFR-LS (NEUTRO) + 1N12 Cu AWG (TIERRA), INCLUYE BORNAS DE CONEXIÓN, TERMINALES Y DEMÁS ACCESORIOS NECESARIOS PARA GARANTIZAR SU CORRECTA INSTALACIÓN Y PUESTA EN SERVICIO. | C92: m | E92: 34420 | F92: =D92*E92 -> 0
A93: 6,1,4 | B93: ACOMETIDA EN CABLE 1N12 Cu AWG PE-HFFR-LS (FASES) + 1N12 Cu AWG PE-HFFR-LS (NEUTRO) + 1N12 Cu AWG (TIERRA), INCLUYE BORNAS DE CONEXIÓN, TERMINALES Y DEMÁS ACCESORIOS NECESARIOS PARA GARANTIZAR SU CORRECTA INSTALACIÓN Y PUESTA EN SERVICIO. | C93: m | D93: 100 | F93: =D93*E93 -> 0
A94: 6,1,5 | B94: ACOMETIDA EN CABLE 2N4/0 Cu AWG PE-HFFR-LS (FASES) + 1N4/0 Cu AWG PE-HFFR-LS (NEUTRO) + 1N4/0 Cu AWG (TIERRA), INCLUYE BORNAS DE CONEXIÓN, TERMINALES Y DEMÁS ACCESORIOS NECESARIOS PARA GARANTIZAR SU CORRECTA INSTALACIÓN Y PUESTA EN SERVICIO. | C94: m | D94: 40 | F94: =D94*E94 -> 0
A95: 6,1,6 | B95: ACOMETIDA EN CABLE 1N10 Cu AWG PE-HFFR-LS (FASES) + 1N10 Cu AWG PE-HFFR-LS (NEUTRO) + 1N10 Cu AWG (TIERRA), INCLUYE BORNAS DE CONEXIÓN, TERMINALES Y DEMÁS ACCESORIOS NECESARIOS PARA GARANTIZAR SU CORRECTA INSTALACIÓN Y PUESTA EN SERVICIO. | C95: m | F95: =D95*E95 -> 0
A96: 6,1,7 | B96: PUESTA TIERRA MEDIANTE UNA (01) VARILLAS CW 5/8" COBRE- 99%, INCLUYE EXCAVACION, UN (01) PUNTO DE SOLDADURA EXOTÉRMICA, UNA (01) BOLSAS 25KG DE TRATAMIENTO FISICOQUIMICO DE TERRENO, CAJA DE INSPECCIÓN DE (0,30X0,30)M CON TAPA Y TODO LO NECESARIO PARA SU CORRECTA INSTALACIÓN | C96: un | F96: =D96*E96 -> 0
A97: 6,1,8 | B97: CABLE ENCAUCHETADO 3 X NO. 14 AWGXCU INCLUYE TUBERIA EMT ACCESORIOS PARA SU CORRECTA INSTALACIÓN Y PUESTA EN FUNCIONAMIENTO. | C97: m | F97: =D97*E97 -> 0
A98: 6,1,9 | B98: DUCTERÍA TIPO EMT DE 1 X Ø 3/4" INCLUYE UNIÓN, CURVAS, TERMINALES, CAJAS DE PASO Y TODOS LOS ELEMENTOS NECESARIOS PARA SU CORRECTA INSTALACIÓN Y PUESTA EN FUNCIONAMIENTO | C98: ml | F98: =D98*E98 -> 0
A99: 6,1,10 | B99: TUBERÍA CONDUIT 3/4 | C99: m | D99: 70 | F99: =D99*E99 -> 0
A100: 6,1,11 | B100: DUCTERÍA TIPO IMC DE 1 X Ø1" INCLUYE UNIÓN, CURVAS, TERMINALES, CAJAS DE PASO Y TODOS LOS ELEMENTOS NECESARIOS PARA SU CORRECTA INSTALACIÓN Y PUESTA EN FUNCIONAMIENTO | C100: ml | F100: =D100*E100 -> 0
...

Sheet ECONOMATO 
A1: ITEM | B1: ACTIVIDAD | C1: UN | D1: CANTIDAD | E1: VR. UNITARIO | F1: VR. TOTAL
A2: 1 | B2: PRELIMINARES
A3: 1.01 | B3: DEMOLICION DE ENCHAPE DE PISOS Y PAREDES | C3: m² | D3: 89.71 | F3: =D3*E3 -> 0
A4: 1.02 | B4: DEMOLICIÓN POYOS DUCHAS | C4: ml | F4: =D4*E4 -> 0
A5: 1.03 | B5: DESMONTE PUERTAS Y VENTANAS | C5: m² | F5: =D5*E5 -> 0
A6: 1.04 | B6: DEMOLICIÓN DE GUARDA ESCOBA. | C6: m | D6: 52.9 | F6: =D6*E6 -> 0
A7: 1.05 | B7: ESCARIFICADO DE PINTURA EN PAREDES | C7: m² | D7: 46 | F7: =D7*E7 -> 0
A8: 1.06 | B8: DESMONTE DE CIELO RASO, INCLUYE DESMONTE DE ESTRUCTURA | C8: m² | F8: =D8*E8 -> 0
A9: 1.07 | B9: DESMONTE Y REINSTALACION DE PUERTA METALICA TIPO HANGAR MARCOS, RIELES Y ANGULOS | C9: m² | F9: =D9*E9 -> 0
A10: 1.08 | B10: ESCARIFICADO DE PAÑETE EN PAREDES | C10: m² | F10: =D10*E10 -> 0
A11: 1.09 | B11: DESMONTE DE ESTRUCTURA EN MADERA Y METALICA PARA CUBIERTA | C11: m² | D11: 2.02 | F11: =D11*E11 -> 0
A12: 1.1 | B12: DEMOLICIÓN DE CERRAMIENTO EXISTENTE EN MALLA ESLABONADA CON TUBERÍA DE ACERO GALVANIZADO DE +-2" Y ANTEPECHO DE ALTURA APROXIMADA DE 0.60MTS. INCLUYE EL RETIRO DEL MATERIAL DEMOLIDO. | C12: m² | F12: =D12*E12 -> 0
A13: 1.11 | B13: DEMOLICIÓN MUROS 0.15M | C13: m² | F13: =D13*E13 -> 0
A14: 1.12 | B14: DEMOLICIÓN PLACAS MACIZAS 0.15M | C14: m² | F14: =D14*E14 -> 0
A15: 1.13 | B15: DESMONTE APARATOS SANITARIOS | C15: un | F15: =D15*E15 -> 0
A16: 1.14 | B16: DESMONTE CUBIERTAS ASBESTO CEMENTO | C16: m² | D16: 207.25 | F16: =D16*E16 -> 0
A17: 1.15 | B17: DESMONTE CANAL AGUAS LLUVIAS | C17: ml | E17: 14991.53 | F17: =D17*E17 -> 0
B18: Total PRELIMINARES | F18: =SUM(F3:F17) -> 0
A19: 2 | B19: MOVIMIENTO DE TIERRAS
A20: 2.01 | B20: RELLENO Y COMPACTACIÓN CON MATERIAL DE EXCAVACIÓN SELECCIONADO | C20: m³ | E20: 18941.08 | F20: =D20*E20 -> 0
A21: 2.02 | B21: TRANSPORTE DE MATERIAL/SOBRANTE U OTRO Y DISPOSICIÓN FINAL DE SOBRANTES A SITIO AUTORIZADO. | C21: m³ | D21: 42 | F21: =D21*E21 -> 0
A22: 2.03 | B22: EXCAVACION MANUAL EN TERRENO CONSISTENTE, NO INCLUYE CARGUE, RETIRO Y DISPOSICION FINAL DE EXCAVACION | C22: m³ | E22: 19478.87 | F22: =D22*E22 -> 0
A23: 2.04 | B23: EXCAVACIÓN MANUAL EN MATERIAL COMÚN. INCLUYE CARGUE, TRANSPORTE Y DISPOSICIÓN FINAL DE SOBRANTES A SITIO AUTORIZADO DE 0 - 2,00 MTS. | C23: m³ | E23: 41556.66 | F23: =D23*E23 -> 0
B24: Total MOVIMIENTO DE TIERRAS | F24: =SUM(F20:F23) -> 0
A25: 3 | B25: CIMENTACIÓN
A26: 3.01 | B26: SOLADO DE LIMPIEZA EN CONCRETO DE 2.000 PSI DE E=0.05 M SEGÚN PLANOS. INCLUYE MATERIALES, MANO DE OBRA, EQUIPOS Y HERRAMIENTAS NECESARIAS | C26: m² | E26: 25198.68 | F26: =D26*E26 -> 0
A27: 3.02 | B27: VIGAS DE CIMENTACION EN CONCRETO DE 3.000 PSI IMPERMEABILIZADO SEGÚN PLANOS. INCLUYE MANO DE OBRA, FORMALETAS, EQUIPOS Y HERRAMIENTAS NECESARIAS, NO INCLUYE ACERO DE REFUERZO. | C27: m³ | E27: 746916.81 | F27: =D27*E27 -> 0
A28: 3.03 | B28: PLACA DE CONTRAPISO EN CONCRETO DE 3.000 PSI IMPERMEABILIZADO, SEGÚN PLANOS. INCLUYE MANO DE OBRA, FORMALETAS, EQUIPOS Y HERRAMIENTAS NECESARIAS, E=0.15 M, NO INCLUYE ACERO DE REFUERZO | C28: m² | E28: 158491.85 | F28: =D28*E28 -> 0
A29: 3.04 | B29: MALLA ELECTROSOLDADA FY 485 MPA -NTC 5806, INCLUYE ALAMBRE NEGRO TRASIEGO, MANEJO | C29: kg | E29: 4821.48 | F29: =D29*E29 -> 0
B30: Total CIMENTACIÓN | F30: =SUM(F26:F29) -> 0
A31: 4 | B31: ESTRUCTURA
A32: 4.01 | B32: VIGAS AEREAS EN CONCRETO DE 3.000 PSI SEGÚN PLANOS. INCLUYE MANO DE OBRA, FORMALETAS, EQUIPOS Y HERRAMIENTAS NECESARIAS, NO INCLUYE ACERO DE REFUERZO | C32: m³ | E32: 741920.57 | F32: =D32*E32 -> 0
A33: 4.02 | B33: COLUMNA EN CONCRETO DE 3.000 PSI SEGÚN PLANOS. INCLUYE MANO DE OBRA, FORMALETAS, EQUIPOS Y HERRAMIENTAS NECESARIAS, NO INCLUYE ACERO DE REFUERZO | C33: m³ | E33: 784064.81 | F33: =D33*E33 -> 0
A34: 4.03 | B34: ACERO DE REFUERZO ESTRUCTURAL FY: 420 MPA GR 60 -NTC 2289 | C34: kg | E34: 6549.36 | F34: =D34*E34 -> 0
A35: 4.04 | B35: RIEL METALICO PARA PUERTA METALICA TIPO HANGAR. INCLUYE CAMBIO DE RODAMIENTOS Y TODOS LOS ELEMENTOS ESTRUCTURALES PARA SU MONTAJE Y CORRECTO FUNCIONAMIENTO COMO TAMBIÉN PINTURA EN ANTICORROSIVO Y ESMALTE. | C35: kg | E35: 25703.33 | F35: =D35*E35 -> 0
A36: 4.05 | B36: PERFILERIA ESTRUCTURAL EN ACERO A500 GR C. INCLUYE TODOS LOS ELEMENTOS ESTRUCTURALES PARA SU MONTAJE Y CORRECTO FUNCIONAMIENTO COMO TAMBIÉN PINTURA EN ANTICORROSIVO, ESMALTE, CONEXIONES, PLATINAS, ANCLAJES Y SOLDADURA. | C36: kg | D36: 200 | F36: =D36*E36 -> 0
A37: 4.06 | B37: ESTRUCTURA METÁLICA EN ACERO ESTRUCTURAL, TALES COMO PERFILES, PLATINAS, CORREAS Y DEMÁS ELEMENTOS. INCLUYE MONTAJE, APLICACION DE SIKAPERMACOR SERIE 82 TIPO SIKA O SIMILAR A UN ESPESOR DE PELÍCULA SECA DE 10.0 A 12.0 MILS, ESMALTE URETANO SERIE 36 TIPO S | C37: kg | E37: 20839.02 | F37: =D37*E37 -> 0
B38: Total ESTRUCTURA | F38: =SUM(F32:F37) -> 0
A39: 5 | B39: INSTALACIONES HIDROSANITARIAS
A40: 5.01 | B40: CIMENTACION Y ATRAQUE DE TUBERIA | C40: m³ | E40: 78626.05 | F40: =D40*E40 -> 0
A41: 5.02 | B41: REGATA PARA INSTALACIÓN DE TUBERÍA DE Ø 1/2" A Ø 2" (INCLUYE RESANE) | C41: m | E41: 5836.55 | F41: =D41*E41 -> 0
A42: 5.03 | B42: CONEXIÓN A RED HIDRÁULICA EXISTENTE Ø 1/2" . | C42: un | E42: 17241.7 | F42: =D42*E42 -> 0
A43: 5.04 | B43: CAJA DE INSPECCIÓN 0,60 X 0,6M H=0 - 0,5M, INCLUYE TAPA EN CONCRETO | C43: un | E43: 316401.66 | F43: =D43*E43 -> 0
A44: 5.05 | B44: PERFORACIÓN Y RESANE DE CAJAS DE INSPECCIÓN PARA INSTALACIÓN DE DUCTERIA ADICIONAL. | C44: un | E44: 237314.2 | F44: =D44*E44 -> 0
A45: 5.1 | B45: TUBERIA SANITARIA
A46: 5,1,1 | B46: TUBERÍA PVC SANITARIA Ø 2", INCLUYE ACCESORIOS PARA SU CORRECTA INSTALACION | C46: ml | E46: 33885.72 | F46: =D46*E46 -> 0
A47: 5,1,2 | B47: TUBERÍA PVC SANITARIA Ø 4", INCLUYE ACCESORIOS PARA SU CORRECTA INSTALACION | C47: ml | E47: 55298.86 | F47: =D47*E47 -> 0
A48: 5,1,3 | B48: TUBERÍA DE VENTILACIÓN Ø 2", INCLUYE ACCESORIOS PARA SU CORRECTA INSTALACION | C48: ml | E48: 23764.13 | F48: =D48*E48 -> 0
A49: 5,1,4 | B49: TUBERÍA PVC SANITARIA Ø 3", INCLUYE ACCESORIOS PARA SU CORRECTA INSTALACION | C49: ml | E49: 30586.12 | F49: =D49*E49 -> 0
A50: 5,1,5 | B50: SALIDA SANITARIA LAVAMANOS 2 | C50: un | E50: 79307.14 | F50: =D50*E50 -> 0
A51: 5,1,6 | B51: SALIDA SANITARIA LAVAPLATOS 2 | C51: un | E51: 53995.14 | F51: =D51*E51 -> 0
A52: 5,1,7 | B52: SALIDA SANITARIA INODORO 4 | C52: un | E52: 107600.48 | F52: =D52*E52 -> 0
A53: 5,1,8 | B53: BAJANTE AGUAS LLUVIA 4 | C53: ml | D53: 17.68 | F53: =D53*E53 -> 0
A54: 5,1,9 | B54: SALIDA SANITARIA DUCHA 2 | C54: un | E54: 72419.19 | F54: =D54*E54 -> 0
A55: 5,1,10 | B55: SALIDA SANITARIA LAVADERO 2 | C55: un | E55: 107431.98 | F55: =D55*E55 -> 0
A56: 5,1,11 | B56: SALIDA SANITARIA LAVADORA 2 | C56: un | E56: 90110.84 | F56: =D56*E56 -> 0
A57: 5,1,12 | B57: SALIDA SANITARIA SIFÓN DE PISO 3 | C57: un | E57: 93038.19 | F57: =D57*E57 -> 0
A58: 5,1,13 | B58: SIFÓN Ø 3X2", INCLUYE ACCESORIOS PARA SU CORRECTA INSTALACION | C58: un | E58: 47133.59 | F58: =D58*E58 -> 0
A59: 5.2 | B59: TUBERIA HIDRAULICA
A60: 5,2,1 | B60: TUBERÍA PVC PRESIÓN RDE 13.5 Ø 1/2", INCLUYE ACCESORIOS PARA SU CORRECTA INSTALACIÓN. | C60: ml | E60: 23538.44 | F60: =D60*E60 -> 0
A61: 5,2,2 | B61: TUBERÍA PVC PRESIÓN RDE 21 Ø 3/4", INCLUYE ACCESORIOS PARA SU CORRECTA INSTALACIÓN. | C61: ml | E61: 36671.61 | F61: =D61*E61 -> 0
A62: 5,2,3 | B62: PUNTO A.F. ORINAL O LAVAMANOS | C62: un | E62: 23847.31 | F62: =D62*E62 -> 0
A63: 5,2,4 | B63: PUNTO A.F. LAVAPLATOS | C63: un | E63: 24111.48 | F63: =D63*E63 -> 0
A64: 5,2,5 | B64: PUNTO A.F. INODORO | C64: un | E64: 23066.48 | F64: =D64*E64 -> 0
A65: 5,2,6 | B65: PUNTO DE AGUA FRIA Ø 1/2" , INCLUYE ACCESORIOS PARA SU CORRECTA INSTALACIÓN. | C65: un | E65: 48315.47 | F65: =D65*E65 -> 0
A66: 5,2,7 | B66: PUNTO A.F. LAVADERO | C66: un | E66: 18037.49 | F66: =D66*E66 -> 0
A67: 5,2,8 | B67: PUNTO A.F. DUCHA | C67: un | E67: 275428.96 | F67: =D67*E67 -> 0
A68: 5,2,9 | B68: TUBERÍA PVC PRESIÓN RDE 21 Ø 1", INCLUYE ACCESORIOS PARA SU CORRECTA INSTALACIÓN. | C68: ml | E68: 19264.51 | F68: =D68*E68 -> 0
A69: 5,2,10 | B69: PUNTO A.F. DE Ø 1" INCLUYE ACCESORIOS PARA SU CORRECTA INSTALACIÓN | C69: un | E69: 60188.91 | F69: =D69*E69 -> 0
A70: 5,2,11 | B70: CONEXIÓN A RED HIDRAULIZA EXISTENTE | C70: un | E70: 75485.22 | F70: =D70*E70 -> 0
A71: 5.3 | B71: TUBERIA AGUA CALIENTE
A72: 5,3,1 | B72: TUBERÍA CPVC 1/2 | C72: m | E72: 15091.74 | F72: =D72*E72 -> 0
A73: 5,3,2 | B73: PUNTO A.C. DUCHA | C73: un | E73: 19404.35 | F73: =D73*E73 -> 0
A74: 5,3,3 | B74: PUNTO A.C. LAVADORA | C74: un | E74: 36894.95 | F74: =D74*E74 -> 0
A75: 5,3,4 | B75: PUNTO A.C. LAVAPLATOS | C75: un | E75: 46228.16 | F75: =D75*E75 -> 0
A76: 5,3,5 | B76: PUNTO A.C. CALENTADOR | C76: un | E76: 66451.95 | F76: =D76*E76 -> 0
A77: 5.4 | B77: REGISTROS Y ACCESORIOS
A78: 5,4,1 | B78: VÁLVULA DE REGISTRO 1/2 | C78: un | E78: 81782.74 | F78: =D78*E78 -> 0
A79: 5,4,2 | B79: BUJE SOLDADO PVCP 3/4X1/2 | C79: un | E79: 5055.28 | F79: =D79*E79 -> 0
A80: 5,4,3 | B80: VÁLVULA DE CORTINA CON REGISTRO 1/2 | C80: un | E80: 119732.74 | F80: =D80*E80 -> 0
A81: 5,4,4 | B81: REGISTRO DE AGUA TIPO BOLA INCLUYE TAPA Y CAJA Ø 1" | C81: un | E81: 88103.15 | F81: =D81*E81 -> 0
A82: 5,4,5 | B82: VÁLVULA DE REGISTRO DE Ø 1" | C82: un | E82: 44770.3 | F82: =D82*E82 -> 0
B83: Total INSTALACIONES HIDROSANITARIAS | F83: =SUM(F40:F82) -> 0
A84: 6 | B84: INSTALACIONES ELECTRICAS
A85: 6.01 | B85: DESMONTE Y REINSTALACIÓN DE LUMINARIAS | C85: un | E85: 11151.84 | F85: =D85*E85 -> 0
A86: 6.02 | B86: CAJA 5800 CON TAPA CIEGA | C86: un | E86: 25347.6 | F86: =D86*E86 -> 0
A87: 6.03 | B87: TABLERO TRIFÁSICO 12 CIRCUITOS | C87: un | E87: 302497.32 | F87: =D87*E87 -> 0
A88: 6.04 | B88: SUMINISTRO INST. TAPA INTERRUPTOR DOBLE | C88: un | E88: 21228.92 | F88: =D88*E88 -> 0
A89: 6.1 | B89: ACOMETIDAS, CABLES Y TUBERIAS
A90: 6,1,1 | B90: ACOMETIDA EN CABLE 1N10 Cu AWG PE-HFFR-LS (FASES) + 1N10 Cu AWG PE-HFFR-LS (NEUTRO) + 1N12 Cu AWG (TIERRA), INCLUYE BORNAS DE CONEXIÓN, TERMINALES Y DEMÁS ACCESORIOS NECESARIOS PARA GARANTIZAR SU CORRECTA INSTALACIÓN Y PUESTA EN SERVICIO. | C90: m | E90: 22845.17 | F90: =D90*E90 -> 0
A91: 6,1,2 | B91: ACOMETIDA EN CABLE 3N8 Cu AWG PE-HFFR-LS (FASES) + 1N8 Cu AWG PE-HFFR-LS (NEUTRO) + 1N10 Cu AWG (TIERRA), INCLUYE BORNAS DE CONEXIÓN, TERMINALES Y DEMÁS ACCESORIOS NECESARIOS PARA GARANTIZAR SU CORRECTA INSTALACIÓN Y PUESTA EN SERVICIO. | C91: m | E91: 47253.3 | F91: =D91*E91 -> 0
A92: 6,1,3 | B92: ACOMETIDA EN CABLE 3N10 Cu AWG PE-HFFR-LS (FASES) + 1N10 Cu AWG PE-HFFR-LS (NEUTRO) + 1N12 Cu AWG (TIERRA), INCLUYE BORNAS DE CONEXIÓN, TERMINALES Y DEMÁS ACCESORIOS NECESARIOS PARA GARANTIZAR SU CORRECTA INSTALACIÓN Y PUESTA EN SERVICIO. | C92: m | E92: 34420 | F92: =D92*E92 -> 0
A93: 6,1,4 | B93: ACOMETIDA EN CABLE 1N12 Cu AWG PE-HFFR-LS (FASES) + 1N12 Cu AWG PE-HFFR-LS (NEUTRO) + 1N12 Cu AWG (TIERRA), INCLUYE BORNAS DE CONEXIÓN, TERMINALES Y DEMÁS ACCESORIOS NECESARIOS PARA GARANTIZAR SU CORRECTA INSTALACIÓN Y PUESTA EN SERVICIO. | C93: m | E93: 19065.39 | F93: =D93*E93 -> 0
A94: 6,1,5 | B94: ACOMETIDA EN CABLE 2N4/0 Cu AWG PE-HFFR-LS (FASES) + 1N4/0 Cu AWG PE-HFFR-LS (NEUTRO) + 1N4/0 Cu AWG (TIERRA), INCLUYE BORNAS DE CONEXIÓN, TERMINALES Y DEMÁS ACCESORIOS NECESARIOS PARA GARANTIZAR SU CORRECTA INSTALACIÓN Y PUESTA EN SERVICIO. | C94: m | E94: 418620.34 | F94: =D94*E94 -> 0
A95: 6,1,6 | B95: ACOMETIDA EN CABLE 1N10 Cu AWG PE-HFFR-LS (FASES) + 1N10 Cu AWG PE-HFFR-LS (NEUTRO) + 1N10 Cu AWG (TIERRA), INCLUYE BORNAS DE CONEXIÓN, TERMINALES Y DEMÁS ACCESORIOS NECESARIOS PARA GARANTIZAR SU CORRECTA INSTALACIÓN Y PUESTA EN SERVICIO. | C95: m | E95: 26015.62 | F95: =D95*E95 -> 0
A96: 6,1,7 | B96: PUESTA TIERRA MEDIANTE UNA (01) VARILLAS CW 5/8" COBRE- 99%, INCLUYE EXCAVACION, UN (01) PUNTO DE SOLDADURA EXOTÉRMICA, UNA (01) BOLSAS 25KG DE TRATAMIENTO FISICOQUIMICO DE TERRENO, CAJA DE INSPECCIÓN DE (0,30X0,30)M CON TAPA Y TODO LO NECESARIO PARA SU CORRECTA INSTALACIÓN | C96: un | E96: 549748 | F96: =D96*E96 -> 0
A97: 6,1,8 | B97: CABLE ENCAUCHETADO 3 X NO. 14 AWGXCU INCLUYE TUBERIA EMT ACCESORIOS PARA SU CORRECTA INSTALACIÓN Y PUESTA EN FUNCIONAMIENTO. | C97: m | D97: 45 | F97: =D97*E97 -> 0
A98: 6,1,9 | B98: DUCTERÍA TIPO EMT DE 1 X Ø 3/4" INCLUYE UNIÓN, CURVAS, TERMINALES, CAJAS DE PASO Y TODOS LOS ELEMENTOS NECESARIOS PARA SU CORRECTA INSTALACIÓN Y PUESTA EN FUNCIONAMIENTO | C98: ml | E98: 50106.59 | F98: =D98*E98 -> 0
A99: 6,1,10 | B99: TUBERÍA CONDUIT 3/4 | C99: m | E99: 5933.28 | F99: =D99*E99 -> 0
A100: 6,1,11 | B100: DUCTERÍA TIPO IMC DE 1 X Ø1" INCLUYE UNIÓN, CURVAS, TERMINALES, CAJAS DE PASO Y TODOS LOS ELEMENTOS NECESARIOS PARA SU CORRECTA INSTALACIÓN Y PUESTA EN FUNCIONAMIENTO | C100: ml | E100: 29346.96 | F100: =D100*E100 -> 0
...

Sheet MALLA PERIMETRAL 
A1: ITEM | B1: ACTIVIDAD | C1: UN | D1: CANTIDAD | E1: VR. UNITARIO | F1: VR. TOTAL
A2: 1 | B2: PRELIMINARES
A3: 1.01 | B3: DEMOLICION DE ENCHAPE DE PISOS Y PAREDES | C3: m² | E3: 43704.15 | F3: =D3*E3 -> 0
A4: 1.02 | B4: DEMOLICIÓN POYOS DUCHAS | C4: ml | E4: 12300.17 | F4: =D4*E4 -> 0
A5: 1.03 | B5: DESMONTE PUERTAS Y VENTANAS | C5: m² | E5: 5770.56 | F5: =D5*E5 -> 0
A6: 1.04 | B6: DEMOLICIÓN DE GUARDA ESCOBA. | C6: m | E6: 3274.08 | F6: =D6*E6 -> 0
A7: 1.05 | B7: ESCARIFICADO DE PINTURA EN PAREDES | C7: m² | E7: 3577.1 | F7: =D7*E7 -> 0
A8: 1.06 | B8: DESMONTE DE CIELO RASO, INCLUYE DESMONTE DE ESTRUCTURA | C8: m² | E8: 11910.09 | F8: =D8*E8 -> 0
A9: 1.07 | B9: DESMONTE Y REINSTALACION DE PUERTA METALICA TIPO HANGAR MARCOS, RIELES Y ANGULOS | C9: m² | E9: 57761.86 | F9: =D9*E9 -> 0
A10: 1.08 | B10: ESCARIFICADO DE PAÑETE EN PAREDES | C10: m² | E10: 5561.38 | F10: =D10*E10 -> 0
A11: 1.09 | B11: DESMONTE DE ESTRUCTURA EN MADERA Y METALICA PARA CUBIERTA | C11: m² | E11: 16984.01 | F11: =D11*E11 -> 0
A12: 1.1 | B12: DEMOLICIÓN DE CERRAMIENTO EXISTENTE EN MALLA ESLABONADA CON TUBERÍA DE ACERO GALVANIZADO DE +-2" Y ANTEPECHO DE ALTURA APROXIMADA DE 0.60MTS. INCLUYE EL RETIRO DEL MATERIAL DEMOLIDO. | C12: m² | D12: 120 | F12: =D12*E12 -> 0
A13: 1.11 | B13: DEMOLICIÓN MUROS 0.15M | C13: m² | E13: 7079.05 | F13: =D13*E13 -> 0
A14: 1.12 | B14: DEMOLICIÓN PLACAS MACIZAS 0.15M | C14: m² | E14: 59816.37 | F14: =D14*E14 -> 0
A15: 1.13 | B15: DESMONTE APARATOS SANITARIOS | C15: un | E15: 5663.24 | F15: =D15*E15 -> 0
A16: 1.14 | B16: DESMONTE CUBIERTAS ASBESTO CEMENTO | C16: m² | E16: 9095.52 | F16: =D16*E16 -> 0
A17: 1.15 | B17: DESMONTE CANAL AGUAS LLUVIAS | C17: ml | E17: 14991.53 | F17: =D17*E17 -> 0
B18: Total PRELIMINARES | F18: =SUM(F3:F17) -> 0
A19: 2 | B19: MOVIMIENTO DE TIERRAS
A20: 2.01 | B20: RELLENO Y COMPACTACIÓN CON MATERIAL DE EXCAVACIÓN SELECCIONADO | C20: m³ | E20: 18941.08 | F20: =D20*E20 -> 0
A21: 2.02 | B21: TRANSPORTE DE MATERIAL/SOBRANTE U OTRO Y DISPOSICIÓN FINAL DE SOBRANTES A SITIO AUTORIZADO. | C21: m³ | E21: 50091.05 | F21: =D21*E21 -> 0
A22: 2.03 | B22: EXCAVACION MANUAL EN TERRENO CONSISTENTE, NO INCLUYE CARGUE, RETIRO Y DISPOSICION FINAL DE EXCAVACION | C22: m³ | E22: 19478.87 | F22: =D22*E22 -> 0
A23: 2.04 | B23: EXCAVACIÓN MANUAL EN MATERIAL COMÚN. INCLUYE CARGUE, TRANSPORTE Y DISPOSICIÓN FINAL DE SOBRANTES A SITIO AUTORIZADO DE 0 - 2,00 MTS. | C23: m³ | E23: 41556.66 | F23: =D23*E23 -> 0
B24: Total MOVIMIENTO DE TIERRAS | F24: =SUM(F20:F23) -> 0
A25: 3 | B25: CIMENTACIÓN
A26: 3.01 | B26: SOLADO DE LIMPIEZA EN CONCRETO DE 2.000 PSI DE E=0.05 M SEGÚN PLANOS. INCLUYE MATERIALES, MANO DE OBRA, EQUIPOS Y HERRAMIENTAS NECESARIAS | C26: m² | E26: 25198.68 | F26: =D26*E26 -> 0
A27: 3.02 | B27: VIGAS DE CIMENTACION EN CONCRETO DE 3.000 PSI IMPERMEABILIZADO SEGÚN PLANOS. INCLUYE MANO DE OBRA, FORMALETAS, EQUIPOS Y HERRAMIENTAS NECESARIAS, NO INCLUYE ACERO DE REFUERZO. | C27: m³ | E27: 746916.81 | F27: =D27*E27 -> 0
A28: 3.03 | B28: PLACA DE CONTRAPISO EN CONCRETO DE 3.000 PSI IMPERMEABILIZADO, SEGÚN PLANOS. INCLUYE MANO DE OBRA, FORMALETAS, EQUIPOS Y HERRAMIENTAS NECESARIAS, E=0.15 M, NO INCLUYE ACERO DE REFUERZO | C28: m² | E28: 158491.85 | F28: =D28*E28 -> 0
A29: 3.04 | B29: MALLA ELECTROSOLDADA FY 485 MPA -NTC 5806, INCLUYE ALAMBRE NEGRO TRASIEGO, MANEJO | C29: kg | E29: 4821.48 | F29: =D29*E29 -> 0
B30: Total CIMENTACIÓN | F30: =SUM(F26:F29) -> 0
A31: 4 | B31: ESTRUCTURA
A32: 4.01 | B32: VIGAS AEREAS EN CONCRETO DE 3.000 PSI SEGÚN PLANOS. INCLUYE MANO DE OBRA, FORMALETAS, EQUIPOS Y HERRAMIENTAS NECESARIAS, NO INCLUYE ACERO DE REFUERZO | C32: m³ | E32: 741920.57 | F32: =D32*E32 -> 0
A33: 4.02 | B33: COLUMNA EN CONCRETO DE 3.000 PSI SEGÚN PLANOS. INCLUYE MANO DE OBRA, FORMALETAS, EQUIPOS Y HERRAMIENTAS NECESARIAS, NO INCLUYE ACERO DE REFUERZO | C33: m³ | E33: 784064.81 | F33: =D33*E33 -> 0
A34: 4.03 | B34: ACERO DE REFUERZO ESTRUCTURAL FY: 420 MPA GR 60 -NTC 2289 | C34: kg | E34: 6549.36 | F34: =D34*E34 -> 0
A35: 4.04 | B35: RIEL METALICO PARA PUERTA METALICA TIPO HANGAR. INCLUYE CAMBIO DE RODAMIENTOS Y TODOS LOS ELEMENTOS ESTRUCTURALES PARA SU MONTAJE Y CORRECTO FUNCIONAMIENTO COMO TAMBIÉN PINTURA EN ANTICORROSIVO Y ESMALTE. | C35: kg | E35: 25703.33 | F35: =D35*E35 -> 0
A36: 4.05 | B36: PERFILERIA ESTRUCTURAL EN ACERO A500 GR C. INCLUYE TODOS LOS ELEMENTOS ESTRUCTURALES PARA SU MONTAJE Y CORRECTO FUNCIONAMIENTO COMO TAMBIÉN PINTURA EN ANTICORROSIVO, ESMALTE, CONEXIONES, PLATINAS, ANCLAJES Y SOLDADURA. | C36: kg | E36: 23685.69 | F36: =D36*E36 -> 0
A37: 4.06 | B37: ESTRUCTURA METÁLICA EN ACERO ESTRUCTURAL, TALES COMO PERFILES, PLATINAS, CORREAS Y DEMÁS ELEMENTOS. INCLUYE MONTAJE, APLICACION DE SIKAPERMACOR SERIE 82 TIPO SIKA O SIMILAR A UN ESPESOR DE PELÍCULA SECA DE 10.0 A 12.0 MILS, ESMALTE URETANO SERIE 36 TIPO S | C37: kg | E37: 20839.02 | F37: =D37*E37 -> 0
B38: Total ESTRUCTURA | F38: =SUM(F32:F37) -> 0
A39: 5 | B39: INSTALACIONES HIDROSANITARIAS
A40: 5.01 | B40: CIMENTACION Y ATRAQUE DE TUBERIA | C40: m³ | E40: 78626.05 | F40: =D40*E40 -> 0
A41: 5.02 | B41: REGATA PARA INSTALACIÓN DE TUBERÍA DE Ø 1/2" A Ø 2" (INCLUYE RESANE) | C41: m | E41: 5836.55 | F41: =D41*E41 -> 0
A42: 5.03 | B42: CONEXIÓN A RED HIDRÁULICA EXISTENTE Ø 1/2" . | C42: un | E42: 17241.7 | F42: =D42*E42 -> 0
A43: 5.04 | B43: CAJA DE INSPECCIÓN 0,60 X 0,6M H=0 - 0,5M, INCLUYE TAPA EN CONCRETO | C43: un | E43: 316401.66 | F43: =D43*E43 -> 0
A44: 5.05 | B44: PERFORACIÓN Y RESANE DE CAJAS DE INSPECCIÓN PARA INSTALACIÓN DE DUCTERIA ADICIONAL. | C44: un | E44: 237314.2 | F44: =D44*E44 -> 0
A45: 5.1 | B45: TUBERIA SANITARIA
A46: 5,1,1 | B46: TUBERÍA PVC SANITARIA Ø 2", INCLUYE ACCESORIOS PARA SU CORRECTA INSTALACION | C46: ml | E46: 33885.72 | F46: =D46*E46 -> 0
A47: 5,1,2 | B47: TUBERÍA PVC SANITARIA Ø 4", INCLUYE ACCESORIOS PARA SU CORRECTA INSTALACION | C47: ml | E47: 55298.86 | F47: =D47*E47 -> 0
A48: 5,1,3 | B48: TUBERÍA DE VENTILACIÓN Ø 2", INCLUYE ACCESORIOS PARA SU CORRECTA INSTALACION | C48: ml | E48: 23764.13 | F48: =D48*E48 -> 0
A49: 5,1,4 | B49: TUBERÍA PVC SANITARIA Ø 3", INCLUYE ACCESORIOS PARA SU CORRECTA INSTALACION | C49: ml | E49: 30586.12 | F49: =D49*E49 -> 0
A50: 5,1,5 | B50: SALIDA SANITARIA LAVAMANOS 2 | C50: un | E50: 79307.14 | F50: =D50*E50 -> 0
A51: 5,1,6 | B51: SALIDA SANITARIA LAVAPLATOS 2 | C51: un | E51: 53995.14 | F51: =D51*E51 -> 0
A52: 5,1,7 | B52: SALIDA SANITARIA INODORO 4 | C52: un | E52: 107600.48 | F52: =D52*E52 -> 0
A53: 5,1,8 | B53: BAJANTE AGUAS LLUVIA 4 | C53: ml | E53: 52255.73 | F53: =D53*E53 -> 0
A54: 5,1,9 | B54: SALIDA SANITARIA DUCHA 2 | C54: un | E54: 72419.19 | F54: =D54*E54 -> 0
A55: 5,1,10 | B55: SALIDA SANITARIA LAVADERO 2 | C55: un | E55: 107431.98 | F55: =D55*E55 -> 0
A56: 5,1,11 | B56: SALIDA SANITARIA LAVADORA 2 | C56: un | E56: 90110.84 | F56: =D56*E56 -> 0
A57: 5,1,12 | B57: SALIDA SANITARIA SIFÓN DE PISO 3 | C57: un | E57: 93038.19 | F57: =D57*E57 -> 0
A58: 5,1,13 | B58: SIFÓN Ø 3X2", INCLUYE ACCESORIOS PARA SU CORRECTA INSTALACION | C58: un | E58: 47133.59 | F58: =D58*E58 -> 0
A59: 5.2 | B59: TUBERIA HIDRAULICA
A60: 5,2,1 | B60: TUBERÍA PVC PRESIÓN RDE 13.5 Ø 1/2", INCLUYE ACCESORIOS PARA SU CORRECTA INSTALACIÓN. | C60: ml | E60: 23538.44 | F60: =D60*E60 -> 0
A61: 5,2,2 | B61: TUBERÍA PVC PRESIÓN RDE 21 Ø 3/4", INCLUYE ACCESORIOS PARA SU CORRECTA INSTALACIÓN. | C61: ml | E61: 36671.61 | F61: =D61*E61 -> 0
A62: 5,2,3 | B62: PUNTO A.F. ORINAL O LAVAMANOS | C62: un | E62: 23847.31 | F62: =D62*E62 -> 0
A63: 5,2,4 | B63: PUNTO A.F. LAVAPLATOS | C63: un | E63: 24111.48 | F63: =D63*E63 -> 0
A64: 5,2,5 | B64: PUNTO A.F. INODORO | C64: un | E64: 23066.48 | F64: =D64*E64 -> 0
A65: 5,2,6 | B65: PUNTO DE AGUA FRIA Ø 1/2" , INCLUYE ACCESORIOS PARA SU CORRECTA INSTALACIÓN. | C65: un | E65: 48315.47 | F65: =D65*E65 -> 0
A66: 5,2,7 | B66: PUNTO A.F. LAVADERO | C66: un | E66: 18037.49 | F66: =D66*E66 -> 0
A67: 5,2,8 | B67: PUNTO A.F. DUCHA | C67: un | E67: 275428.96 | F67: =D67*E67 -> 0
A68: 5,2,9 | B68: TUBERÍA PVC PRESIÓN RDE 21 Ø 1", INCLUYE ACCESORIOS PARA SU CORRECTA INSTALACIÓN. | C68: ml | E68: 19264.51 | F68: =D68*E68 -> 0
A69: 5,2,10 | B69: PUNTO A.F. DE Ø 1" INCLUYE ACCESORIOS PARA SU CORRECTA INSTALACIÓN | C69: un | E69: 60188.91 | F69: =D69*E69 -> 0
A70: 5,2,11 | B70: CONEXIÓN A RED HIDRAULIZA EXISTENTE | C70: un | E70: 75485.22 | F70: =D70*E70 -> 0
A71: 5.3 | B71: TUBERIA AGUA CALIENTE
A72: 5,3,1 | B72: TUBERÍA CPVC 1/2 | C72: m | E72: 15091.74 | F72: =D72*E72 -> 0
A73: 5,3,2 | B73: PUNTO A.C. DUCHA | C73: un | E73: 19404.35 | F73: =D73*E73 -> 0
A74: 5,3,3 | B74: PUNTO A.C. LAVADORA | C74: un | E74: 36894.95 | F74: =D74*E74 -> 0
A75: 5,3,4 | B75: PUNTO A.C. LAVAPLATOS | C75: un | E75: 46228.16 | F75: =D75*E75 -> 0
A76: 5,3,5 | B76: PUNTO A.C. CALENTADOR | C76: un | E76: 66451.95 | F76: =D76*E76 -> 0
A77: 5.4 | B77: REGISTROS Y ACCESORIOS
A78: 5,4,1 | B78: VÁLVULA DE REGISTRO 1/2 | C78: un | E78: 81782.74 | F78: =D78*E78 -> 0
A79: 5,4,2 | B79: BUJE SOLDADO PVCP 3/4X1/2 | C79: un | E79: 5055.28 | F79: =D79*E79 -> 0
A80: 5,4,3 | B80: VÁLVULA DE CORTINA CON REGISTRO 1/2 | C80: un | E80: 119732.74 | F80: =D80*E80 -> 0
A81: 5,4,4 | B81: REGISTRO DE AGUA TIPO BOLA INCLUYE TAPA Y CAJA Ø 1" | C81: un | E81: 88103.15 | F81: =D81*E81 -> 0
A82: 5,4,5 | B82: VÁLVULA DE REGISTRO DE Ø 1" | C82: un | E82: 44770.3 | F82: =D82*E82 -> 0
B83: Total INSTALACIONES HIDROSANITARIAS | F83: =SUM(F40:F82) -> 0
A84: 6 | B84: INSTALACIONES ELECTRICAS
A85: 6.01 | B85: DESMONTE Y REINSTALACIÓN DE LUMINARIAS | C85: un | E85: 11151.84 | F85: =D85*E85 -> 0
A86: 6.02 | B86: CAJA 5800 CON TAPA CIEGA | C86: un | E86: 25347.6 | F86: =D86*E86 -> 0
A87: 6.03 | B87: TABLERO TRIFÁSICO 12 CIRCUITOS | C87: un | E87: 302497.32 | F87: =D87*E87 -> 0
A88: 6.04 | B88: SUMINISTRO INST. TAPA INTERRUPTOR DOBLE | C88: un | E88: 21228.92 | F88: =D88*E88 -> 0
A89: 6.1 | B89: ACOMETIDAS, CABLES Y TUBERIAS
A90: 6,1,1 | B90: ACOMETIDA EN CABLE 1N10 Cu AWG PE-HFFR-LS (FASES) + 1N10 Cu AWG PE-HFFR-LS (NEUTRO) + 1N12 Cu AWG (TIERRA), INCLUYE BORNAS DE CONEXIÓN, TERMINALES Y DEMÁS ACCESORIOS NECESARIOS PARA GARANTIZAR SU CORRECTA INSTALACIÓN Y PUESTA EN SERVICIO. | C90: m | E90: 22845.17 | F90: =D90*E90 -> 0
A91: 6,1,2 | B91: ACOMETIDA EN CABLE 3N8 Cu AWG PE-HFFR-LS (FASES) + 1N8 Cu AWG PE-HFFR-LS (NEUTRO) + 1N10 Cu AWG (TIERRA), INCLUYE BORNAS DE CONEXIÓN, TERMINALES Y DEMÁS ACCESORIOS NECESARIOS PARA GARANTIZAR SU CORRECTA INSTALACIÓN Y PUESTA EN SERVICIO. | C91: m | E91: 47253.3 | F91: =D91*E91 -> 0
A92: 6,1,3 | B92: ACOMETIDA EN CABLE 3N10 Cu AWG PE-HFFR-LS (FASES) + 1N10 Cu AWG PE-HFFR-LS (NEUTRO) + 1N12 Cu AWG (TIERRA), INCLUYE BORNAS DE CONEXIÓN, TERMINALES Y DEMÁS ACCESORIOS NECESARIOS PARA GARANTIZAR SU CORRECTA INSTALACIÓN Y PUESTA EN SERVICIO. | C92: m | E92: 34420 | F92: =D92*E92 -> 0
A93: 6,1,4 | B93: ACOMETIDA EN CABLE 1N12 Cu AWG PE-HFFR-LS (FASES) + 1N12 Cu AWG PE-HFFR-LS (NEUTRO) + 1N12 Cu AWG (TIERRA), INCLUYE BORNAS DE CONEXIÓN, TERMINALES Y DEMÁS ACCESORIOS NECESARIOS PARA GARANTIZAR SU CORRECTA INSTALACIÓN Y PUESTA EN SERVICIO. | C93: m | E93: 19065.39 | F93: =D93*E93 -> 0
A94: 6,1,5 | B94: ACOMETIDA EN CABLE 2N4/0 Cu AWG PE-HFFR-LS (FASES) + 1N4/0 Cu AWG PE-HFFR-LS (NEUTRO) + 1N4/0 Cu AWG (TIERRA), INCLUYE BORNAS DE CONEXIÓN, TERMINALES Y DEMÁS ACCESORIOS NECESARIOS PARA GARANTIZAR SU CORRECTA INSTALACIÓN Y PUESTA EN SERVICIO. | C94: m | E94: 418620.34 | F94: =D94*E94 -> 0
A95: 6,1,6 | B95: ACOMETIDA EN CABLE 1N10 Cu AWG PE-HFFR-LS (FASES) + 1N10 Cu AWG PE-HFFR-LS (NEUTRO) + 1N10 Cu AWG (TIERRA), INCLUYE BORNAS DE CONEXIÓN, TERMINALES Y DEMÁS ACCESORIOS NECESARIOS PARA GARANTIZAR SU CORRECTA INSTALACIÓN Y PUESTA EN SERVICIO. | C95: m | E95: 26015.62 | F95: =D95*E95 -> 0
A96: 6,1,7 | B96: PUESTA TIERRA MEDIANTE UNA (01) VARILLAS CW 5/8" COBRE- 99%, INCLUYE EXCAVACION, UN (01) PUNTO DE SOLDADURA EXOTÉRMICA, UNA (01) BOLSAS 25KG DE TRATAMIENTO FISICOQUIMICO DE TERRENO, CAJA DE INSPECCIÓN DE (0,30X0,30)M CON TAPA Y TODO LO NECESARIO PARA SU CORRECTA INSTALACIÓN | C96: un | E96: 549748 | F96: =D96*E96 -> 0
A97: 6,1,8 | B97: CABLE ENCAUCHETADO 3 X NO. 14 AWGXCU INCLUYE TUBERIA EMT ACCESORIOS PARA SU CORRECTA INSTALACIÓN Y PUESTA EN FUNCIONAMIENTO. | C97: m | E97: 17120.95 | F97: =D97*E97 -> 0
A98: 6,1,9 | B98: DUCTERÍA TIPO EMT DE 1 X Ø 3/4" INCLUYE UNIÓN, CURVAS, TERMINALES, CAJAS DE PASO Y TODOS LOS ELEMENTOS NECESARIOS PARA SU CORRECTA INSTALACIÓN Y PUESTA EN FUNCIONAMIENTO | C98: ml | E98: 50106.59 | F98: =D98*E98 -> 0
A99: 6,1,10 | B99: TUBERÍA CONDUIT 3/4 | C99: m | E99: 5933.28 | F99: =D99*E99 -> 0
A100: 6,1,11 | B100: DUCTERÍA TIPO IMC DE 1 X Ø1" INCLUYE UNIÓN, CURVAS, TERMINALES, CAJAS DE PASO Y TODOS LOS ELEMENTOS NECESARIOS PARA SU CORRECTA INSTALACIÓN Y PUESTA EN FUNCIONAMIENTO | C100: ml | E100: 29346.96 | F100: =D100*E100 -> 0
...

Sheet BOG MPT6 
A1: ITEM | B1: ACTIVIDAD | C1: UN | D1: CANTIDAD | E1: VR. UNITARIO | F1: VR. TOTAL
A2: 1 | B2: PRELIMINARES
A3: 1.01 | B3: DEMOLICION DE ENCHAPE DE PISOS Y PAREDES | C3: m² | D3: 296.5 | F3: =D3*E3 -> 0
A4: 1.02 | B4: DEMOLICIÓN POYOS DUCHAS | C4: ml | F4: =D4*E4 -> 0
A5: 1.03 | B5: DESMONTE PUERTAS Y VENTANAS | C5: m² | F5: =D5*E5 -> 0
A6: 1.04 | B6: DEMOLICIÓN DE GUARDA ESCOBA. | C6: m | F6: =D6*E6 -> 0
A7: 1.05 | B7: ESCARIFICADO DE PINTURA EN PAREDES | C7: m² | F7: =D7*E7 -> 0
A8: 1.06 | B8: DESMONTE DE CIELO RASO, INCLUYE DESMONTE DE ESTRUCTURA | C8: m² | D8: 33.79 | F8: =D8*E8 -> 0
A9: 1.07 | B9: DESMONTE Y REINSTALACION DE PUERTA METALICA TIPO HANGAR MARCOS, RIELES Y ANGULOS | C9: m² | F9: =D9*E9 -> 0
A10: 1.08 | B10: ESCARIFICADO DE PAÑETE EN PAREDES | C10: m² | D10: 2.5 | F10: =D10*E10 -> 0
A11: 1.09 | B11: DESMONTE DE ESTRUCTURA EN MADERA Y METALICA PARA CUBIERTA | C11: m² | F11: =D11*E11 -> 0
A12: 1.1 | B12: DEMOLICIÓN DE CERRAMIENTO EXISTENTE EN MALLA ESLABONADA CON TUBERÍA DE ACERO GALVANIZADO DE +-2" Y ANTEPECHO DE ALTURA APROXIMADA DE 0.60MTS. INCLUYE EL RETIRO DEL MATERIAL DEMOLIDO. | C12: m² | F12: =D12*E12 -> 0
A13: 1.11 | B13: DEMOLICIÓN MUROS 0.15M | C13: m² | F13: =D13*E13 -> 0
A14: 1.12 | B14: DEMOLICIÓN PLACAS MACIZAS 0.15M | C14: m² | F14: =D14*E14 -> 0
A15: 1.13 | B15: DESMONTE APARATOS SANITARIOS | C15: un | D15: 6 | F15: =D15*E15 -> 0
A16: 1.14 | B16: DESMONTE CUBIERTAS ASBESTO CEMENTO | C16: m² | E16: 9095.52 | F16: =D16*E16 -> 0
A17: 1.15 | B17: DESMONTE CANAL AGUAS LLUVIAS | C17: ml | E17: 14991.53 | F17: =D17*E17 -> 0
B18: Total PRELIMINARES | F18: =SUM(F3:F17) -> 0
A19: 2 | B19: MOVIMIENTO DE TIERRAS
A20: 2.01 | B20: RELLENO Y COMPACTACIÓN CON MATERIAL DE EXCAVACIÓN SELECCIONADO | C20: m³ | E20: 18941.08 | F20: =D20*E20 -> 0
A21: 2.02 | B21: TRANSPORTE DE MATERIAL/SOBRANTE U OTRO Y DISPOSICIÓN FINAL DE SOBRANTES A SITIO AUTORIZADO. | C21: m³ | E21: 50091.05 | F21: =D21*E21 -> 0
A22: 2.03 | B22: EXCAVACION MANUAL EN TERRENO CONSISTENTE, NO INCLUYE CARGUE, RETIRO Y DISPOSICION FINAL DE EXCAVACION | C22: m³ | E22: 19478.87 | F22: =D22*E22 -> 0
A23: 2.04 | B23: EXCAVACIÓN MANUAL EN MATERIAL COMÚN. INCLUYE CARGUE, TRANSPORTE Y DISPOSICIÓN FINAL DE SOBRANTES A SITIO AUTORIZADO DE 0 - 2,00 MTS. | C23: m³ | E23: 41556.66 | F23: =D23*E23 -> 0
B24: Total MOVIMIENTO DE TIERRAS | F24: =SUM(F20:F23) -> 0
A25: 3 | B25: CIMENTACIÓN
A26: 3.01 | B26: SOLADO DE LIMPIEZA EN CONCRETO DE 2.000 PSI DE E=0.05 M SEGÚN PLANOS. INCLUYE MATERIALES, MANO DE OBRA, EQUIPOS Y HERRAMIENTAS NECESARIAS | C26: m² | E26: 25198.68 | F26: =D26*E26 -> 0
A27: 3.02 | B27: VIGAS DE CIMENTACION EN CONCRETO DE 3.000 PSI IMPERMEABILIZADO SEGÚN PLANOS. INCLUYE MANO DE OBRA, FORMALETAS, EQUIPOS Y HERRAMIENTAS NECESARIAS, NO INCLUYE ACERO DE REFUERZO. | C27: m³ | E27: 746916.81 | F27: =D27*E27 -> 0
A28: 3.03 | B28: PLACA DE CONTRAPISO EN CONCRETO DE 3.000 PSI IMPERMEABILIZADO, SEGÚN PLANOS. INCLUYE MANO DE OBRA, FORMALETAS, EQUIPOS Y HERRAMIENTAS NECESARIAS, E=0.15 M, NO INCLUYE ACERO DE REFUERZO | C28: m² | E28: 158491.85 | F28: =D28*E28 -> 0
A29: 3.04 | B29: MALLA ELECTROSOLDADA FY 485 MPA -NTC 5806, INCLUYE ALAMBRE NEGRO TRASIEGO, MANEJO | C29: kg | D29: 229.58 | F29: =D29*E29 -> 0
B30: Total CIMENTACIÓN | F30: =SUM(F26:F29) -> 0
A31: 4 | B31: ESTRUCTURA
A32: 4.01 | B32: VIGAS AEREAS EN CONCRETO DE 3.000 PSI SEGÚN PLANOS. INCLUYE MANO DE OBRA, FORMALETAS, EQUIPOS Y HERRAMIENTAS NECESARIAS, NO INCLUYE ACERO DE REFUERZO | C32: m³ | E32: 741920.57 | F32: =D32*E32 -> 0
A33: 4.02 | B33: COLUMNA EN CONCRETO DE 3.000 PSI SEGÚN PLANOS. INCLUYE MANO DE OBRA, FORMALETAS, EQUIPOS Y HERRAMIENTAS NECESARIAS, NO INCLUYE ACERO DE REFUERZO | C33: m³ | E33: 784064.81 | F33: =D33*E33 -> 0
A34: 4.03 | B34: ACERO DE REFUERZO ESTRUCTURAL FY: 420 MPA GR 60 -NTC 2289 | C34: kg | E34: 6549.36 | F34: =D34*E34 -> 0
A35: 4.04 | B35: RIEL METALICO PARA PUERTA METALICA TIPO HANGAR. INCLUYE CAMBIO DE RODAMIENTOS Y TODOS LOS ELEMENTOS ESTRUCTURALES PARA SU MONTAJE Y CORRECTO FUNCIONAMIENTO COMO TAMBIÉN PINTURA EN ANTICORROSIVO Y ESMALTE. | C35: kg | E35: 25703.33 | F35: =D35*E35 -> 0
A36: 4.05 | B36: PERFILERIA ESTRUCTURAL EN ACERO A500 GR C. INCLUYE TODOS LOS ELEMENTOS ESTRUCTURALES PARA SU MONTAJE Y CORRECTO FUNCIONAMIENTO COMO TAMBIÉN PINTURA EN ANTICORROSIVO, ESMALTE, CONEXIONES, PLATINAS, ANCLAJES Y SOLDADURA. | C36: kg | E36: 23685.69 | F36: =D36*E36 -> 0
A37: 4.06 | B37: ESTRUCTURA METÁLICA EN ACERO ESTRUCTURAL, TALES COMO PERFILES, PLATINAS, CORREAS Y DEMÁS ELEMENTOS. INCLUYE MONTAJE, APLICACION DE SIKAPERMACOR SERIE 82 TIPO SIKA O SIMILAR A UN ESPESOR DE PELÍCULA SECA DE 10.0 A 12.0 MILS, ESMALTE URETANO SERIE 36 TIPO S | C37: kg | E37: 20839.02 | F37: =D37*E37 -> 0
B38: Total ESTRUCTURA | F38: =SUM(F32:F37) -> 0
A39: 5 | B39: INSTALACIONES HIDROSANITARIAS
A40: 5.01 | B40: CIMENTACION Y ATRAQUE DE TUBERIA | C40: m³ | E40: 78626.05 | F40: =D40*E40 -> 0
A41: 5.02 | B41: REGATA PARA INSTALACIÓN DE TUBERÍA DE Ø 1/2" A Ø 2" (INCLUYE RESANE) | C41: m | E41: 5836.55 | F41: =D41*E41 -> 0
A42: 5.03 | B42: CONEXIÓN A RED HIDRÁULICA EXISTENTE Ø 1/2" . | C42: un | E42: 17241.7 | F42: =D42*E42 -> 0
A43: 5.04 | B43: CAJA DE INSPECCIÓN 0,60 X 0,6M H=0 - 0,5M, INCLUYE TAPA EN CONCRETO | C43: un | E43: 316401.66 | F43: =D43*E43 -> 0
A44: 5.05 | B44: PERFORACIÓN Y RESANE DE CAJAS DE INSPECCIÓN PARA INSTALACIÓN DE DUCTERIA ADICIONAL. | C44: un | E44: 237314.2 | F44: =D44*E44 -> 0
A45: 5.1 | B45: TUBERIA SANITARIA
A46: 5,1,1 | B46: TUBERÍA PVC SANITARIA Ø 2", INCLUYE ACCESORIOS PARA SU CORRECTA INSTALACION | C46: ml | E46: 33885.72 | F46: =D46*E46 -> 0
A47: 5,1,2 | B47: TUBERÍA PVC SANITARIA Ø 4", INCLUYE ACCESORIOS PARA SU CORRECTA INSTALACION | C47: ml | E47: 55298.86 | F47: =D47*E47 -> 0
A48: 5,1,3 | B48: TUBERÍA DE VENTILACIÓN Ø 2", INCLUYE ACCESORIOS PARA SU CORRECTA INSTALACION | C48: ml | E48: 23764.13 | F48: =D48*E48 -> 0
A49: 5,1,4 | B49: TUBERÍA PVC SANITARIA Ø 3", INCLUYE ACCESORIOS PARA SU CORRECTA INSTALACION | C49: ml | E49: 30586.12 | F49: =D49*E49 -> 0
A50: 5,1,5 | B50: SALIDA SANITARIA LAVAMANOS 2 | C50: un | D50: 2 | F50: =D50*E50 -> 0
A51: 5,1,6 | B51: SALIDA SANITARIA LAVAPLATOS 2 | C51: un | E51: 53995.14 | F51: =D51*E51 -> 0
A52: 5,1,7 | B52: SALIDA SANITARIA INODORO 4 | C52: un | E52: 107600.48 | F52: =D52*E52 -> 0
A53: 5,1,8 | B53: BAJANTE AGUAS LLUVIA 4 | C53: ml | E53: 52255.73 | F53: =D53*E53 -> 0
A54: 5,1,9 | B54: SALIDA SANITARIA DUCHA 2 | C54: un | E54: 72419.19 | F54: =D54*E54 -> 0
A55: 5,1,10 | B55: SALIDA SANITARIA LAVADERO 2 | C55: un | E55: 107431.98 | F55: =D55*E55 -> 0
A56: 5,1,11 | B56: SALIDA SANITARIA LAVADORA 2 | C56: un | E56: 90110.84 | F56: =D56*E56 -> 0
A57: 5,1,12 | B57: SALIDA SANITARIA SIFÓN DE PISO 3 | C57: un | E57: 93038.19 | F57: =D57*E57 -> 0
A58: 5,1,13 | B58: SIFÓN Ø 3X2", INCLUYE ACCESORIOS PARA SU CORRECTA INSTALACION | C58: un | E58: 47133.59 | F58: =D58*E58 -> 0
A59: 5.2 | B59: TUBERIA HIDRAULICA
A60: 5,2,1 | B60: TUBERÍA PVC PRESIÓN RDE 13.5 Ø 1/2", INCLUYE ACCESORIOS PARA SU CORRECTA INSTALACIÓN. | C60: ml | E60: 23538.44 | F60: =D60*E60 -> 0
A61: 5,2,2 | B61: TUBERÍA PVC PRESIÓN RDE 21 Ø 3/4", INCLUYE ACCESORIOS PARA SU CORRECTA INSTALACIÓN. | C61: ml | E61: 36671.61 | F61: =D61*E61 -> 0
A62: 5,2,3 | B62: PUNTO A.F. ORINAL O LAVAMANOS | C62: un | D62: 2 | F62: =D62*E62 -> 0
A63: 5,2,4 | B63: PUNTO A.F. LAVAPLATOS | C63: un | E63: 24111.48 | F63: =D63*E63 -> 0
A64: 5,2,5 | B64: PUNTO A.F. INODORO | C64: un | E64: 23066.48 | F64: =D64*E64 -> 0
A65: 5,2,6 | B65: PUNTO DE AGUA FRIA Ø 1/2" , INCLUYE ACCESORIOS PARA SU CORRECTA INSTALACIÓN. | C65: un | E65: 48315.47 | F65: =D65*E65 -> 0
A66: 5,2,7 | B66: PUNTO A.F. LAVADERO | C66: un | E66: 18037.49 | F66: =D66*E66 -> 0
A67: 5,2,8 | B67: PUNTO A.F. DUCHA | C67: un | E67: 275428.96 | F67: =D67*E67 -> 0
A68: 5,2,9 | B68: TUBERÍA PVC PRESIÓN RDE 21 Ø 1", INCLUYE ACCESORIOS PARA SU CORRECTA INSTALACIÓN. | C68: ml | E68: 19264.51 | F68: =D68*E68 -> 0
A69: 5,2,10 | B69: PUNTO A.F. DE Ø 1" INCLUYE ACCESORIOS PARA SU CORRECTA INSTALACIÓN | C69: un | E69: 60188.91 | F69: =D69*E69 -> 0
A70: 5,2,11 | B70: CONEXIÓN A RED HIDRAULIZA EXISTENTE | C70: un | E70: 75485.22 | F70: =D70*E70 -> 0
A71: 5.3 | B71: TUBERIA AGUA CALIENTE
A72: 5,3,1 | B72: TUBERÍA CPVC 1/2 | C72: m | E72: 15091.74 | F72: =D72*E72 -> 0
A73: 5,3,2 | B73: PUNTO A.C. DUCHA | C73: un | E73: 19404.35 | F73: =D73*E73 -> 0
A74: 5,3,3 | B74: PUNTO A.C. LAVADORA | C74: un | E74: 36894.95 | F74: =D74*E74 -> 0
A75: 5,3,4 | B75: PUNTO A.C. LAVAPLATOS | C75: un | E75: 46228.16 | F75: =D75*E75 -> 0
A76: 5,3,5 | B76: PUNTO A.C. CALENTADOR | C76: un | E76: 66451.95 | F76: =D76*E76 -> 0
A77: 5.4 | B77: REGISTROS Y ACCESORIOS
A78: 5,4,1 | B78: VÁLVULA DE REGISTRO 1/2 | C78: un | E78: 81782.74 | F78: =D78*E78 -> 0
A79: 5,4,2 | B79: BUJE SOLDADO PVCP 3/4X1/2 | C79: un | E79: 5055.28 | F79: =D79*E79 -> 0
A80: 5,4,3 | B80: VÁLVULA DE CORTINA CON REGISTRO 1/2 | C80: un | E80: 119732.74 | F80: =D80*E80 -> 0
A81: 5,4,4 | B81: REGISTRO DE AGUA TIPO BOLA INCLUYE TAPA Y CAJA Ø 1" | C81: un | E81: 88103.15 | F81: =D81*E81 -> 0
A82: 5,4,5 | B82: VÁLVULA DE REGISTRO DE Ø 1" | C82: un | E82: 44770.3 | F82: =D82*E82 -> 0
B83: Total INSTALACIONES HIDROSANITARIAS | F83: =SUM(F40:F82) -> 0
A84: 6 | B84: INSTALACIONES ELECTRICAS
A85: 6.01 | B85: DESMONTE Y REINSTALACIÓN DE LUMINARIAS | C85: un | E85: 11151.84 | F85: =D85*E85 -> 0
A86: 6.02 | B86: CAJA 5800 CON TAPA CIEGA | C86: un | E86: 25347.6 | F86: =D86*E86 -> 0
A87: 6.03 | B87: TABLERO TRIFÁSICO 12 CIRCUITOS | C87: un | E87: 302497.32 | F87: =D87*E87 -> 0
A88: 6.04 | B88: SUMINISTRO INST. TAPA INTERRUPTOR DOBLE | C88: un | E88: 21228.92 | F88: =D88*E88 -> 0
A89: 6.1 | B89: ACOMETIDAS, CABLES Y TUBERIAS
A90: 6,1,1 | B90: ACOMETIDA EN CABLE 1N10 Cu AWG PE-HFFR-LS (FASES) + 1N10 Cu AWG PE-HFFR-LS (NEUTRO) + 1N12 Cu AWG (TIERRA), INCLUYE BORNAS DE CONEXIÓN, TERMINALES Y DEMÁS ACCESORIOS NECESARIOS PARA GARANTIZAR SU CORRECTA INSTALACIÓN Y PUESTA EN SERVICIO. | C90: m | E90: 22845.17 | F90: =D90*E90 -> 0
A91: 6,1,2 | B91: ACOMETIDA EN CABLE 3N8 Cu AWG PE-HFFR-LS (FASES) + 1N8 Cu AWG PE-HFFR-LS (NEUTRO) + 1N10 Cu AWG (TIERRA), INCLUYE BORNAS DE CONEXIÓN, TERMINALES Y DEMÁS ACCESORIOS NECESARIOS PARA GARANTIZAR SU CORRECTA INSTALACIÓN Y PUESTA EN SERVICIO. | C91: m | E91: 47253.3 | F91: =D91*E91 -> 0
A92: 6,1,3 | B92: ACOMETIDA EN CABLE 3N10 Cu AWG PE-HFFR-LS (FASES) + 1N10 Cu AWG PE-HFFR-LS (NEUTRO) + 1N12 Cu AWG (TIERRA), INCLUYE BORNAS DE CONEXIÓN, TERMINALES Y DEMÁS ACCESORIOS NECESARIOS PARA GARANTIZAR SU CORRECTA INSTALACIÓN Y PUESTA EN SERVICIO. | C92: m | E92: 34420 | F92: =D92*E92 -> 0
A93: 6,1,4 | B93: ACOMETIDA EN CABLE 1N12 Cu AWG PE-HFFR-LS (FASES) + 1N12 Cu AWG PE-HFFR-LS (NEUTRO) + 1N12 Cu AWG (TIERRA), INCLUYE BORNAS DE CONEXIÓN, TERMINALES Y DEMÁS ACCESORIOS NECESARIOS PARA GARANTIZAR SU CORRECTA INSTALACIÓN Y PUESTA EN SERVICIO. | C93: m | E93: 19065.39 | F93: =D93*E93 -> 0
A94: 6,1,5 | B94: ACOMETIDA EN CABLE 2N4/0 Cu AWG PE-HFFR-LS (FASES) + 1N4/0 Cu AWG PE-HFFR-LS (NEUTRO) + 1N4/0 Cu AWG (TIERRA), INCLUYE BORNAS DE CONEXIÓN, TERMINALES Y DEMÁS ACCESORIOS NECESARIOS PARA GARANTIZAR SU CORRECTA INSTALACIÓN Y PUESTA EN SERVICIO. | C94: m | E94: 418620.34 | F94: =D94*E94 -> 0
A95: 6,1,6 | B95: ACOMETIDA EN CABLE 1N10 Cu AWG PE-HFFR-LS (FASES) + 1N10 Cu AWG PE-HFFR-LS (NEUTRO) + 1N10 Cu AWG (TIERRA), INCLUYE BORNAS DE CONEXIÓN, TERMINALES Y DEMÁS ACCESORIOS NECESARIOS PARA GARANTIZAR SU CORRECTA INSTALACIÓN Y PUESTA EN SERVICIO. | C95: m | E95: 26015.62 | F95: =D95*E95 -> 0
A96: 6,1,7 | B96: PUESTA TIERRA MEDIANTE UNA (01) VARILLAS CW 5/8" COBRE- 99%, INCLUYE EXCAVACION, UN (01) PUNTO DE SOLDADURA EXOTÉRMICA, UNA (01) BOLSAS 25KG DE TRATAMIENTO FISICOQUIMICO DE TERRENO, CAJA DE INSPECCIÓN DE (0,30X0,30)M CON TAPA Y TODO LO NECESARIO PARA SU CORRECTA INSTALACIÓN | C96: un | E96: 549748 | F96: =D96*E96 -> 0
A97: 6,1,8 | B97: CABLE ENCAUCHETADO 3 X NO. 14 AWGXCU INCLUYE TUBERIA EMT ACCESORIOS PARA SU CORRECTA INSTALACIÓN Y PUESTA EN FUNCIONAMIENTO. | C97: m | E97: 17120.95 | F97: =D97*E97 -> 0
A98: 6,1,9 | B98: DUCTERÍA TIPO EMT DE 1 X Ø 3/4" INCLUYE UNIÓN, CURVAS, TERMINALES, CAJAS DE PASO Y TODOS LOS ELEMENTOS NECESARIOS PARA SU CORRECTA INSTALACIÓN Y PUESTA EN FUNCIONAMIENTO | C98: ml | E98: 50106.59 | F98: =D98*E98 -> 0
A99: 6,1,10 | B99: TUBERÍA CONDUIT 3/4 | C99: m | E99: 5933.28 | F99: =D99*E99 -> 0
A100: 6,1,11 | B100: DUCTERÍA TIPO IMC DE 1 X Ø1" INCLUYE UNIÓN, CURVAS, TERMINALES, CAJAS DE PASO Y TODOS LOS ELEMENTOS NECESARIOS PARA SU CORRECTA INSTALACIÓN Y PUESTA EN FUNCIONAMIENTO | C100: ml | E100: 29346.96 | F100: =D100*E100 -> 0
...

Sheet ESCAM 
A1: ITEM | B1: ACTIVIDAD | C1: UN | D1: CANTIDAD | E1: VR. UNITARIO | F1: VR. TOTAL
A2: 1 | B2: PRELIMINARES
A3: 1.01 | B3: DEMOLICION DE ENCHAPE DE PISOS Y PAREDES | C3: m² | E3: 43704.15 | F3: =D3*E3 -> 0
A4: 1.02 | B4: DEMOLICIÓN POYOS DUCHAS | C4: ml | E4: 12300.17 | F4: =D4*E4 -> 0
A5: 1.03 | B5: DESMONTE PUERTAS Y VENTANAS | C5: m² | E5: 5770.56 | F5: =D5*E5 -> 0
A6: 1.04 | B6: DEMOLICIÓN DE GUARDA ESCOBA. | C6: m | E6: 3274.08 | F6: =D6*E6 -> 0
A7: 1.05 | B7: ESCARIFICADO DE PINTURA EN PAREDES | C7: m² | E7: 3577.1 | F7: =D7*E7 -> 0
A8: 1.06 | B8: DESMONTE DE CIELO RASO, INCLUYE DESMONTE DE ESTRUCTURA | C8: m² | E8: 11910.09 | F8: =D8*E8 -> 0
A9: 1.07 | B9: DESMONTE Y REINSTALACION DE PUERTA METALICA TIPO HANGAR MARCOS, RIELES Y ANGULOS | C9: m² | E9: 57761.86 | F9: =D9*E9 -> 0
A10: 1.08 | B10: ESCARIFICADO DE PAÑETE EN PAREDES | C10: m² | E10: 5561.38 | F10: =D10*E10 -> 0
A11: 1.09 | B11: DESMONTE DE ESTRUCTURA EN MADERA Y METALICA PARA CUBIERTA | C11: m² | E11: 16984.01 | F11: =D11*E11 -> 0
A12: 1.1 | B12: DEMOLICIÓN DE CERRAMIENTO EXISTENTE EN MALLA ESLABONADA CON TUBERÍA DE ACERO GALVANIZADO DE +-2" Y ANTEPECHO DE ALTURA APROXIMADA DE 0.60MTS. INCLUYE EL RETIRO DEL MATERIAL DEMOLIDO. | C12: m² | E12: 30132.38 | F12: =D12*E12 -> 0
A13: 1.11 | B13: DEMOLICIÓN MUROS 0.15M | C13: m² | E13: 7079.05 | F13: =D13*E13 -> 0
A14: 1.12 | B14: DEMOLICIÓN PLACAS MACIZAS 0.15M | C14: m² | E14: 59816.37 | F14: =D14*E14 -> 0
... A17: 1.15 | B17: DESMONTE CANAL AGUAS LLUVIAS | C17: ml | E17: 14991.53 | F17: =D17*E17 -> 0
B18: Total PRELIMINARES | F18: =SUM(F3:F17) -> 0
A19: 2 | B19: MOVIMIENTO DE TIERRAS
A20: 2.01 | B20: RELLENO Y COMPACTACIÓN CON MATERIAL DE EXCAVACIÓN SELECCIONADO | C20: m³ | E20: 18941.08 | F20: =D20*E20 -> 0
A21: 2.02 | B21: TRANSPORTE DE MATERIAL/SOBRANTE U OTRO Y DISPOSICIÓN FINAL DE SOBRANTES A SITIO AUTORIZADO. | C21: m³ | E21: 50091.05 | F21: =D21*E21 -> 0
A22: 2.03 | B22: EXCAVACION MANUAL EN TERRENO CONSISTENTE, NO INCLUYE CARGUE, RETIRO Y DISPOSICION FINAL DE EXCAVACION | C22: m³ | E22: 19478.87 | F22: =D22*E22 -> 0
A23: 2.04 | B23: EXCAVACIÓN MANUAL EN MATERIAL COMÚN. INCLUYE CARGUE, TRANSPORTE Y DISPOSICIÓN FINAL DE SOBRANTES A SITIO AUTORIZADO DE 0 - 2,00 MTS. | C23: m³ | E23: 41556.66 | F23: =D23*E23 -> 0
B24: Total MOVIMIENTO DE TIERRAS | F24: =SUM(F20:F23) -> 0
A25: 3 | B25: CIMENTACIÓN
A26: 3.01 | B26: SOLADO DE LIMPIEZA EN CONCRETO DE 2.000 PSI DE E=0.05 M SEGÚN PLANOS. INCLUYE MATERIALES, MANO DE OBRA, EQUIPOS Y HERRAMIENTAS NECESARIAS | C26: m² | E26: 25198.68 | F26: =D26*E26 -> 0
A27: 3.02 | B27: VIGAS DE CIMENTACION EN CONCRETO DE 3.000 PSI IMPERMEABILIZADO SEGÚN PLANOS. INCLUYE MANO DE OBRA, FORMALETAS, EQUIPOS Y HERRAMIENTAS NECESARIAS, NO INCLUYE ACERO DE REFUERZO. | C27: m³ | E27: 746916.81 | F27: =D27*E27 -> 0
A28: 3.03 | B28: PLACA DE CONTRAPISO EN CONCRETO DE 3.000 PSI IMPERMEABILIZADO, SEGÚN PLANOS. INCLUYE MANO DE OBRA, FORMALETAS, EQUIPOS Y HERRAMIENTAS NECESARIAS, E=0.15 M, NO INCLUYE ACERO DE REFUERZO | C28: m² | E28: 158491.85 | F28: =D28*E28 -> 0
A29: 3.04 | B29: MALLA ELECTROSOLDADA FY 485 MPA -NTC 5806, INCLUYE ALAMBRE NEGRO TRASIEGO, MANEJO | C29: kg | E29: 4821.48 | F29: =D29*E29 -> 0
B30: Total CIMENTACIÓN | F30: =SUM(F26:F29) -> 0
A31: 4 | B31: ESTRUCTURA
A32: 4.01 | B32: VIGAS AEREAS EN CONCRETO DE 3.000 PSI SEGÚN PLANOS. INCLUYE MANO DE OBRA, FORMALETAS, EQUIPOS Y HERRAMIENTAS NECESARIAS, NO INCLUYE ACERO DE REFUERZO | C32: m³ | E32: 741920.57 | F32: =D32*E32 -> 0
A33: 4.02 | B33: COLUMNA EN CONCRETO DE 3.000 PSI SEGÚN PLANOS. INCLUYE MANO DE OBRA, FORMALETAS, EQUIPOS Y HERRAMIENTAS NECESARIAS, NO INCLUYE ACERO DE REFUERZO | C33: m³ | E33: 784064.81 | F33: =D33*E33 -> 0
A34: 4.03 | B34: ACERO DE REFUERZO ESTRUCTURAL FY: 420 MPA GR 60 -NTC 2289 | C34: kg | E34: 6549.36 | F34: =D34*E34 -> 0
A35: 4.04 | B35: RIEL METALICO PARA PUERTA METALICA TIPO HANGAR. INCLUYE CAMBIO DE RODAMIENTOS Y TODOS LOS ELEMENTOS ESTRUCTURALES PARA SU MONTAJE Y CORRECTO FUNCIONAMIENTO COMO TAMBIÉN PINTURA EN ANTICORROSIVO Y ESMALTE. | C35: kg | E35: 25703.33 | F35: =D35*E35 -> 0
A36: 4.05 | B36: PERFILERIA ESTRUCTURAL EN ACERO A500 GR C. INCLUYE TODOS LOS ELEMENTOS ESTRUCTURALES PARA SU MONTAJE Y CORRECTO FUNCIONAMIENTO COMO TAMBIÉN PINTURA EN ANTICORROSIVO, ESMALTE, CONEXIONES, PLATINAS, ANCLAJES Y SOLDADURA. | C36: kg | D36: 30 | F36: =D36*E36 -> 0
A37: 4.06 | B37: ESTRUCTURA METÁLICA EN ACERO ESTRUCTURAL, TALES COMO PERFILES, PLATINAS, CORREAS Y DEMÁS ELEMENTOS. INCLUYE MONTAJE, APLICACION DE SIKAPERMACOR SERIE 82 TIPO SIKA O SIMILAR A UN ESPESOR DE PELÍCULA SECA DE 10.0 A 12.0 MILS, ESMALTE URETANO SERIE 36 TIPO S | C37: kg | E37: 20839.02 | F37: =D37*E37 -> 0
B38: Total ESTRUCTURA | F38: =SUM(F32:F37) -> 0
A39: 5 | B39: INSTALACIONES HIDROSANITARIAS
A40: 5.01 | B40: CIMENTACION Y ATRAQUE DE TUBERIA | C40: m³ | E40: 78626.05 | F40: =D40*E40 -> 0
A41: 5.02 | B41: REGATA PARA INSTALACIÓN DE TUBERÍA DE Ø 1/2" A Ø 2" (INCLUYE RESANE) | C41: m | E41: 5836.55 | F41: =D41*E41 -> 0
A42: 5.03 | B42: CONEXIÓN A RED HIDRÁULICA EXISTENTE Ø 1/2" . | C42: un | E42: 17241.7 | F42: =D42*E42 -> 0
A43: 5.04 | B43: CAJA DE INSPECCIÓN 0,60 X 0,6M H=0 - 0,5M, INCLUYE TAPA EN CONCRETO | C43: un | E43: 316401.66 | F43: =D43*E43 -> 0
A44: 5.05 | B44: PERFORACIÓN Y RESANE DE CAJAS DE INSPECCIÓN PARA INSTALACIÓN DE DUCTERIA ADICIONAL. | C44: un | E44: 237314.2 | F44: =D44*E44 -> 0
A45: 5.1 | B45: TUBERIA SANITARIA
A46: 5,1,1 | B46: TUBERÍA PVC SANITARIA Ø 2", INCLUYE ACCESORIOS PARA SU CORRECTA INSTALACION | C46: ml | E46: 33885.72 | F46: =D46*E46 -> 0
A47: 5,1,2 | B47: TUBERÍA PVC SANITARIA Ø 4", INCLUYE ACCESORIOS PARA SU CORRECTA INSTALACION | C47: ml | E47: 55298.86 | F47: =D47*E47 -> 0
A48: 5,1,3 | B48: TUBERÍA DE VENTILACIÓN Ø 2", INCLUYE ACCESORIOS PARA SU CORRECTA INSTALACION | C48: ml | E48: 23764.13 | F48: =D48*E48 -> 0
A49: 5,1,4 | B49: TUBERÍA PVC SANITARIA Ø 3", INCLUYE ACCESORIOS PARA SU CORRECTA INSTALACION | C49: ml | E49: 30586.12 | F49: =D49*E49 -> 0
A50: 5,1,5 | B50: SALIDA SANITARIA LAVAMANOS 2 | C50: un | E50: 79307.14 | F50: =D50*E50 -> 0
A51: 5,1,6 | B51: SALIDA SANITARIA LAVAPLATOS 2 | C51: un | E51: 53995.14 | F51: =D51*E51 -> 0
A52: 5,1,7 | B52: SALIDA SANITARIA INODORO 4 | C52: un | E52: 107600.48 | F52: =D52*E52 -> 0
A53: 5,1,8 | B53: BAJANTE AGUAS LLUVIA 4 | C53: ml | E53: 52255.73 | F53: =D53*E53 -> 0
A54: 5,1,9 | B54: SALIDA SANITARIA DUCHA 2 | C54: un | E54: 72419.19 | F54: =D54*E54 -> 0
A55: 5,1,10 | B55: SALIDA SANITARIA LAVADERO 2 | C55: un | E55: 107431.98 | F55: =D55*E55 -> 0
A56: 5,1,11 | B56: SALIDA SANITARIA LAVADORA 2 | C56: un | E56: 90110.84 | F56: =D56*E56 -> 0
A57: 5,1,12 | B57: SALIDA SANITARIA SIFÓN DE PISO 3 | C57: un | E57: 93038.19 | F57: =D57*E57 -> 0
A58: 5,1,13 | B58: SIFÓN Ø 3X2", INCLUYE ACCESORIOS PARA SU CORRECTA INSTALACION | C58: un | E58: 47133.59 | F58: =D58*E58 -> 0
A59: 5.2 | B59: TUBERIA HIDRAULICA
A60: 5,2,1 | B60: TUBERÍA PVC PRESIÓN RDE 13.5 Ø 1/2", INCLUYE ACCESORIOS PARA SU CORRECTA INSTALACIÓN. | C60: ml | E60: 23538.44 | F60: =D60*E60 -> 0
A61: 5,2,2 | B61: TUBERÍA PVC PRESIÓN RDE 21 Ø 3/4", INCLUYE ACCESORIOS PARA SU CORRECTA INSTALACIÓN. | C61: ml | E61: 36671.61 | F61: =D61*E61 -> 0
A62: 5,2,3 | B62: PUNTO A.F. ORINAL O LAVAMANOS | C62: un | E62: 23847.31 | F62: =D62*E62 -> 0
A63: 5,2,4 | B63: PUNTO A.F. LAVAPLATOS | C63: un | E63: 24111.48 | F63: =D63*E63 -> 0
A64: 5,2,5 | B64: PUNTO A.F. INODORO | C64: un | E64: 23066.48 | F64: =D64*E64 -> 0
A65: 5,2,6 | B65: PUNTO DE AGUA FRIA Ø 1/2" , INCLUYE ACCESORIOS PARA SU CORRECTA INSTALACIÓN. | C65: un | E65: 48315.47 | F65: =D65*E65 -> 0
A66: 5,2,7 | B66: PUNTO A.F. LAVADERO | C66: un | E66: 18037.49 | F66: =D66*E66 -> 0
A67: 5,2,8 | B67: PUNTO A.F. DUCHA | C67: un | E67: 275428.96 | F67: =D67*E67 -> 0
A68: 5,2,9 | B68: TUBERÍA PVC PRESIÓN RDE 21 Ø 1", INCLUYE ACCESORIOS PARA SU CORRECTA INSTALACIÓN. | C68: ml | E68: 19264.51 | F68: =D68*E68 -> 0
A69: 5,2,10 | B69: PUNTO A.F. DE Ø 1" INCLUYE ACCESORIOS PARA SU CORRECTA INSTALACIÓN | C69: un | E69: 60188.91 | F69: =D69*E69 -> 0
A70: 5,2,11 | B70: CONEXIÓN A RED HIDRAULIZA EXISTENTE | C70: un | E70: 75485.22 | F70: =D70*E70 -> 0
A71: 5.3 | B71: TUBERIA AGUA CALIENTE
A72: 5,3,1 | B72: TUBERÍA CPVC 1/2 | C72: m | E72: 15091.74 | F72: =D72*E72 -> 0
A73: 5,3,2 | B73: PUNTO A.C. DUCHA | C73: un | E73: 19404.35 | F73: =D73*E73 -> 0
A74: 5,3,3 | B74: PUNTO A.C. LAVADORA | C74: un | E74: 36894.95 | F74: =D74*E74 -> 0
A75: 5,3,4 | B75: PUNTO A.C. LAVAPLATOS | C75: un | E75: 46228.16 | F75: =D75*E75 -> 0
A76: 5,3,5 | B76: PUNTO A.C. CALENTADOR | C76: un | E76: 66451.95 | F76: =D76*E76 -> 0
A77: 5.4 | B77: REGISTROS Y ACCESORIOS
A78: 5,4,1 | B78: VÁLVULA DE REGISTRO 1/2 | C78: un | E78: 81782.74 | F78: =D78*E78 -> 0
A79: 5,4,2 | B79: BUJE SOLDADO PVCP 3/4X1/2 | C79: un | E79: 5055.28 | F79: =D79*E79 -> 0
A80: 5,4,3 | B80: VÁLVULA DE CORTINA CON REGISTRO 1/2 | C80: un | E80: 119732.74 | F80: =D80*E80 -> 0
A81: 5,4,4 | B81: REGISTRO DE AGUA TIPO BOLA INCLUYE TAPA Y CAJA Ø 1" | C81: un | E81: 88103.15 | F81: =D81*E81 -> 0
A82: 5,4,5 | B82: VÁLVULA DE REGISTRO DE Ø 1" | C82: un | E82: 44770.3 | F82: =D82*E82 -> 0
B83: Total INSTALACIONES HIDROSANITARIAS | F83: =SUM(F40:F82) -> 0
A84: 6 | B84: INSTALACIONES ELECTRICAS
A85: 6.01 | B85: DESMONTE Y REINSTALACIÓN DE LUMINARIAS | C85: un | E85: 11151.84 | F85: =D85*E85 -> 0
A86: 6.02 | B86: CAJA 5800 CON TAPA CIEGA | C86: un | E86: 25347.6 | F86: =D86*E86 -> 0
A87: 6.03 | B87: TABLERO TRIFÁSICO 12 CIRCUITOS | C87: un | E87: 302497.32 | F87: =D87*E87 -> 0
A88: 6.04 | B88: SUMINISTRO INST. TAPA INTERRUPTOR DOBLE | C88: un | E88: 21228.92 | F88: =D88*E88 -> 0
A89: 6.1 | B89: ACOMETIDAS, CABLES Y TUBERIAS
A90: 6,1,1 | B90: ACOMETIDA EN CABLE 1N10 Cu AWG PE-HFFR-LS (FASES) + 1N10 Cu AWG PE-HFFR-LS (NEUTRO) + 1N12 Cu AWG (TIERRA), INCLUYE BORNAS DE CONEXIÓN, TERMINALES Y DEMÁS ACCESORIOS NECESARIOS PARA GARANTIZAR SU CORRECTA INSTALACIÓN Y PUESTA EN SERVICIO. | C90: m | E90: 22845.17 | F90: =D90*E90 -> 0
A91: 6,1,2 | B91: ACOMETIDA EN CABLE 3N8 Cu AWG PE-HFFR-LS (FASES) + 1N8 Cu AWG PE-HFFR-LS (NEUTRO) + 1N10 Cu AWG (TIERRA), INCLUYE BORNAS DE CONEXIÓN, TERMINALES Y DEMÁS ACCESORIOS NECESARIOS PARA GARANTIZAR SU CORRECTA INSTALACIÓN Y PUESTA EN SERVICIO. | C91: m | E91: 47253.3 | F91: =D91*E91 -> 0
A92: 6,1,3 | B92: ACOMETIDA EN CABLE 3N10 Cu AWG PE-HFFR-LS (FASES) + 1N10 Cu AWG PE-HFFR-LS (NEUTRO) + 1N12 Cu AWG (TIERRA), INCLUYE BORNAS DE CONEXIÓN, TERMINALES Y DEMÁS ACCESORIOS NECESARIOS PARA GARANTIZAR SU CORRECTA INSTALACIÓN Y PUESTA EN SERVICIO. | C92: m | E92: 34420 | F92: =D92*E92 -> 0
A93: 6,1,4 | B93: ACOMETIDA EN CABLE 1N12 Cu AWG PE-HFFR-LS (FASES) + 1N12 Cu AWG PE-HFFR-LS (NEUTRO) + 1N12 Cu AWG (TIERRA), INCLUYE BORNAS DE CONEXIÓN, TERMINALES Y DEMÁS ACCESORIOS NECESARIOS PARA GARANTIZAR SU CORRECTA INSTALACIÓN Y PUESTA EN SERVICIO. | C93: m | E93: 19065.39 | F93: =D93*E93 -> 0
A94: 6,1,5 | B94: ACOMETIDA EN CABLE 2N4/0 Cu AWG PE-HFFR-LS (FASES) + 1N4/0 Cu AWG PE-HFFR-LS (NEUTRO) + 1N4/0 Cu AWG (TIERRA), INCLUYE BORNAS DE CONEXIÓN, TERMINALES Y DEMÁS ACCESORIOS NECESARIOS PARA GARANTIZAR SU CORRECTA INSTALACIÓN Y PUESTA EN SERVICIO. | C94: m | E94: 418620.34 | F94: =D94*E94 -> 0
A95: 6,1,6 | B95: ACOMETIDA EN CABLE 1N10 Cu AWG PE-HFFR-LS (FASES) + 1N10 Cu AWG PE-HFFR-LS (NEUTRO) + 1N10 Cu AWG (TIERRA), INCLUYE BORNAS DE CONEXIÓN, TERMINALES Y DEMÁS ACCESORIOS NECESARIOS PARA GARANTIZAR SU CORRECTA INSTALACIÓN Y PUESTA EN SERVICIO. | C95: m | E95: 26015.62 | F95: =D95*E95 -> 0
A96: 6,1,7 | B96: PUESTA TIERRA MEDIANTE UNA (01) VARILLAS CW 5/8" COBRE- 99%, INCLUYE EXCAVACION, UN (01) PUNTO DE SOLDADURA EXOTÉRMICA, UNA (01) BOLSAS 25KG DE TRATAMIENTO FISICOQUIMICO DE TERRENO, CAJA DE INSPECCIÓN DE (0,30X0,30)M CON TAPA Y TODO LO NECESARIO PARA SU CORRECTA INSTALACIÓN | C96: un | E96: 549748 | F96: =D96*E96 -> 0
A97: 6,1,8 | B97: CABLE ENCAUCHETADO 3 X NO. 14 AWGXCU INCLUYE TUBERIA EMT ACCESORIOS PARA SU CORRECTA INSTALACIÓN Y PUESTA EN FUNCIONAMIENTO. | C97: m | E97: 17120.95 | F97: =D97*E97 -> 0
A98: 6,1,9 | B98: DUCTERÍA TIPO EMT DE 1 X Ø 3/4" INCLUYE UNIÓN, CURVAS, TERMINALES, CAJAS DE PASO Y TODOS LOS ELEMENTOS NECESARIOS PARA SU CORRECTA INSTALACIÓN Y PUESTA EN FUNCIONAMIENTO | C98: ml | E98: 50106.59 | F98: =D98*E98 -> 0
A99: 6,1,10 | B99: TUBERÍA CONDUIT 3/4 | C99: m | E99: 5933.28 | F99: =D99*E99 -> 0
A100: 6,1,11 | B100: DUCTERÍA TIPO IMC DE 1 X Ø1" INCLUYE UNIÓN, CURVAS, TERMINALES, CAJAS DE PASO Y TODOS LOS ELEMENTOS NECESARIOS PARA SU CORRECTA INSTALACIÓN Y PUESTA EN FUNCIONAMIENTO | C100: ml | E100: 29346.96 | F100: =D100*E100 -> 0
A101: 6,1,12 | B101: DUCTERÍA TIPO IMC DE 1 X Ø1-1/2" NCLUYE UNIÓN, CURVAS, TERMINALES, CONDULETAS Y TODOS LOS ELEMENTOS NECESARIOS PARA SU CORRECTA INSTALACIÓN Y PUESTA EN FUNCIONAMIENTO | C101: ml | E101: 32788.31 | F101: =D101*E101 -> 0
... A104: 6,1,15 | B104: SUMINISTRO INSTALACIÓN Y PUESTA EN SERVICIO DE NSYPLA1073G GABINETE POLIÉSTER PLM 1000 X 750 X 320 IP66, CON ESPACIO PARA TOTALIZADOR, BARRA DE NEUTRO Y TIERRA INDEPENDIENTES, PUERTA CON CHAPA Y LLAVES, INCLUYE UNA (01) PROTECCIÓN TERMOMAGNÉTICA PRINCIPAL, NUEVE (09) PROTECCIONES TERMOMAGNÉTICAS SECUNDARIAS, UN (01) DPS CLASE I, BARRAJES DE NEUTRO, TIERRA, RIELES, ELEMENTOS DE ANCLAJE, Y TODO LO NECESARIO PARA SU CORRECTA INSTALACIÓN Y PUESTA EN FUNCIONAMIENTO. | C104: un | E104: 13577675 | F104: =D104*E104 -> 0
...

Sheet SANIDAD 
A1: ITEM | B1: ACTIVIDAD | C1: UN | D1: CANTIDAD | E1: VR. UNITARIO | F1: VR. TOTAL
A2: 1 | B2: PRELIMINARES
A3: 1.01 | B3: DEMOLICION DE ENCHAPE DE PISOS Y PAREDES | C3: m² | E3: 43704.15 | F3: =D3*E3 -> 0
A4: 1.02 | B4: DEMOLICIÓN POYOS DUCHAS | C4: ml | E4: 12300.17 | F4: =D4*E4 -> 0
A5: 1.03 | B5: DESMONTE PUERTAS Y VENTANAS | C5: m² | E5: 5770.56 | F5: =D5*E5 -> 0
A6: 1.04 | B6: DEMOLICIÓN DE GUARDA ESCOBA. | C6: m | E6: 3274.08 | F6: =D6*E6 -> 0
A7: 1.05 | B7: ESCARIFICADO DE PINTURA EN PAREDES | C7: m² | E7: 3577.1 | F7: =D7*E7 -> 0
A8: 1.06 | B8: DESMONTE DE CIELO RASO, INCLUYE DESMONTE DE ESTRUCTURA | C8: m² | E8: 11910.09 | F8: =D8*E8 -> 0
A9: 1.07 | B9: DESMONTE Y REINSTALACION DE PUERTA METALICA TIPO HANGAR MARCOS, RIELES Y ANGULOS | C9: m² | E9: 57761.86 | F9: =D9*E9 -> 0
A10: 1.08 | B10: ESCARIFICADO DE PAÑETE EN PAREDES | C10: m² | E10: 5561.38 | F10: =D10*E10 -> 0
A11: 1.09 | B11: DESMONTE DE ESTRUCTURA EN MADERA Y METALICA PARA CUBIERTA | C11: m² | E11: 16984.01 | F11: =D11*E11 -> 0
A12: 1.1 | B12: DEMOLICIÓN DE CERRAMIENTO EXISTENTE EN MALLA ESLABONADA CON TUBERÍA DE ACERO GALVANIZADO DE +-2" Y ANTEPECHO DE ALTURA APROXIMADA DE 0.60MTS. INCLUYE EL RETIRO DEL MATERIAL DEMOLIDO. | C12: m² | E12: 30132.38 | F12: =D12*E12 -> 0
A13: 1.11 | B13: DEMOLICIÓN MUROS 0.15M | C13: m² | E13: 7079.05 | F13: =D13*E13 -> 0
A14: 1.12 | B14: DEMOLICIÓN PLACAS MACIZAS 0.15M | C14: m² | E14: 59816.37 | F14: =D14*E14 -> 0
... A17: 1.15 | B17: DESMONTE CANAL AGUAS LLUVIAS | C17: ml | E17: 14991.53 | F17: =D17*E17 -> 0
B18: Total PRELIMINARES | F18: =SUM(F3:F17) -> 0
A19: 2 | B19: MOVIMIENTO DE TIERRAS
A20: 2.01 | B20: RELLENO Y COMPACTACIÓN CON MATERIAL DE EXCAVACIÓN SELECCIONADO | C20: m³ | E20: 18941.08 | F20: =D20*E20 -> 0
A21: 2.02 | B21: TRANSPORTE DE MATERIAL/SOBRANTE U OTRO Y DISPOSICIÓN FINAL DE SOBRANTES A SITIO AUTORIZADO. | C21: m³ | E21: 50091.05 | F21: =D21*E21 -> 0
A22: 2.03 | B22: EXCAVACION MANUAL EN TERRENO CONSISTENTE, NO INCLUYE CARGUE, RETIRO Y DISPOSICION FINAL DE EXCAVACION | C22: m³ | E22: 19478.87 | F22: =D22*E22 -> 0
A23: 2.04 | B23: EXCAVACIÓN MANUAL EN MATERIAL COMÚN. INCLUYE CARGUE, TRANSPORTE Y DISPOSICIÓN FINAL DE SOBRANTES A SITIO AUTORIZADO DE 0 - 2,00 MTS. | C23: m³ | E23: 41556.66 | F23: =D23*E23 -> 0
B24: Total MOVIMIENTO DE TIERRAS | F24: =SUM(F20:F23) -> 0
A25: 3 | B25: CIMENTACIÓN
A26: 3.01 | B26: SOLADO DE LIMPIEZA EN CONCRETO DE 2.000 PSI DE E=0.05 M SEGÚN PLANOS. INCLUYE MATERIALES, MANO DE OBRA, EQUIPOS Y HERRAMIENTAS NECESARIAS | C26: m² | E26: 25198.68 | F26: =D26*E26 -> 0
A27: 3.02 | B27: VIGAS DE CIMENTACION EN CONCRETO DE 3.000 PSI IMPERMEABILIZADO SEGÚN PLANOS. INCLUYE MANO DE OBRA, FORMALETAS, EQUIPOS Y HERRAMIENTAS NECESARIAS, NO INCLUYE ACERO DE REFUERZO. | C27: m³ | E27: 746916.81 | F27: =D27*E27 -> 0
A28: 3.03 | B28: PLACA DE CONTRAPISO EN CONCRETO DE 3.000 PSI IMPERMEABILIZADO, SEGÚN PLANOS. INCLUYE MANO DE OBRA, FORMALETAS, EQUIPOS Y HERRAMIENTAS NECESARIAS, E=0.15 M, NO INCLUYE ACERO DE REFUERZO | C28: m² | E28: 158491.85 | F28: =D28*E28 -> 0
A29: 3.04 | B29: MALLA ELECTROSOLDADA FY 485 MPA -NTC 5806, INCLUYE ALAMBRE NEGRO TRASIEGO, MANEJO | C29: kg | E29: 4821.48 | F29: =D29*E29 -> 0
B30: Total CIMENTACIÓN | F30: =SUM(F26:F29) -> 0
A31: 4 | B31: ESTRUCTURA
A32: 4.01 | B32: VIGAS AEREAS EN CONCRETO DE 3.000 PSI SEGÚN PLANOS. INCLUYE MANO DE OBRA, FORMALETAS, EQUIPOS Y HERRAMIENTAS NECESARIAS, NO INCLUYE ACERO DE REFUERZO | C32: m³ | E32: 741920.57 | F32: =D32*E32 -> 0
A33: 4.02 | B33: COLUMNA EN CONCRETO DE 3.000 PSI SEGÚN PLANOS. INCLUYE MANO DE OBRA, FORMALETAS, EQUIPOS Y HERRAMIENTAS NECESARIAS, NO INCLUYE ACERO DE REFUERZO | C33: m³ | E33: 784064.81 | F33: =D33*E33 -> 0
A34: 4.03 | B34: ACERO DE REFUERZO ESTRUCTURAL FY: 420 MPA GR 60 -NTC 2289 | C34: kg | E34: 6549.36 | F34: =D34*E34 -> 0
A35: 4.04 | B35: RIEL METALICO PARA PUERTA METALICA TIPO HANGAR. INCLUYE CAMBIO DE RODAMIENTOS Y TODOS LOS ELEMENTOS ESTRUCTURALES PARA SU MONTAJE Y CORRECTO FUNCIONAMIENTO COMO TAMBIÉN PINTURA EN ANTICORROSIVO Y ESMALTE. | C35: kg | E35: 25703.33 | F35: =D35*E35 -> 0
A36: 4.05 | B36: PERFILERIA ESTRUCTURAL EN ACERO A500 GR C. INCLUYE TODOS LOS ELEMENTOS ESTRUCTURALES PARA SU MONTAJE Y CORRECTO FUNCIONAMIENTO COMO TAMBIÉN PINTURA EN ANTICORROSIVO, ESMALTE, CONEXIONES, PLATINAS, ANCLAJES Y SOLDADURA. | C36: kg | D36: 55.828301 | F36: =D36*E36 -> 0
A37: 4.06 | B37: ESTRUCTURA METÁLICA EN ACERO ESTRUCTURAL, TALES COMO PERFILES, PLATINAS, CORREAS Y DEMÁS ELEMENTOS. INCLUYE MONTAJE, APLICACION DE SIKAPERMACOR SERIE 82 TIPO SIKA O SIMILAR A UN ESPESOR DE PELÍCULA SECA DE 10.0 A 12.0 MILS, ESMALTE URETANO SERIE 36 TIPO S | C37: kg | E37: 20839.02 | F37: =D37*E37 -> 0
B38: Total ESTRUCTURA | F38: =SUM(F32:F37) -> 0
A39: 5 | B39: INSTALACIONES HIDROSANITARIAS
A40: 5.01 | B40: CIMENTACION Y ATRAQUE DE TUBERIA | C40: m³ | E40: 78626.05 | F40: =D40*E40 -> 0
A41: 5.02 | B41: REGATA PARA INSTALACIÓN DE TUBERÍA DE Ø 1/2" A Ø 2" (INCLUYE RESANE) | C41: m | E41: 5836.55 | F41: =D41*E41 -> 0
A42: 5.03 | B42: CONEXIÓN A RED HIDRÁULICA EXISTENTE Ø 1/2" . | C42: un | E42: 17241.7 | F42: =D42*E42 -> 0
A43: 5.04 | B43: CAJA DE INSPECCIÓN 0,60 X 0,6M H=0 - 0,5M, INCLUYE TAPA EN CONCRETO | C43: un | E43: 316401.66 | F43: =D43*E43 -> 0
A44: 5.05 | B44: PERFORACIÓN Y RESANE DE CAJAS DE INSPECCIÓN PARA INSTALACIÓN DE DUCTERIA ADICIONAL. | C44: un | E44: 237314.2 | F44: =D44*E44 -> 0
A45: 5.1 | B45: TUBERIA SANITARIA
A46: 5,1,1 | B46: TUBERÍA PVC SANITARIA Ø 2", INCLUYE ACCESORIOS PARA SU CORRECTA INSTALACION | C46: ml | E46: 33885.72 | F46: =D46*E46 -> 0
A47: 5,1,2 | B47: TUBERÍA PVC SANITARIA Ø 4", INCLUYE ACCESORIOS PARA SU CORRECTA INSTALACION | C47: ml | E47: 55298.86 | F47: =D47*E47 -> 0
A48: 5,1,3 | B48: TUBERÍA DE VENTILACIÓN Ø 2", INCLUYE ACCESORIOS PARA SU CORRECTA INSTALACION | C48: ml | E48: 23764.13 | F48: =D48*E48 -> 0
A49: 5,1,4 | B49: TUBERÍA PVC SANITARIA Ø 3", INCLUYE ACCESORIOS PARA SU CORRECTA INSTALACION | C49: ml | E49: 30586.12 | F49: =D49*E49 -> 0
A50: 5,1,5 | B50: SALIDA SANITARIA LAVAMANOS 2 | C50: un | E50: 79307.14 | F50: =D50*E50 -> 0
A51: 5,1,6 | B51: SALIDA SANITARIA LAVAPLATOS 2 | C51: un | E51: 53995.14 | F51: =D51*E51 -> 0
A52: 5,1,7 | B52: SALIDA SANITARIA INODORO 4 | C52: un | E52: 107600.48 | F52: =D52*E52 -> 0
A53: 5,1,8 | B53: BAJANTE AGUAS LLUVIA 4 | C53: ml | E53: 52255.73 | F53: =D53*E53 -> 0
A54: 5,1,9 | B54: SALIDA SANITARIA DUCHA 2 | C54: un | E54: 72419.19 | F54: =D54*E54 -> 0
A55: 5,1,10 | B55: SALIDA SANITARIA LAVADERO 2 | C55: un | E55: 107431.98 | F55: =D55*E55 -> 0
A56: 5,1,11 | B56: SALIDA SANITARIA LAVADORA 2 | C56: un | E56: 90110.84 | F56: =D56*E56 -> 0
A57: 5,1,12 | B57: SALIDA SANITARIA SIFÓN DE PISO 3 | C57: un | E57: 93038.19 | F57: =D57*E57 -> 0
A58: 5,1,13 | B58: SIFÓN Ø 3X2", INCLUYE ACCESORIOS PARA SU CORRECTA INSTALACION | C58: un | E58: 47133.59 | F58: =D58*E58 -> 0
A59: 5.2 | B59: TUBERIA HIDRAULICA
A60: 5,2,1 | B60: TUBERÍA PVC PRESIÓN RDE 13.5 Ø 1/2", INCLUYE ACCESORIOS PARA SU CORRECTA INSTALACIÓN. | C60: ml | E60: 23538.44 | F60: =D60*E60 -> 0
A61: 5,2,2 | B61: TUBERÍA PVC PRESIÓN RDE 21 Ø 3/4", INCLUYE ACCESORIOS PARA SU CORRECTA INSTALACIÓN. | C61: ml | E61: 36671.61 | F61: =D61*E61 -> 0
A62: 5,2,3 | B62: PUNTO A.F. ORINAL O LAVAMANOS | C62: un | E62: 23847.31 | F62: =D62*E62 -> 0
A63: 5,2,4 | B63: PUNTO A.F. LAVAPLATOS | C63: un | E63: 24111.48 | F63: =D63*E63 -> 0
A64: 5,2,5 | B64: PUNTO A.F. INODORO | C64: un | E64: 23066.48 | F64: =D64*E64 -> 0
A65: 5,2,6 | B65: PUNTO DE AGUA FRIA Ø 1/2" , INCLUYE ACCESORIOS PARA SU CORRECTA INSTALACIÓN. | C65: un | E65: 48315.47 | F65: =D65*E65 -> 0
A66: 5,2,7 | B66: PUNTO A.F. LAVADERO | C66: un | E66: 18037.49 | F66: =D66*E66 -> 0
A67: 5,2,8 | B67: PUNTO A.F. DUCHA | C67: un | E67: 275428.96 | F67: =D67*E67 -> 0
A68: 5,2,9 | B68: TUBERÍA PVC PRESIÓN RDE 21 Ø 1", INCLUYE ACCESORIOS PARA SU CORRECTA INSTALACIÓN. | C68: ml | E68: 19264.51 | F68: =D68*E68 -> 0
A69: 5,2,10 | B69: PUNTO A.F. DE Ø 1" INCLUYE ACCESORIOS PARA SU CORRECTA INSTALACIÓN | C69: un | E69: 60188.91 | F69: =D69*E69 -> 0
A70: 5,2,11 | B70: CONEXIÓN A RED HIDRAULIZA EXISTENTE | C70: un | E70: 75485.22 | F70: =D70*E70 -> 0
A71: 5.3 | B71: TUBERIA AGUA CALIENTE
A72: 5,3,1 | B72: TUBERÍA CPVC 1/2 | C72: m | E72: 15091.74 | F72: =D72*E72 -> 0
A73: 5,3,2 | B73: PUNTO A.C. DUCHA | C73: un | E73: 19404.35 | F73: =D73*E73 -> 0
A74: 5,3,3 | B74: PUNTO A.C. LAVADORA | C74: un | E74: 36894.95 | F74: =D74*E74 -> 0
A75: 5,3,4 | B75: PUNTO A.C. LAVAPLATOS | C75: un | E75: 46228.16 | F75: =D75*E75 -> 0
A76: 5,3,5 | B76: PUNTO A.C. CALENTADOR | C76: un | E76: 66451.95 | F76: =D76*E76 -> 0
A77: 5.4 | B77: REGISTROS Y ACCESORIOS
A78: 5,4,1 | B78: VÁLVULA DE REGISTRO 1/2 | C78: un | E78: 81782.74 | F78: =D78*E78 -> 0
A79: 5,4,2 | B79: BUJE SOLDADO PVCP 3/4X1/2 | C79: un | E79: 5055.28 | F79: =D79*E79 -> 0
A80: 5,4,3 | B80: VÁLVULA DE CORTINA CON REGISTRO 1/2 | C80: un | E80: 119732.74 | F80: =D80*E80 -> 0
A81: 5,4,4 | B81: REGISTRO DE AGUA TIPO BOLA INCLUYE TAPA Y CAJA Ø 1" | C81: un | E81: 88103.15 | F81: =D81*E81 -> 0
A82: 5,4,5 | B82: VÁLVULA DE REGISTRO DE Ø 1" | C82: un | E82: 44770.3 | F82: =D82*E82 -> 0
B83: Total INSTALACIONES HIDROSANITARIAS | F83: =SUM(F40:F82) -> 0
A84: 6 | B84: INSTALACIONES ELECTRICAS
A85: 6.01 | B85: DESMONTE Y REINSTALACIÓN DE LUMINARIAS | C85: un | E85: 11151.84 | F85: =D85*E85 -> 0
A86: 6.02 | B86: CAJA 5800 CON TAPA CIEGA | C86: un | E86: 25347.6 | F86: =D86*E86 -> 0
A87: 6.03 | B87: TABLERO TRIFÁSICO 12 CIRCUITOS | C87: un | E87: 302497.32 | F87: =D87*E87 -> 0
A88: 6.04 | B88: SUMINISTRO INST. TAPA INTERRUPTOR DOBLE | C88: un | E88: 21228.92 | F88: =D88*E88 -> 0
A89: 6.1 | B89: ACOMETIDAS, CABLES Y TUBERIAS
A90: 6,1,1 | B90: ACOMETIDA EN CABLE 1N10 Cu AWG PE-HFFR-LS (FASES) + 1N10 Cu AWG PE-HFFR-LS (NEUTRO) + 1N12 Cu AWG (TIERRA), INCLUYE BORNAS DE CONEXIÓN, TERMINALES Y DEMÁS ACCESORIOS NECESARIOS PARA GARANTIZAR SU CORRECTA INSTALACIÓN Y PUESTA EN SERVICIO. | C90: m | E90: 22845.17 | F90: =D90*E90 -> 0
A91: 6,1,2 | B91: ACOMETIDA EN CABLE 3N8 Cu AWG PE-HFFR-LS (FASES) + 1N8 Cu AWG PE-HFFR-LS (NEUTRO) + 1N10 Cu AWG (TIERRA), INCLUYE BORNAS DE CONEXIÓN, TERMINALES Y DEMÁS ACCESORIOS NECESARIOS PARA GARANTIZAR SU CORRECTA INSTALACIÓN Y PUESTA EN SERVICIO. | C91: m | E91: 47253.3 | F91: =D91*E91 -> 0
A92: 6,1,3 | B92: ACOMETIDA EN CABLE 3N10 Cu AWG PE-HFFR-LS (FASES) + 1N10 Cu AWG PE-HFFR-LS (NEUTRO) + 1N12 Cu AWG (TIERRA), INCLUYE BORNAS DE CONEXIÓN, TERMINALES Y DEMÁS ACCESORIOS NECESARIOS PARA GARANTIZAR SU CORRECTA INSTALACIÓN Y PUESTA EN SERVICIO. | C92: m | E92: 34420 | F92: =D92*E92 -> 0
A93: 6,1,4 | B93: ACOMETIDA EN CABLE 1N12 Cu AWG PE-HFFR-LS (FASES) + 1N12 Cu AWG PE-HFFR-LS (NEUTRO) + 1N12 Cu AWG (TIERRA), INCLUYE BORNAS DE CONEXIÓN, TERMINALES Y DEMÁS ACCESORIOS NECESARIOS PARA GARANTIZAR SU CORRECTA INSTALACIÓN Y PUESTA EN SERVICIO. | C93: m | E93: 19065.39 | F93: =D93*E93 -> 0
A94: 6,1,5 | B94: ACOMETIDA EN CABLE 2N4/0 Cu AWG PE-HFFR-LS (FASES) + 1N4/0 Cu AWG PE-HFFR-LS (NEUTRO) + 1N4/0 Cu AWG (TIERRA), INCLUYE BORNAS DE CONEXIÓN, TERMINALES Y DEMÁS ACCESORIOS NECESARIOS PARA GARANTIZAR SU CORRECTA INSTALACIÓN Y PUESTA EN SERVICIO. | C94: m | E94: 418620.34 | F94: =D94*E94 -> 0
A95: 6,1,6 | B95: ACOMETIDA EN CABLE 1N10 Cu AWG PE-HFFR-LS (FASES) + 1N10 Cu AWG PE-HFFR-LS (NEUTRO) + 1N10 Cu AWG (TIERRA), INCLUYE BORNAS DE CONEXIÓN, TERMINALES Y DEMÁS ACCESORIOS NECESARIOS PARA GARANTIZAR SU CORRECTA INSTALACIÓN Y PUESTA EN SERVICIO. | C95: m | E95: 26015.62 | F95: =D95*E95 -> 0
A96: 6,1,7 | B96: PUESTA TIERRA MEDIANTE UNA (01) VARILLAS CW 5/8" COBRE- 99%, INCLUYE EXCAVACION, UN (01) PUNTO DE SOLDADURA EXOTÉRMICA, UNA (01) BOLSAS 25KG DE TRATAMIENTO FISICOQUIMICO DE TERRENO, CAJA DE INSPECCIÓN DE (0,30X0,30)M CON TAPA Y TODO LO NECESARIO PARA SU CORRECTA INSTALACIÓN | C96: un | E96: 549748 | F96: =D96*E96 -> 0
A97: 6,1,8 | B97: CABLE ENCAUCHETADO 3 X NO. 14 AWGXCU INCLUYE TUBERIA EMT ACCESORIOS PARA SU CORRECTA INSTALACIÓN Y PUESTA EN FUNCIONAMIENTO. | C97: m | E97: 17120.95 | F97: =D97*E97 -> 0
A98: 6,1,9 | B98: DUCTERÍA TIPO EMT DE 1 X Ø 3/4" INCLUYE UNIÓN, CURVAS, TERMINALES, CAJAS DE PASO Y TODOS LOS ELEMENTOS NECESARIOS PARA SU CORRECTA INSTALACIÓN Y PUESTA EN FUNCIONAMIENTO | C98: ml | E98: 50106.59 | F98: =D98*E98 -> 0
A99: 6,1,10 | B99: TUBERÍA CONDUIT 3/4 | C99: m | E99: 5933.28 | F99: =D99*E99 -> 0
A100: 6,1,11 | B100: DUCTERÍA TIPO IMC DE 1 X Ø1" INCLUYE UNIÓN, CURVAS, TERMINALES, CAJAS DE PASO Y TODOS LOS ELEMENTOS NECESARIOS PARA SU CORRECTA INSTALACIÓN Y PUESTA EN FUNCIONAMIENTO | C100: ml | E100: 29346.96 | F100: =D100*E100 -> 0
A101: 6,1,12 | B101: DUCTERÍA TIPO IMC DE 1 X Ø1-1/2" NCLUYE UNIÓN, CURVAS, TERMINALES, CONDULETAS Y TODOS LOS ELEMENTOS NECESARIOS PARA SU CORRECTA INSTALACIÓN Y PUESTA EN FUNCIONAMIENTO | C101: ml | E101: 32788.31 | F101: =D101*E101 -> 0
... A104: 6,1,15 | B104: SUMINISTRO INSTALACIÓN Y PUESTA EN SERVICIO DE NSYPLA1073G GABINETE POLIÉSTER PLM 1000 X 750 X 320 IP66, CON ESPACIO PARA TOTALIZADOR, BARRA DE NEUTRO Y TIERRA INDEPENDIENTES, PUERTA CON CHAPA Y LLAVES, INCLUYE UNA (01) PROTECCIÓN TERMOMAGNÉTICA PRINCIPAL, NUEVE (09) PROTECCIONES TERMOMAGNÉTICAS SECUNDARIAS, UN (01) DPS CLASE I, BARRAJES DE NEUTRO, TIERRA, RIELES, ELEMENTOS DE ANCLAJE, Y TODO LO NECESARIO PARA SU CORRECTA INSTALACIÓN Y PUESTA EN FUNCIONAMIENTO. | C104: un | E104: 13577675 | F104: =D104*E104 -> 0
...

Sheet VIVIENDAS
A1: ITEM | B1: ACTIVIDAD | C1: UN | D1: CANTIDAD | E1: VR. UNITARIO | F1: VR. TOTAL
A2: 1 | B2: PRELIMINARES
A3: 1.01 | B3: DEMOLICION DE ENCHAPE DE PISOS Y PAREDES | C3: m² | D3: 222.4 | F3: =D3*E3 -> 0
A4: 1.02 | B4: DEMOLICIÓN POYOS DUCHAS | C4: ml | D4: 2.3 | F4: =D4*E4 -> 0
A5: 1.03 | B5: DESMONTE PUERTAS Y VENTANAS | C5: m² | D5: 4.96 | F5: =D5*E5 -> 0
A6: 1.04 | B6: DEMOLICIÓN DE GUARDA ESCOBA. | C6: m | D6: 132 | F6: =D6*E6 -> 0
A7: 1.05 | B7: ESCARIFICADO DE PINTURA EN PAREDES | C7: m² | D7: 12 | F7: =D7*E7 -> 0
A8: 1.06 | B8: DESMONTE DE CIELO RASO, INCLUYE DESMONTE DE ESTRUCTURA | C8: m² | F8: =D8*E8 -> 0
A9: 1.07 | B9: DESMONTE Y REINSTALACION DE PUERTA METALICA TIPO HANGAR MARCOS, RIELES Y ANGULOS | C9: m² | F9: =D9*E9 -> 0
A10: 1.08 | B10: ESCARIFICADO DE PAÑETE EN PAREDES | C10: m² | F10: =D10*E10 -> 0
A11: 1.09 | B11: DESMONTE DE ESTRUCTURA EN MADERA Y METALICA PARA CUBIERTA | C11: m² | F11: =D11*E11 -> 0
A12: 1.1 | B12: DEMOLICIÓN DE CERRAMIENTO EXISTENTE EN MALLA ESLABONADA CON TUBERÍA DE ACERO GALVANIZADO DE +-2" Y ANTEPECHO DE ALTURA APROXIMADA DE 0.60MTS. INCLUYE EL RETIRO DEL MATERIAL DEMOLIDO. | C12: m² | F12: =D12*E12 -> 0
A13: 1.11 | B13: DEMOLICIÓN MUROS 0.15M | C13: m² | D13: 28.6 | F13: =D13*E13 -> 0
A14: 1.12 | B14: DEMOLICIÓN PLACAS MACIZAS 0.15M | C14: m² | D14: 25.68 | F14: =D14*E14 -> 0
A15: 1.13 | B15: DESMONTE APARATOS SANITARIOS | C15: un | E15: 5663.24 | F15: =D15*E15 -> 0
A16: 1.14 | B16: DESMONTE CUBIERTAS ASBESTO CEMENTO | C16: m² | E16: 9095.52 | F16: =D16*E16 -> 0
A17: 1.15 | B17: DESMONTE CANAL AGUAS LLUVIAS | C17: ml | E17: 14991.53 | F17: =D17*E17 -> 0
B18: Total PRELIMINARES | F18: =SUM(F3:F17) -> 0
A19: 2 | B19: MOVIMIENTO DE TIERRAS
A20: 2.01 | B20: RELLENO Y COMPACTACIÓN CON MATERIAL DE EXCAVACIÓN SELECCIONADO | C20: m³ | D20: 5.6 | F20: =D20*E20 -> 0
A21: 2.02 | B21: TRANSPORTE DE MATERIAL/SOBRANTE U OTRO Y DISPOSICIÓN FINAL DE SOBRANTES A SITIO AUTORIZADO. | C21: m³ | D21: 15 | F21: =D21*E21 -> 0
A22: 2.03 | B22: EXCAVACION MANUAL EN TERRENO CONSISTENTE, NO INCLUYE CARGUE, RETIRO Y DISPOSICION FINAL DE EXCAVACION | C22: m³ | D22: 5.6 | F22: =D22*E22 -> 0
A23: 2.04 | B23: EXCAVACIÓN MANUAL EN MATERIAL COMÚN. INCLUYE CARGUE, TRANSPORTE Y DISPOSICIÓN FINAL DE SOBRANTES A SITIO AUTORIZADO DE 0 - 2,00 MTS. | C23: m³ | D23: 2 | F23: =D23*E23 -> 0
B24: Total MOVIMIENTO DE TIERRAS | F24: =SUM(F20:F23) -> 0
A25: 3 | B25: CIMENTACIÓN
A26: 3.01 | B26: SOLADO DE LIMPIEZA EN CONCRETO DE 2.000 PSI DE E=0.05 M SEGÚN PLANOS. INCLUYE MATERIALES, MANO DE OBRA, EQUIPOS Y HERRAMIENTAS NECESARIAS | C26: m² | D26: 2.62 | F26: =D26*E26 -> 0
A27: 3.02 | B27: VIGAS DE CIMENTACION EN CONCRETO DE 3.000 PSI IMPERMEABILIZADO SEGÚN PLANOS. INCLUYE MANO DE OBRA, FORMALETAS, EQUIPOS Y HERRAMIENTAS NECESARIAS, NO INCLUYE ACERO DE REFUERZO. | C27: m³ | D27: 0.52 | F27: =D27*E27 -> 0
A28: 3.03 | B28: PLACA DE CONTRAPISO EN CONCRETO DE 3.000 PSI IMPERMEABILIZADO, SEGÚN PLANOS. INCLUYE MANO DE OBRA, FORMALETAS, EQUIPOS Y HERRAMIENTAS NECESARIAS, E=0.15 M, NO INCLUYE ACERO DE REFUERZO | C28: m² | D28: 33.94 | F28: =D28*E28 -> 0
A29: 3.04 | B29: MALLA ELECTROSOLDADA FY 485 MPA -NTC 5806, INCLUYE ALAMBRE NEGRO TRASIEGO, MANEJO | C29: kg | D29: 43.56 | F29: =D29*E29 -> 0
B30: Total CIMENTACIÓN | F30: =SUM(F26:F29) -> 0
A31: 4 | B31: ESTRUCTURA
A32: 4.01 | B32: VIGAS AEREAS EN CONCRETO DE 3.000 PSI SEGÚN PLANOS. INCLUYE MANO DE OBRA, FORMALETAS, EQUIPOS Y HERRAMIENTAS NECESARIAS, NO INCLUYE ACERO DE REFUERZO | C32: m³ | D32: 0.52 | F32: =D32*E32 -> 0
A33: 4.02 | B33: COLUMNA EN CONCRETO DE 3.000 PSI SEGÚN PLANOS. INCLUYE MANO DE OBRA, FORMALETAS, EQUIPOS Y HERRAMIENTAS NECESARIAS, NO INCLUYE ACERO DE REFUERZO | C33: m³ | D33: 0.38 | F33: =D33*E33 -> 0
A34: 4.03 | B34: ACERO DE REFUERZO ESTRUCTURAL FY: 420 MPA GR 60 -NTC 2289 | C34: kg | D34: 436 | F34: =D34*E34 -> 0
A35: 4.04 | B35: RIEL METALICO PARA PUERTA METALICA TIPO HANGAR. INCLUYE CAMBIO DE RODAMIENTOS Y TODOS LOS ELEMENTOS ESTRUCTURALES PARA SU MONTAJE Y CORRECTO FUNCIONAMIENTO COMO TAMBIÉN PINTURA EN ANTICORROSIVO Y ESMALTE. | C35: kg | E35: 25703.33 | F35: =D35*E35 -> 0
A36: 4.05 | B36: PERFILERIA ESTRUCTURAL EN ACERO A500 GR C. INCLUYE TODOS LOS ELEMENTOS ESTRUCTURALES PARA SU MONTAJE Y CORRECTO FUNCIONAMIENTO COMO TAMBIÉN PINTURA EN ANTICORROSIVO, ESMALTE, CONEXIONES, PLATINAS, ANCLAJES Y SOLDADURA. | C36: kg | E36: 23685.69 | F36: =D36*E36 -> 0
A37: 4.06 | B37: ESTRUCTURA METÁLICA EN ACERO ESTRUCTURAL, TALES COMO PERFILES, PLATINAS, CORREAS Y DEMÁS ELEMENTOS. INCLUYE MONTAJE, APLICACION DE SIKAPERMACOR SERIE 82 TIPO SIKA O SIMILAR A UN ESPESOR DE PELÍCULA SECA DE 10.0 A 12.0 MILS, ESMALTE URETANO SERIE 36 TIPO S | C37: kg | E37: 20839.02 | F37: =D37*E37 -> 0
B38: Total ESTRUCTURA | F38: =SUM(F32:F37) -> 0
A39: 5 | B39: INSTALACIONES HIDROSANITARIAS
A40: 5.01 | B40: CIMENTACION Y ATRAQUE DE TUBERIA | C40: m³ | D40: 1.68 | F40: =D40*E40 -> 0
A41: 5.02 | B41: REGATA PARA INSTALACIÓN DE TUBERÍA DE Ø 1/2" A Ø 2" (INCLUYE RESANE) | C41: m | D41: 52 | F41: =D41*E41 -> 0
A42: 5.03 | B42: CONEXIÓN A RED HIDRÁULICA EXISTENTE Ø 1/2" . | C42: un | D42: 2 | F42: =D42*E42 -> 0
A43: 5.04 | B43: CAJA DE INSPECCIÓN 0,60 X 0,6M H=0 - 0,5M, INCLUYE TAPA EN CONCRETO | C43: un | D43: 2 | F43: =D43*E43 -> 0
A44: 5.05 | B44: PERFORACIÓN Y RESANE DE CAJAS DE INSPECCIÓN PARA INSTALACIÓN DE DUCTERIA ADICIONAL. | C44: un | E44: 237314.2 | F44: =D44*E44 -> 0
A45: 5.1 | B45: TUBERIA SANITARIA
A46: 5,1,1 | B46: TUBERÍA PVC SANITARIA Ø 2", INCLUYE ACCESORIOS PARA SU CORRECTA INSTALACION | C46: ml | D46: 14 | F46: =D46*E46 -> 0
A47: 5,1,2 | B47: TUBERÍA PVC SANITARIA Ø 4", INCLUYE ACCESORIOS PARA SU CORRECTA INSTALACION | C47: ml | D47: 30 | F47: =D47*E47 -> 0
A48: 5,1,3 | B48: TUBERÍA DE VENTILACIÓN Ø 2", INCLUYE ACCESORIOS PARA SU CORRECTA INSTALACION | C48: ml | D48: 16 | F48: =D48*E48 -> 0
A49: 5,1,4 | B49: TUBERÍA PVC SANITARIA Ø 3", INCLUYE ACCESORIOS PARA SU CORRECTA INSTALACION | C49: ml | D49: 20 | F49: =D49*E49 -> 0
A50: 5,1,5 | B50: SALIDA SANITARIA LAVAMANOS 2 | C50: un | D50: 4 | F50: =D50*E50 -> 0
A51: 5,1,6 | B51: SALIDA SANITARIA LAVAPLATOS 2 | C51: un | D51: 2 | F51: =D51*E51 -> 0
A52: 5,1,7 | B52: SALIDA SANITARIA INODORO 4 | C52: un | D52: 4 | F52: =D52*E52 -> 0
A53: 5,1,8 | B53: BAJANTE AGUAS LLUVIA 4 | C53: ml | D53: 6 | F53: =D53*E53 -> 0
A54: 5,1,9 | B54: SALIDA SANITARIA DUCHA 2 | C54: un | D54: 4 | F54: =D54*E54 -> 0
A55: 5,1,10 | B55: SALIDA SANITARIA LAVADERO 2 | C55: un | D55: 2 | F55: =D55*E55 -> 0
A56: 5,1,11 | B56: SALIDA SANITARIA LAVADORA 2 | C56: un | D56: 2 | F56: =D56*E56 -> 0
A57: 5,1,12 | B57: SALIDA SANITARIA SIFÓN DE PISO 3 | C57: un | F57: =D57*E57 -> 0
A58: 5,1,13 | B58: SIFÓN Ø 3X2", INCLUYE ACCESORIOS PARA SU CORRECTA INSTALACION | C58: un | D58: 4 | F58: =D58*E58 -> 0
A59: 5.2 | B59: TUBERIA HIDRAULICA
A60: 5,2,1 | B60: TUBERÍA PVC PRESIÓN RDE 13.5 Ø 1/2", INCLUYE ACCESORIOS PARA SU CORRECTA INSTALACIÓN. | C60: ml | D60: 40 | F60: =D60*E60 -> 0
A61: 5,2,2 | B61: TUBERÍA PVC PRESIÓN RDE 21 Ø 3/4", INCLUYE ACCESORIOS PARA SU CORRECTA INSTALACIÓN. | C61: ml | F61: =D61*E61 -> 0
A62: 5,2,3 | B62: PUNTO A.F. ORINAL O LAVAMANOS | C62: un | D62: 4 | F62: =D62*E62 -> 0
A63: 5,2,4 | B63: PUNTO A.F. LAVAPLATOS | C63: un | D63: 2 | F63: =D63*E63 -> 0
A64: 5,2,5 | B64: PUNTO A.F. INODORO | C64: un | D64: 4 | F64: =D64*E64 -> 0
A65: 5,2,6 | B65: PUNTO DE AGUA FRIA Ø 1/2" , INCLUYE ACCESORIOS PARA SU CORRECTA INSTALACIÓN. | C65: un | D65: 8 | F65: =D65*E65 -> 0
A66: 5,2,7 | B66: PUNTO A.F. LAVADERO | C66: un | D66: 2 | F66: =D66*E66 -> 0
A67: 5,2,8 | B67: PUNTO A.F. DUCHA | C67: un | E67: 275428.96 | F67: =D67*E67 -> 0
A68: 5,2,9 | B68: TUBERÍA PVC PRESIÓN RDE 21 Ø 1", INCLUYE ACCESORIOS PARA SU CORRECTA INSTALACIÓN. | C68: ml | E68: 19264.51 | F68: =D68*E68 -> 0
A69: 5,2,10 | B69: PUNTO A.F. DE Ø 1" INCLUYE ACCESORIOS PARA SU CORRECTA INSTALACIÓN | C69: un | E69: 60188.91 | F69: =D69*E69 -> 0
A70: 5,2,11 | B70: CONEXIÓN A RED HIDRAULIZA EXISTENTE | C70: un | E70: 75485.22 | F70: =D70*E70 -> 0
A71: 5.3 | B71: TUBERIA AGUA CALIENTE
A72: 5,3,1 | B72: TUBERÍA CPVC 1/2 | C72: m | D72: 30 | F72: =D72*E72 -> 0
A73: 5,3,2 | B73: PUNTO A.C. DUCHA | C73: un | D73: 4 | F73: =D73*E73 -> 0
A74: 5,3,3 | B74: PUNTO A.C. LAVADORA | C74: un | D74: 2 | F74: =D74*E74 -> 0
A75: 5,3,4 | B75: PUNTO A.C. LAVAPLATOS | C75: un | D75: 2 | F75: =D75*E75 -> 0
A76: 5,3,5 | B76: PUNTO A.C. CALENTADOR | C76: un | D76: 2 | F76: =D76*E76 -> 0
A77: 5.4 | B77: REGISTROS Y ACCESORIOS
A78: 5,4,1 | B78: VÁLVULA DE REGISTRO 1/2 | C78: un | D78: 8 | F78: =D78*E78 -> 0
A79: 5,4,2 | B79: BUJE SOLDADO PVCP 3/4X1/2 | C79: un | E79: 5055.28 | F79: =D79*E79 -> 0
A80: 5,4,3 | B80: VÁLVULA DE CORTINA CON REGISTRO 1/2 | C80: un | D80: 4 | F80: =D80*E80 -> 0
A81: 5,4,4 | B81: REGISTRO DE AGUA TIPO BOLA INCLUYE TAPA Y CAJA Ø 1" | C81: un | E81: 88103.15 | F81: =D81*E81 -> 0
A82: 5,4,5 | B82: VÁLVULA DE REGISTRO DE Ø 1" | C82: un | E82: 44770.3 | F82: =D82*E82 -> 0
B83: Total INSTALACIONES HIDROSANITARIAS | F83: =SUM(F40:F82) -> 0
A84: 6 | B84: INSTALACIONES ELECTRICAS
A85: 6.01 | B85: DESMONTE Y REINSTALACIÓN DE LUMINARIAS | C85: un | E85: 11151.84 | F85: =D85*E85 -> 0
A86: 6.02 | B86: CAJA 5800 CON TAPA CIEGA | C86: un | D86: 4 | F86: =D86*E86 -> 0
A87: 6.03 | B87: TABLERO TRIFÁSICO 12 CIRCUITOS | C87: un | D87: 2 | F87: =D87*E87 -> 0
A88: 6.04 | B88: SUMINISTRO INST. TAPA INTERRUPTOR DOBLE | C88: un | E88: 21228.92 | F88: =D88*E88 -> 0
A89: 6.1 | B89: ACOMETIDAS, CABLES Y TUBERIAS
A90: 6,1,1 | B90: ACOMETIDA EN CABLE 1N10 Cu AWG PE-HFFR-LS (FASES) + 1N10 Cu AWG PE-HFFR-LS (NEUTRO) + 1N12 Cu AWG (TIERRA), INCLUYE BORNAS DE CONEXIÓN, TERMINALES Y DEMÁS ACCESORIOS NECESARIOS PARA GARANTIZAR SU CORRECTA INSTALACIÓN Y PUESTA EN SERVICIO. | C90: m | D90: 12 | F90: =D90*E90 -> 0
A91: 6,1,2 | B91: ACOMETIDA EN CABLE 3N8 Cu AWG PE-HFFR-LS (FASES) + 1N8 Cu AWG PE-HFFR-LS (NEUTRO) + 1N10 Cu AWG (TIERRA), INCLUYE BORNAS DE CONEXIÓN, TERMINALES Y DEMÁS ACCESORIOS NECESARIOS PARA GARANTIZAR SU CORRECTA INSTALACIÓN Y PUESTA EN SERVICIO. | C91: m | D91: 12 | F91: =D91*E91 -> 0
A92: 6,1,3 | B92: ACOMETIDA EN CABLE 3N10 Cu AWG PE-HFFR-LS (FASES) + 1N10 Cu AWG PE-HFFR-LS (NEUTRO) + 1N12 Cu AWG (TIERRA), INCLUYE BORNAS DE CONEXIÓN, TERMINALES Y DEMÁS ACCESORIOS NECESARIOS PARA GARANTIZAR SU CORRECTA INSTALACIÓN Y PUESTA EN SERVICIO. | C92: m | F92: =D92*E92 -> 0
A93: 6,1,4 | B93: ACOMETIDA EN CABLE 1N12 Cu AWG PE-HFFR-LS (FASES) + 1N12 Cu AWG PE-HFFR-LS (NEUTRO) + 1N12 Cu AWG (TIERRA), INCLUYE BORNAS DE CONEXIÓN, TERMINALES Y DEMÁS ACCESORIOS NECESARIOS PARA GARANTIZAR SU CORRECTA INSTALACIÓN Y PUESTA EN SERVICIO. | C93: m | F93: =D93*E93 -> 0
A94: 6,1,5 | B94: ACOMETIDA EN CABLE 2N4/0 Cu AWG PE-HFFR-LS (FASES) + 1N4/0 Cu AWG PE-HFFR-LS (NEUTRO) + 1N4/0 Cu AWG (TIERRA), INCLUYE BORNAS DE CONEXIÓN, TERMINALES Y DEMÁS ACCESORIOS NECESARIOS PARA GARANTIZAR SU CORRECTA INSTALACIÓN Y PUESTA EN SERVICIO. | C94: m | F94: =D94*E94 -> 0
A95: 6,1,6 | B95: ACOMETIDA EN CABLE 1N10 Cu AWG PE-HFFR-LS (FASES) + 1N10 Cu AWG PE-HFFR-LS (NEUTRO) + 1N10 Cu AWG (TIERRA), INCLUYE BORNAS DE CONEXIÓN, TERMINALES Y DEMÁS ACCESORIOS NECESARIOS PARA GARANTIZAR SU CORRECTA INSTALACIÓN Y PUESTA EN SERVICIO. | C95: m | F95: =D95*E95 -> 0
A96: 6,1,7 | B96: PUESTA TIERRA MEDIANTE UNA (01) VARILLAS CW 5/8" COBRE- 99%, INCLUYE EXCAVACION, UN (01) PUNTO DE SOLDADURA EXOTÉRMICA, UNA (01) BOLSAS 25KG DE TRATAMIENTO FISICOQUIMICO DE TERRENO, CAJA DE INSPECCIÓN DE (0,30X0,30)M CON TAPA Y TODO LO NECESARIO PARA SU CORRECTA INSTALACIÓN | C96: un | F96: =D96*E96 -> 0
A97: 6,1,8 | B97: CABLE ENCAUCHETADO 3 X NO. 14 AWGXCU INCLUYE TUBERIA EMT ACCESORIOS PARA SU CORRECTA INSTALACIÓN Y PUESTA EN FUNCIONAMIENTO. | C97: m | F97: =D97*E97 -> 0
A98: 6,1,9 | B98: DUCTERÍA TIPO EMT DE 1 X Ø 3/4" INCLUYE UNIÓN, CURVAS, TERMINALES, CAJAS DE PASO Y TODOS LOS ELEMENTOS NECESARIOS PARA SU CORRECTA INSTALACIÓN Y PUESTA EN FUNCIONAMIENTO | C98: ml | F98: =D98*E98 -> 0
A99: 6,1,10 | B99: TUBERÍA CONDUIT 3/4 | C99: m | D99: 26 | F99: =D99*E99 -> 0
A100: 6,1,11 | B100: DUCTERÍA TIPO IMC DE 1 X Ø1" INCLUYE UNIÓN, CURVAS, TERMINALES, CAJAS DE PASO Y TODOS LOS ELEMENTOS NECESARIOS PARA SU CORRECTA INSTALACIÓN Y PUESTA EN FUNCIONAMIENTO | C100: ml | E100: 29346.96 | F100: =D100*E100 -> 0
...

Sheet TOTALL 2
A1: ITEM | B1: ACTIVIDAD | C1: UN | D1: CANTIDAD | E1: VR. UNITARIO | F1: VR. TOTAL
A2: 1 | B2: PRELIMINARES
A3: 1.01 | B3: DEMOLICION DE ENCHAPE DE PISOS Y PAREDES | C3: m² | E3: 43704.15 | F3: =D3*E3 -> 0
A4: 1.02 | B4: DEMOLICIÓN POYOS DUCHAS | C4: ml | E4: 12300.17 | F4: =D4*E4 -> 0
A5: 1.03 | B5: DESMONTE PUERTAS Y VENTANAS | C5: m² | E5: 5770.56 | F5: =D5*E5 -> 0
A6: 1.04 | B6: DEMOLICIÓN DE GUARDA ESCOBA. | C6: m | E6: 3274.08 | F6: =D6*E6 -> 0
A7: 1.05 | B7: ESCARIFICADO DE PINTURA EN PAREDES | C7: m² | E7: 3577.1 | F7: =D7*E7 -> 0
A8: 1.06 | B8: DESMONTE DE CIELO RASO, INCLUYE DESMONTE DE ESTRUCTURA | C8: m² | E8: 11910.09 | F8: =D8*E8 -> 0
A9: 1.07 | B9: DESMONTE Y REINSTALACION DE PUERTA METALICA TIPO HANGAR MARCOS, RIELES Y ANGULOS | C9: m² | E9: 57761.86 | F9: =D9*E9 -> 0
A10: 1.08 | B10: ESCARIFICADO DE PAÑETE EN PAREDES | C10: m² | E10: 5561.38 | F10: =D10*E10 -> 0
A11: 1.09 | B11: DESMONTE DE ESTRUCTURA EN MADERA Y METALICA PARA CUBIERTA | C11: m² | E11: 16984.01 | F11: =D11*E11 -> 0
A12: 1.1 | B12: DEMOLICIÓN DE CERRAMIENTO EXISTENTE EN MALLA ESLABONADA CON TUBERÍA DE ACERO GALVANIZADO DE +-2" Y ANTEPECHO DE ALTURA APROXIMADA DE 0.60MTS. INCLUYE EL RETIRO DEL MATERIAL DEMOLIDO. | C12: m² | E12: 30132.38 | F12: =D12*E12 -> 0
A13: 1.11 | B13: DEMOLICIÓN MUROS 0.15M | C13: m² | E13: 7079.05 | F13: =D13*E13 -> 0
A14: 1.12 | B14: DEMOLICIÓN PLACAS MACIZAS 0.15M | C14: m² | E14: 59816.37 | F14: =D14*E14 -> 0
... A16: 1.14 | B16: DESMONTE CUBIERTAS ASBESTO CEMENTO | C16: m² | E16: 9095.52 | F16: =D16*E16 -> 0
B17: Total PRELIMINARES | F17: =SUM(F3:F16) -> 0
A18: 2 | B18: MOVIMIENTO DE TIERRAS
A19: 2.01 | B19: RELLENO Y COMPACTACIÓN CON MATERIAL DE EXCAVACIÓN SELECCIONADO | C19: m³ | E19: 18941.08 | F19: =D19*E19 -> 0
A20: 2.02 | B20: TRANSPORTE DE MATERIAL/SOBRANTE U OTRO Y DISPOSICIÓN FINAL DE SOBRANTES A SITIO AUTORIZADO. | C20: m³ | E20: 50091.05 | F20: =D20*E20 -> 0
A21: 2.03 | B21: EXCAVACION MANUAL EN TERRENO CONSISTENTE, NO INCLUYE CARGUE, RETIRO Y DISPOSICION FINAL DE EXCAVACION | C21: m³ | E21: 19478.87 | F21: =D21*E21 -> 0
A22: 2.04 | B22: EXCAVACIÓN MANUAL EN MATERIAL COMÚN. INCLUYE CARGUE, TRANSPORTE Y DISPOSICIÓN FINAL DE SOBRANTES A SITIO AUTORIZADO DE 0 - 2,00 MTS. | C22: m³ | E22: 41556.66 | F22: =D22*E22 -> 0
B23: Total MOVIMIENTO DE TIERRAS | F23: =SUM(F19:F22) -> 0
A24: 3 | B24: CIMENTACIÓN
A25: 3.01 | B25: SOLADO DE LIMPIEZA EN CONCRETO DE 2.000 PSI DE E=0.05 M SEGÚN PLANOS. INCLUYE MATERIALES, MANO DE OBRA, EQUIPOS Y HERRAMIENTAS NECESARIAS | C25: m² | E25: 25198.68 | F25: =D25*E25 -> 0
A26: 3.02 | B26: VIGAS DE CIMENTACION EN CONCRETO DE 3.000 PSI IMPERMEABILIZADO SEGÚN PLANOS. INCLUYE MANO DE OBRA, FORMALETAS, EQUIPOS Y HERRAMIENTAS NECESARIAS, NO INCLUYE ACERO DE REFUERZO. | C26: m³ | E26: 746916.81 | F26: =D26*E26 -> 0
A27: 3.03 | B27: PLACA DE CONTRAPISO EN CONCRETO DE 3.000 PSI IMPERMEABILIZADO, SEGÚN PLANOS. INCLUYE MANO DE OBRA, FORMALETAS, EQUIPOS Y HERRAMIENTAS NECESARIAS, E=0.15 M, NO INCLUYE ACERO DE REFUERZO | C27: m² | E27: 158491.85 | F27: =D27*E27 -> 0
A28: 3.04 | B28: MALLA ELECTROSOLDADA FY 485 MPA -NTC 5806, INCLUYE ALAMBRE NEGRO TRASIEGO, MANEJO | C28: kg | E28: 4821.48 | F28: =D28*E28 -> 0
B29: Total CIMENTACIÓN | F29: =SUM(F25:F28) -> 0
A30: 4 | B30: ESTRUCTURA
A31: 4.01 | B31: VIGAS AEREAS EN CONCRETO DE 3.000 PSI SEGÚN PLANOS. INCLUYE MANO DE OBRA, FORMALETAS, EQUIPOS Y HERRAMIENTAS NECESARIAS, NO INCLUYE ACERO DE REFUERZO | C31: m³ | E31: 741920.57 | F31: =D31*E31 -> 0
A32: 4.02 | B32: COLUMNA EN CONCRETO DE 3.000 PSI SEGÚN PLANOS. INCLUYE MANO DE OBRA, FORMALETAS, EQUIPOS Y HERRAMIENTAS NECESARIAS, NO INCLUYE ACERO DE REFUERZO | C32: m³ | E32: 784064.81 | F32: =D32*E32 -> 0
A33: 4.03 | B33: ACERO DE REFUERZO ESTRUCTURAL FY: 420 MPA GR 60 -NTC 2289 | C33: kg | E33: 6549.36 | F33: =D33*E33 -> 0
A34: 4.04 | B34: RIEL METALICO PARA PUERTA METALICA TIPO HANGAR. INCLUYE CAMBIO DE RODAMIENTOS Y TODOS LOS ELEMENTOS ESTRUCTURALES PARA SU MONTAJE Y CORRECTO FUNCIONAMIENTO COMO TAMBIÉN PINTURA EN ANTICORROSIVO Y ESMALTE. | C34: kg | E34: 25703.33 | F34: =D34*E34 -> 0
A35: 4.05 | B35: PERFILERIA ESTRUCTURAL EN ACERO A500 GR C. INCLUYE TODOS LOS ELEMENTOS ESTRUCTURALES PARA SU MONTAJE Y CORRECTO FUNCIONAMIENTO COMO TAMBIÉN PINTURA EN ANTICORROSIVO, ESMALTE, CONEXIONES, PLATINAS, ANCLAJES Y SOLDADURA. | C35: kg | E35: 23685.69 | F35: =D35*E35 -> 0
B36: Total ESTRUCTURA | F36: =SUM(F31:F35) -> 0
A37: 5 | B37: INSTALACIONES HIDROSANITARIAS
A38: 5.01 | B38: CIMENTACION Y ATRAQUE DE TUBERIA | C38: m³ | E38: 78626.05 | F38: =D38*E38 -> 0
A39: 5.02 | B39: REGATA PARA INSTALACIÓN DE TUBERÍA DE Ø 1/2" A Ø 2" (INCLUYE RESANE) | C39: m | E39: 5836.55 | F39: =D39*E39 -> 0
A40: 5.03 | B40: CONEXIÓN A RED HIDRÁULICA EXISTENTE Ø 1/2" . | C40: un | E40: 17241.7 | F40: =D40*E40 -> 0
A41: 5.04 | B41: CAJA DE INSPECCIÓN 0,60 X 0,6M H=0 - 0,5M, INCLUYE TAPA EN CONCRETO | C41: un | E41: 316401.66 | F41: =D41*E41 -> 0
A42: 5.05 | B42: PERFORACIÓN Y RESANE DE CAJAS DE INSPECCIÓN PARA INSTALACIÓN DE DUCTERIA ADICIONAL. | C42: un | E42: 237314.2
A43: 5.1 | B43: TUBERIA SANITARIA
A44: 5,1,1 | B44: TUBERÍA PVC SANITARIA Ø 2", INCLUYE ACCESORIOS PARA SU CORRECTA INSTALACION | C44: ml | E44: 33885.72 | F44: =D44*E44 -> 0
A45: 5,1,2 | B45: TUBERÍA PVC SANITARIA Ø 4", INCLUYE ACCESORIOS PARA SU CORRECTA INSTALACION | C45: ml | E45: 55298.86 | F45: =D45*E45 -> 0
A46: 5,1,3 | B46: TUBERÍA DE VENTILACIÓN Ø 2", INCLUYE ACCESORIOS PARA SU CORRECTA INSTALACION | C46: ml | E46: 23764.13 | F46: =D46*E46 -> 0
A47: 5,1,4 | B47: TUBERÍA PVC SANITARIA Ø 3", INCLUYE ACCESORIOS PARA SU CORRECTA INSTALACION | C47: ml | E47: 30586.12 | F47: =D47*E47 -> 0
A48: 5,1,5 | B48: SALIDA SANITARIA LAVAMANOS 2 | C48: un | E48: 79307.14 | F48: =D48*E48 -> 0
A49: 5,1,6 | B49: SALIDA SANITARIA LAVAPLATOS 2 | C49: un | E49: 53995.14 | F49: =D49*E49 -> 0
A50: 5,1,7 | B50: SALIDA SANITARIA INODORO 4 | C50: un | E50: 107600.48 | F50: =D50*E50 -> 0
A51: 5,1,8 | B51: BAJANTE AGUAS LLUVIA 4 | C51: ml | E51: 52255.73 | F51: =D51*E51 -> 0
A52: 5,1,9 | B52: SALIDA SANITARIA DUCHA 2 | C52: un | E52: 72419.19 | F52: =D52*E52 -> 0
A53: 5,1,10 | B53: SALIDA SANITARIA LAVADERO 2 | C53: un | E53: 107431.98 | F53: =D53*E53 -> 0
A54: 5,1,11 | B54: SALIDA SANITARIA LAVADORA 2 | C54: un | E54: 90110.84 | F54: =D54*E54 -> 0
A55: 5,1,12 | B55: SALIDA SANITARIA SIFÓN DE PISO 3 | C55: un | E55: 93038.19 | F55: =D55*E55 -> 0
A56: 5,1,13 | B56: SIFÓN Ø 3X2", INCLUYE ACCESORIOS PARA SU CORRECTA INSTALACION | C56: un | E56: 47133.59 | F56: =D56*E56 -> 0
A57: 5.2 | B57: TUBERIA HIDRAULICA
A58: 5,2,1 | B58: TUBERÍA PVC PRESIÓN RDE 13.5 Ø 1/2", INCLUYE ACCESORIOS PARA SU CORRECTA INSTALACIÓN. | C58: ml | E58: 23538.44 | F58: =D58*E58 -> 0
A59: 5,2,2 | B59: TUBERÍA PVC PRESIÓN RDE 21 Ø 3/4", INCLUYE ACCESORIOS PARA SU CORRECTA INSTALACIÓN. | C59: ml | E59: 36671.61 | F59: =D59*E59 -> 0
A60: 5,2,3 | B60: PUNTO A.F. ORINAL O LAVAMANOS | C60: un | E60: 23847.31 | F60: =D60*E60 -> 0
A61: 5,2,4 | B61: PUNTO A.F. LAVAPLATOS | C61: un | E61: 24111.48 | F61: =D61*E61 -> 0
A62: 5,2,5 | B62: PUNTO A.F. INODORO | C62: un | E62: 23066.48 | F62: =D62*E62 -> 0
A63: 5,2,6 | B63: PUNTO DE AGUA FRIA Ø 1/2" , INCLUYE ACCESORIOS PARA SU CORRECTA INSTALACIÓN. | C63: un | E63: 48315.47 | F63: =D63*E63 -> 0
A64: 5,2,7 | B64: PUNTO A.F. LAVADERO | C64: un | E64: 18037.49 | F64: =D64*E64 -> 0
A65: 5,2,8 | B65: PUNTO A.F. DUCHA | C65: un | E65: 275428.96 | F65: =D65*E65 -> 0
A66: 5.3 | B66: TUBERIA AGUA CALIENTE
A67: 5,3,1 | B67: TUBERÍA CPVC 1/2 | C67: m | E67: 15091.74 | F67: =D67*E67 -> 0
A68: 5,3,2 | B68: PUNTO A.C. DUCHA | C68: un | E68: 19404.35 | F68: =D68*E68 -> 0
A69: 5,3,3 | B69: PUNTO A.C. LAVADORA | C69: un | E69: 36894.95 | F69: =D69*E69 -> 0
A70: 5,3,4 | B70: PUNTO A.C. LAVAPLATOS | C70: un | E70: 46228.16 | F70: =D70*E70 -> 0
A71: 5,3,5 | B71: PUNTO A.C. CALENTADOR | C71: un | E71: 66451.95 | F71: =D71*E71 -> 0
A72: 5.4 | B72: REGISTROS Y ACCESORIOS
A73: 5,4,1 | B73: VÁLVULA DE REGISTRO 1/2 | C73: un | E73: 81782.74 | F73: =D73*E73 -> 0
A74: 5,4,2 | B74: BUJE SOLDADO PVCP 3/4X1/2 | C74: un | E74: 5055.28 | F74: =D74*E74 -> 0
A75: 5,4,3 | B75: VÁLVULA DE CORTINA CON REGISTRO 1/2 | C75: un | E75: 119732.74 | F75: =D75*E75 -> 0
A76: 5,4,4 | B76: REGISTRO DE AGUA TIPO BOLA INCLUYE TAPA Y CAJA Ø 1" | C76: un | E76: 88103.15 | F76: =D76*E76 -> 0
B77: Total INSTALACIONES HIDROSANITARIAS | F77: =SUM(F38:F76) -> 0
A78: 6 | B78: INSTALACIONES ELECTRICAS
A79: 6.01 | B79: DESMONTE Y REINSTALACIÓN DE LUMINARIAS | C79: un | E79: 11151.84 | F79: =D79*E79 -> 0
A80: 6.02 | B80: CAJA 5800 CON TAPA CIEGA | C80: un | E80: 25347.6 | F80: =D80*E80 -> 0
A81: 6.03 | B81: TABLERO TRIFÁSICO 12 CIRCUITOS | C81: un | E81: 302497.32 | F81: =D81*E81 -> 0
A82: 6.04 | B82: SUMINISTRO INST. TAPA INTERRUPTOR DOBLE | C82: un | E82: 21228.92 | F82: =D82*E82 -> 0
A83: 6.1 | B83: ACOMETIDAS, CABLES Y TUBERIAS
A84: 6,1,1 | B84: ACOMETIDA EN CABLE 1N10 Cu AWG PE-HFFR-LS (FASES) + 1N10 Cu AWG PE-HFFR-LS (NEUTRO) + 1N12 Cu AWG (TIERRA), INCLUYE BORNAS DE CONEXIÓN, TERMINALES Y DEMÁS ACCESORIOS NECESARIOS PARA GARANTIZAR SU CORRECTA INSTALACIÓN Y PUESTA EN SERVICIO. | C84: m | E84: 22845.17 | F84: =D84*E84 -> 0
A85: 6,1,2 | B85: ACOMETIDA EN CABLE 3N8 Cu AWG PE-HFFR-LS (FASES) + 1N8 Cu AWG PE-HFFR-LS (NEUTRO) + 1N10 Cu AWG (TIERRA), INCLUYE BORNAS DE CONEXIÓN, TERMINALES Y DEMÁS ACCESORIOS NECESARIOS PARA GARANTIZAR SU CORRECTA INSTALACIÓN Y PUESTA EN SERVICIO. | C85: m | E85: 47253.3 | F85: =D85*E85 -> 0
A86: 6,1,3 | B86: ACOMETIDA EN CABLE 3N10 Cu AWG PE-HFFR-LS (FASES) + 1N10 Cu AWG PE-HFFR-LS (NEUTRO) + 1N12 Cu AWG (TIERRA), INCLUYE BORNAS DE CONEXIÓN, TERMINALES Y DEMÁS ACCESORIOS NECESARIOS PARA GARANTIZAR SU CORRECTA INSTALACIÓN Y PUESTA EN SERVICIO. | C86: m | E86: 34420 | F86: =D86*E86 -> 0
A87: 6,1,4 | B87: ACOMETIDA EN CABLE 1N12 Cu AWG PE-HFFR-LS (FASES) + 1N12 Cu AWG PE-HFFR-LS (NEUTRO) + 1N12 Cu AWG (TIERRA), INCLUYE BORNAS DE CONEXIÓN, TERMINALES Y DEMÁS ACCESORIOS NECESARIOS PARA GARANTIZAR SU CORRECTA INSTALACIÓN Y PUESTA EN SERVICIO. | C87: m | E87: 19065.39 | F87: =D87*E87 -> 0
A88: 6,1,5 | B88: ACOMETIDA EN CABLE 2N4/0 Cu AWG PE-HFFR-LS (FASES) + 1N4/0 Cu AWG PE-HFFR-LS (NEUTRO) + 1N4/0 Cu AWG (TIERRA), INCLUYE BORNAS DE CONEXIÓN, TERMINALES Y DEMÁS ACCESORIOS NECESARIOS PARA GARANTIZAR SU CORRECTA INSTALACIÓN Y PUESTA EN SERVICIO. | C88: m | E88: 418620.34 | F88: =D88*E88 -> 0
A89: 6,1,6 | B89: ACOMETIDA EN CABLE 1N10 Cu AWG PE-HFFR-LS (FASES) + 1N10 Cu AWG PE-HFFR-LS (NEUTRO) + 1N10 Cu AWG (TIERRA), INCLUYE BORNAS DE CONEXIÓN, TERMINALES Y DEMÁS ACCESORIOS NECESARIOS PARA GARANTIZAR SU CORRECTA INSTALACIÓN Y PUESTA EN SERVICIO. | C89: m | E89: 26015.62 | F89: =D89*E89 -> 0
A90: 6,1,7 | B90: PUESTA TIERRA MEDIANTE UNA (01) VARILLAS CW 5/8" COBRE- 99%, INCLUYE EXCAVACION, UN (01) PUNTO DE SOLDADURA EXOTÉRMICA, UNA (01) BOLSAS 25KG DE TRATAMIENTO FISICOQUIMICO DE TERRENO, CAJA DE INSPECCIÓN DE (0,30X0,30)M CON TAPA Y TODO LO NECESARIO PARA SU CORRECTA INSTALACIÓN | C90: un | E90: 549748 | F90: =D90*E90 -> 0
A91: 6,1,8 | B91: CABLE ENCAUCHETADO 3 X NO. 14 AWGXCU INCLUYE TUBERIA EMT ACCESORIOS PARA SU CORRECTA INSTALACIÓN Y PUESTA EN FUNCIONAMIENTO. | C91: m | E91: 17120.95 | F91: =D91*E91 -> 0
A92: 6,1,9 | B92: DUCTERÍA TIPO EMT DE 1 X Ø 3/4" INCLUYE UNIÓN, CURVAS, TERMINALES, CAJAS DE PASO Y TODOS LOS ELEMENTOS NECESARIOS PARA SU CORRECTA INSTALACIÓN Y PUESTA EN FUNCIONAMIENTO | C92: ml | E92: 50106.59 | F92: =D92*E92 -> 0
A93: 6,1,10 | B93: TUBERÍA CONDUIT 3/4 | C93: m | E93: 5933.28 | F93: =D93*E93 -> 0
A94: 6.2 | B94: ILUMINACIÓN
A95: 6,2,1 | B95: INSTALACIÓN LUMINARIA 60X60 LED | C95: un | E95: 113898.25 | F95: =D95*E95 -> 0
A96: 6,2,2 | B96: SUMINISTRO INSTALACIÓN Y PUESTA EN SERVICIO DE LUMINARIA LED REDONDA 24W, INCLUYE CABLEADO (PE, HF, FR, LS, LIBRE DE HALÓGENOS, RETARDANTE A LA LLAMA, BAJA EMI | C96: un | E96: 142742.11 | F96: =D96*E96 -> 0
A97: 6,2,3 | B97: LUMINARIA LED REDONDA 12W, INCLUYE CABLEADO (PE, HF, FR, LS, LIBRE DE HALÓGENOS, RETARDANTE A LA LLAMA, BAJA EMISIÓN DE HUMOS), TUBERÍA PVC 1/2", Y TODOS LOS ACCESORIOS NECESARIOS PARA GARANTIZAR SU CORRECTA INSTALACIÓN Y PUESTA EN SERVICIO | C97: un | E97: 113404.7 | F97: =D97*E97 -> 0
A98: 6,2,4 | B98: LUMINARIA 200W, INCLUYE TODOS LOS ACCESORIOS NECESARIOS PARA GARANTIZAR SU CORRECTA INSTALACIÓN Y PUESTA EN SERVICIO | C98: un | E98: 491487.96 | F98: =D98*E98 -> 0
A99: 6,2,5 | B99: LUMINARIA LED SYLVANIA HERMETICA LED HERMETICA T8, 2X18W, 3200LM, 100-240V, INCLUYE SALIDA EN CABLEADO (PE, HF, FR, LS, LIBRE DE HALÓGENOS, RETARDANTE A LA LLAMA, BAJA EMISIÓN DE HUMOS), TUBERÍA EMT 3/4", CAJA TIPO RAWELT, TORNILLERÍA, TERMINALES, UNIONES | C99: un | E99: 293052.1 | F99: =D99*E99 -> 0
A100: 6,2,6 | B100: LUMINARIA LED SYLVANIA HERMETICA LED HERMETICA T8, 2X18W, 3200LM, 100-240V, INCLUYE TORNILLERÍA, TERMINALES, UNIONES | C100: un | E100: 167360.72 | F100: =D100*E100 -> 0
A101: 6,2,7 | B101: LUMINARIA LED PANEL 120 X 30 40W, INCLUYE ACCESORIOS DE FIJACIÓN Y DE CONEXIÓN Y TODOS LOS ACCESORIOS NECESARIOS PARA GARANTIZAR SU CORRECTA INSTALACIÓN Y PUESTA EN SERVICIO. | C101: un | E101: 171734.4 | F101: =D101*E101 -> 0
...
